Workbook
Name CapFinanciera1: #REF!
Name CapFinanciera2: #REF!
Name CapFinanciera3: #REF!
Name CapFinanciera4: #REF!
Name CapTecnica1: #REF!
Name CapTecnica2: #REF!
Name Experiencia1: #REF!
Name Experiencia2: #REF!
Name Experiencia3: #REF!
Name prueba: #REF!

Sheet PROPUESTA APUS ORDENADOS
A1: ADECUACION DE CRUCES VIALES COMO OBRAS COMPLEMENTARIAS DE SEGURIDAD VIAL EN EL MUNICIPIO DE SAN JOSE DE CUCUTA, DEPARTAMENOR NORTE DE SANTANDER - VIGENCIA 2021.
A2: ESTRUCTURA DEL PRESUPUESTO
A3: Nº | B3: ÍTEM DE PAGO | C3: ESPECIFICACIONES | D3: DESCRIPCIÓN | E3: UND. | F3: CANTIDAD | G3: VALOR UNITARIO | H3: VALOR TOTAL
C4: PARTICULAR
A5: CRUCES VIALES: CALLE 10, AVENIDA 4, CALLE 13, AVENIDA 0 Y CALLE 11, SAN JOSE DE CUCUTA, DEPARTAMENTO DE NORTE DE SANTANDER. | I5: % SOBRE P.O | J5: 0.9303
A6: 1 | B6: PRELIMINARES DE OBRA
A7: APU 1.1 | B7: 1.1 | C7: Esta actividad Consiste en la ubicación del area o las areas a intervenir (Incluye materiales, mano de obra y equipos). | D7: Localizacion y replanteo | E7: M2 | F7: 19703 | G7: 1438 | H7: =+G7*F7 -> 28332914
A8: APU 1.1 | B8: 1.1 | C8: Esta actividad Consiste en la ubicación del area o las areas a intervenir (Incluye materiales, mano de obra y equipos). | D8: Localizacion y replanteo | E8: M2 | F8: 7032 | G8: 1438 | H8: =+G8*F8 -> 10112016
A9: APU 1.1 | B9: 1.1 | C9: Esta actividad Consiste en la ubicación del area o las areas a intervenir las cuales son objeto de la intervencion (Incluye materiales, mano de obra y equipos). | D9: Localizacion y replanteo | E9: M2 | F9: 5796 | G9: 1438 | H9: =ROUND((G9*F9),0) -> 8334648
A10: APU 1.1 | B10: 1.1 | C10: Esta actividad Consiste en la ubicación del area o las areas a intervenir (Incluye materiales, mano de obra y equipos). | D10: Localizacion y replanteo | E10: M2 | F10: 2400 | G10: 1438 | H10: =+G10*F10 -> 3451200
A11: APU 1.1 | B11: 1.1 | C11: Esta actividad Consiste en la ubicación del area o las areas a intervenir las cuales son objeto de la intervencion (Incluye materiales, mano de obra y equipos). | D11: Localizacion y replanteo | E11: M2 | F11: 3177 | G11: 1438 | H11: =ROUND((G11*F11),0) -> 4568526
A12: APU 1.1 | B12: 1.1 | C12: Esta actividad Consiste en la ubicación del area o las areas a intervenir (Incluye materiales, mano de obra y equipos). | D12: Localizacion y replanteo | E12: M2 | F12: 3832 | G12: 1438 | H12: =+G12*F12 -> 5510416
A13: APU 1.1 | B13: 1.1 | C13: Esta actividad Consiste en la ubicación del area o las areas a intervenir (Incluye materiales, mano de obra y equipos). | D13: Localizacion y replanteo | E13: M2 | F13: 4882 | G13: 1438 | H13: =+G13*F13 -> 7020316
A14: APU 1.1 | B14: 1.1 | C14: Esta actividad Consiste en la ubicación del area o las areas a intervenir (Incluye materiales, mano de obra y equipos). | D14: Localizacion y replanteo | E14: M2 | F14: 4134 | G14: 1438 | H14: =+G14*F14 -> 5944692
A15: APU 1.1 | B15: 1.1 | C15: Esta actividad Consiste en la ubicación del area o las areas a intervenir (Incluye materiales, mano de obra y equipos). | D15: Localizacion y replanteo | E15: M2 | F15: 5775 | G15: 1438 | H15: =+G15*F15 -> 8304450 | I15: =SUM(F7:F15) -> 56731 | K15: =SUM(F7:F15) -> 56731
A16: APU 1,2 | B16: 1.3 | C16: Esta Actividad Consite en la Demolicion de las areas identificadas Como Pasos Peatonales (Incluye Materiales, equipos y Mano de Obra) | D16: Demolicion manual en Asfalto | E16: M2 | F16: 390 | G16: 14935 | H16: =+G16*F16 -> 5824650
A17: APU 1,2 | B17: 1.2 | C17: Esta actividad Consiste en la demolicion manual de las areas afecatadas de la calzada para la realizacion de un bacheo (Incluye materiales, mano de obra y equipos). | D17: Demolicion manual en Asfalto | E17: M2 | F17: 386 | G17: 14935 | H17: =+G17*F17 -> 5764910
A18: APU 1,2 | B18: 1.2 | C18: Esta actividad Consiste en la demolicion manual de la interseccion a cancelar para la construccion de el anden de separacion (Incluye materiales, mano de obra y equipos). | D18: Demolicion manual en Asfalto | E18: M2 | F18: 99 | G18: 14935 | H18: =ROUND((G18*F18),0) -> 1478565
A19: APU 1,2 | B19: 1.2 | C19: Esta actividad Consiste en la demolicion manual de las areas afecatadas de la calzada para la realizacion de un bacheo (Incluye materiales, mano de obra y equipos). | D19: Demolicion manual en Asfalto | E19: M2 | F19: 209 | G19: 14935 | H19: =+G19*F19 -> 3121415
A20: APU 1,2 | B20: 1.2 | C20: Esta actividad Consiste en la demolicion manual de las areas afecatadas de la calzada para la realizacion de un bacheo (Incluye materiales, mano de obra y equipos). | D20: Demolicion manual en Asfalto para Bacheo | E20: M2 | F20: 482 | G20: 14935 | H20: =+G20*F20 -> 7198670
A21: APU 1,2 | B21: 1.2 | C21: Esta actividad Consiste en la demolicion manual de las areas afecatadas de la calzada para la realizacion de un bacheo (Incluye materiales, mano de obra y equipos). | D21: Demolicion manual en Asfalto para Bacheo | E21: M2 | F21: 110 | G21: 14935 | H21: =+G21*F21 -> 1642850
A22: APU 1,2 | B22: 1.2 | C22: Esta actividad Consiste en la demolicion manual de las areas afecatadas de la calzada para la realizacion de un bacheo (Incluye materiales, mano de obra y equipos). | D22: Demolicion manual en Asfalto para Bacheo | E22: M2 | F22: 88 | G22: 14935 | H22: =+G22*F22 -> 1314280 | K22: =SUM(F16:F22) -> 1764
A23: APU 1.3 | B23: 1.2 | C23: Esta actividad consiste en el corte de las areas identificadas Como zonas peatonales (Incluye Materiales, equipos y Mano de Obra) | D23: Corte de Pavimento en Asfalto | E23: ML | F23: 378 | G23: 7660 | H23: =+G23*F23 -> 2895480
A24: APU 1.3 | B24: 1.3 | C24: Esta actividad Consiste en el corte de las areas afecatadas de la calzada para la realizacion de un bacheo y zonas peatonales (Incluye materiales, mano de obra y equipos). | D24: Corte de Pavimento en Asfalto | E24: ML | F24: 370 | G24: 7660 | H24: =+G24*F24 -> 2834200
A25: APU 1,3 | B25: 1.3 | C25: Esta actividad Consiste en el corte de las areas a demoler de pavimento para la construccion del anden para la cancelacion de la interseccion (Incluye materiales, mano de obra y equipos). | D25: Corte de Pavimento | E25: ML | F25: 79 | G25: 7660 | H25: =ROUND((G25*F25),0) -> 605140
A26: APU 1,3 | B26: 1.3 | C26: Esta actividad Consiste en el corte de las areas afecatadas de la calzada para la realizacion de un bacheo (Incluye materiales, mano de obra y equipos). | D26: Corte de Pavimento en Asfalto | E26: ML | F26: 330 | G26: 7660 | H26: =+G26*F26 -> 2527800
A27: APU 1,3 | B27: 1.3 | C27: Esta actividad Consiste en el corte de las areas afecatadas de la calzada para la realizacion de un bacheo (Incluye materiales, mano de obra y equipos). | D27: Corte de Pavimento en Asfalto para Bacheo | E27: ML | F27: 512 | G27: 7660 | H27: =+G27*F27 -> 3921920
A28: APU 1,3 | B28: 1.3 | C28: Esta actividad Consiste en el corte de las areas afecatadas de la calzada para la realizacion de un bacheo (Incluye materiales, mano de obra y equipos). | D28: Corte de Pavimento en Asfalto para Bacheo | E28: ML | F28: 220 | G28: 7660 | H28: =+G28*F28 -> 1685200
A29: APU 1,3 | B29: 1.3 | C29: Esta actividad Consiste en el corte de las areas afecatadas de la calzada para la realizacion de un bacheo (Incluye materiales, mano de obra y equipos). | D29: Corte de Pavimento en Asfalto para Bacheo | E29: ML | F29: 176 | G29: 7660 | H29: =+G29*F29 -> 1348160 | K29: =SUM(F23:F29) -> 2065
A30: APU 1,4 | B30: 1.4 | C30: Esta actividad Coniste en la demolicion de unos tramos del bordillo exetente con e objetivo de amarrar y traslapar para la contruccion del nuevo bordillo | D30: Demolicion de Bordillo en Concreto | E30: ML | F30: 9 | G30: 4792 | H30: =ROUND((G30*F30),0) -> 43128 | K30: =+F30 -> 9
A31: 2 | B31: EXCAVACIONES
A32: APU 2,1 | B32: 2.1 | C32: Esta actividad consiste en la excavacion en las areas peatonales para conformar la estructura del adoquin (Incluye Materiales, equipos y Mano de Obra) | D32: Excavacionn Manual sin Clasificar | E32: M3 | F32: 39 | G32: 49327 | H32: =+G32*F32 -> 1923753
A33: APU 2,1 | B33: 2.1 | C33: Esta actividad consiste en la excavaciond e la estructura del pavimento necesaria para el bacheo y zonas peatonales sobre el area a intervenir (Incluye materiales, mano de obra y equipos). | D33: Excavacion Manual sin clasificar | E33: M3 | F33: 46 | G33: 49327 | H33: =+G33*F33 -> 2269042
A34: APU 2,1 | B34: 2.1 | C34: Esta actividad Consiste en la Excavacion del area donde se construira los andenes (Incluye materiales, mano de obra y equipos). | D34: Excavacion Manual sin Clasificar | E34: M3 | F34: 4 | G34: 49327 | H34: =ROUND((G34*F34),0) -> 197308
A35: APU 2,1 | B35: 2.1 | C35: Esta actividad consiste en la excavacion en las areas peatonales para conformar la estructura del adoquin (Incluye Materiales, equipos y Mano de Obra) | D35: Excavacionn Manual sin Clasificar | E35: M3 | F35: 47 | G35: 49327 | H35: =+G35*F35 -> 2318369
A36: APU 2,1 | B36: 2.1 | C36: Esta actividad consiste en la excavacion en las areas peatonales para conformar la estructura del adoquin (Incluye Materiales, equipos y Mano de Obra) | D36: Excavacionn Manual sin Clasificar | E36: M3 | F36: 59 | G36: 49327 | H36: =+G36*F36 -> 2910293
A37: APU 2,1 | B37: 3.1 | C37: Esta actividad consiste en la excavaciond e la estructura del pavimento necesaria para el bacheo sobre el area a intervenir (Incluye materiales, mano de obra y equipos). | D37: Excavacion Manual sin clasificar | E37: M3 | F37: 34 | G37: 49327 | H37: =+G37*F37 -> 1677118
A38: APU 2,1 | B38: 3.1 | C38: Esta actividad consiste en la excavaciond e la estructura del pavimento necesaria para el bacheo sobre el area a intervenir (Incluye materiales, mano de obra y equipos). | D38: Excavacion Manual sin clasificar | E38: M3 | F38: 23 | G38: 49327 | H38: =+G38*F38 -> 1134521 | K38: =SUM(F32:F38) -> 252
A39: APU 2,2 | B39: 2.2 | C39: Esta actividad consiste en la adecuacion del area demolida para la intalacion del elemento correspondiente (Incluye Materiales, equipos y Mano de Obra) | D39: Conformacion de la superficie existente | E39: M3 | F39: 390 | G39: 2033 | H39: =+G39*F39 -> 792870
A40: APU 2,2 | B40: 2.2 | C40: Esta actividad consiste en la adecuacion del area demolida para la intalacion del elemento correspondiente (Incluye Materiales, equipos y Mano de Obra) | D40: Conformacion de la superficie existente | E40: M3 | F40: 386 | G40: 2033 | H40: =+G40*F40 -> 784738
A41: APU 2,2 | B41: 2.2 | C41: Esta actividad consiste en la adecuacion del area demolida para la intalacion del elemento correspondiente (Incluye Materiales, equipos y Mano de Obra) | D41: Conformacion de la superficie existente | E41: M3 | F41: 209 | G41: 2033 | H41: =+G41*F41 -> 424897
A42: APU 2,2 | B42: 2.2 | C42: Esta actividad consiste en la adecuacion del area demolida para la intalacion del elemento correspondiente (Incluye Materiales, equipos y Mano de Obra) | D42: Conformacion de la superficie existente | E42: M3 | F42: 482 | G42: 2033 | H42: =+G42*F42 -> 979906 | K42: =SUM(F39:F42) -> 1467
A43: 3 | B43: ESTRUCTURAS
A44: APU 3,1 | B44: 3.1 | C44: Esta actividad consiste en la instalacion de ante piso para la instalacion de losas tactiles en el inicio de las zonas peatonales en adoquin (Incluye Materiales, equipos y Mano de Obra) | D44: Antepiso e= 0,05 para instalacion losa Tactil | E44: M2 | F44: 38 | G44: 44308 | H44: =+G44*F44 -> 1683704
A45: APU 3,1 | B45: 3.1 | C45: Esta actividad consiste en la instalacion de ante piso para la instalacion de losas tactiles en el inicio de las zonas peatonales en adoquin (Incluye Materiales, equipos y Mano de Obra) | D45: Antepiso e= 0,05 para instalacion losa Tactil | E45: M2 | F45: 20 | G45: 44308 | H45: =+G45*F45 -> 886160
A46: APU 3,1 | B46: 3.1 | C46: Esta actividad consiste en la instalacion de ante piso para la instalacion de losas tactiles en el inicio de las zonas peatonales en adoquin (Incluye Materiales, equipos y Mano de Obra) | D46: Antepiso e= 0,05 para instalacion losa Tactil | E46: M2 | F46: 8 | G46: 44308 | H46: =+G46*F46 -> 354464
A47: APU 3,1 | B47: 3.1 | C47: Esta actividad consiste en la instalacion de ante piso para la instalacion de losas tactiles en el inicio de las zonas peatonales en adoquin (Incluye Materiales, equipos y Mano de Obra) | D47: Antepiso e= 0,05 para instalacion losa Tactil | E47: M2 | F47: 8 | G47: 44308 | H47: =+G47*F47 -> 354464 | K47: =SUM(F44:F47) -> 74
A48: APU 3,2 | B48: 3.2 | C48: Esta actividad consiste en la instalacion de losas losas tactiles en el inicio de las zonas peatonales en adoquin (Incluye Materiales, equipos y Mano de Obra) | D48: Suminsitro e Instalacion de Losa Tactil | E48: M2 | F48: 38 | G48: 108817 | H48: =+G48*F48 -> 4135046
A49: APU 3,2 | B49: 3.2 | C49: Esta actividad consiste en la instalacion de losas losas tactiles en el inicio de las zonas peatonales en adoquin (Incluye Materiales, equipos y Mano de Obra) | D49: Suminsitro e Instalacion de Losa Tactil | E49: M2 | F49: 20 | G49: 108817 | H49: =+G49*F49 -> 2176340
A50: APU 3,2 | B50: 3.2 | C50: Esta actividad consiste en la instalacion de losas losas tactiles en el inicio de las zonas peatonales en adoquin (Incluye Materiales, equipos y Mano de Obra) | D50: Suminsitro e Instalacion de Losa Tactil | E50: M2 | F50: 8 | G50: 108817 | H50: =+G50*F50 -> 870536
A51: APU 3,2 | B51: 3.2 | C51: Esta actividad consiste en la instalacion de losas losas tactiles en el inicio de las zonas peatonales en adoquin (Incluye Materiales, equipos y Mano de Obra) | D51: Suminsitro e Instalacion de Losa Tactil | E51: M2 | F51: 8 | G51: 108817 | H51: =+G51*F51 -> 870536 | K51: =SUM(F48:F51) -> 74
A52: APU 3,3 | B52: 3.3 | C52: Esta actividad consiste en la instalacion del adoquin de acuerdo a lo establecido en la actividad y APU (Incluye Materiales, equipos y Mano de Obra) | D52: Adoquín en arcilla 6 cm incluye arena de soporte y sellado | E52: M2 | F52: 372 | G52: 137730 | H52: =+G52*F52 -> 51235560
A53: APU 3,3 | B53: 3.3 | C53: Esta actividad consiste en la instalacion del adoquin de acuerdo a lo establecido en la actividad y APU (Incluye Materiales, equipos y Mano de Obra) | D53: Adoquín en arcilla 6 cm incluye arena de soporte y sellado | E53: M2 | F53: 198 | G53: 137730 | H53: =+G53*F53 -> 27270540
A54: APU 3,3 | B54: 3.3 | C54: Esta actividad consiste en la instalacion del adoquin de acuerdo a lo establecido en la actividad y APU (Incluye Materiales, equipos y Mano de Obra) | D54: Adoquín en arcilla 6 cm incluye arena de soporte y sellado | E54: M2 | F54: 82 | G54: 137730 | H54: =+G54*F54 -> 11293860
A55: APU 3,3 | B55: 3.3 | C55: Esta actividad consiste en la instalacion del adoquin de acuerdo a lo establecido en la actividad y APU (Incluye Materiales, equipos y Mano de Obra) | D55: Adoquín en arcilla 6 cm incluye arena de soporte y sellado | E55: M2 | F55: 82 | G55: 137730 | H55: =+G55*F55 -> 11293860 | K55: =SUM(F52:F55) -> 734
A56: APU 3,4 | B56: 3.4 | C56: Esta actividad consiste en la instalacion del adoquin de acuerdo a lo establecido en la actividad y APU (Incluye Materiales, equipos y Mano de Obra) | D56: Bordillo Confinamiento en concreto (incluye refuerzo) | E56: ML | F56: 248 | G56: 30710 | H56: =+G56*F56 -> 7616080
A57: APU 3,4 | B57: 3.4 | C57: Esta actividad consiste en la instalacion del adoquin de acuerdo a lo establecido en la actividad y APU (Incluye Materiales, equipos y Mano de Obra) | D57: Bordillo Confinamiento en concreto (incluye refuerzo) | E57: ML | F57: 396 | G57: 30710 | H57: =+G57*F57 -> 12161160
A58: APU 3,4 | B58: 3.4 | C58: Esta actividad consiste en la instalacion del adoquin de acuerdo a lo establecido en la actividad y APU (Incluye Materiales, equipos y Mano de Obra) | D58: Bordillo Confinamiento en concreto (incluye refuerzo) | E58: ML | F58: 55 | G58: 30710 | H58: =+G58*F58 -> 1689050
A59: APU 3,4 | B59: 3.4 | C59: Esta actividad consiste en la instalacion del adoquin de acuerdo a lo establecido en la actividad y APU (Incluye Materiales, equipos y Mano de Obra) | D59: Bordillo Confinamiento en concreto (incluye refuerzo) | E59: ML | F59: 55 | G59: 30710 | H59: =+G59*F59 -> 1689050 | K59: =SUM(F56:F59) -> 754
A60: APU 3,5 | B60: 2.2 | C60: Esta actividad Consiste en el relleno con material estable para relleno en medio de los bordilos nivelados con las zonas existentes (Incluye materiales, mano de obra y equipos). | D60: Relleno para estructuras | E60: M3 | F60: 35 | G60: 109735 | H60: =ROUND((G60*F60),0) -> 3840725 | K60: =+F60 -> 35
A61: APU 3,6 | B61: 3.2 | C61: Esta actividad consiste en el suminsitro e instalacion de la Sub base Granular para Bacheo sobre el area a intervenir (Incluye materiales, mano de obra y equipos). | D61: Sub base Granular para Bacheo | E61: M3 | F61: 16 | G61: 71734 | H61: =+G61*F61 -> 1147744
A62: APU 3,6 | B62: 5.1 | C62: Esta actividad consiste en el suminsitro e instalacion de la Sub base Granular para Bacheo sobre el area a intervenir (Incluye materiales, mano de obra y equipos). | D62: Sub base Granular para Bacheo | E62: M3 | F62: 22 | G62: 71734 | H62: =+G62*F62 -> 1578148
A63: APU 3,6 | B63: 5.1 | C63: Esta actividad consiste en el suminsitro e instalacion de la Sub base Granular para Bacheo sobre el area a intervenir (Incluye materiales, mano de obra y equipos). | D63: Sub base Granular para Bacheo | E63: M3 | F63: 31 | G63: 71734 | H63: =+G63*F63 -> 2223754
A64: APU 3,6 | B64: 3.2 | C64: Esta actividad consiste en el suminsitro e instalacion de la Sub base Granular para Bacheo sobre el area a intervenir (Incluye materiales, mano de obra y equipos). | D64: Sub base Granular para Bacheo | E64: M3 | F64: 23 | G64: 71734 | H64: =+G64*F64 -> 1649882
A65: APU 3,6 | B65: 3.2 | C65: Esta actividad consiste en el suminsitro e instalacion de la Sub base Granular para Bacheo sobre el area a intervenir (Incluye materiales, mano de obra y equipos). | D65: Sub base Granular para Bacheo | E65: M3 | F65: 16 | G65: 71734 | H65: =+G65*F65 -> 1147744 | K65: =SUM(F61:F65) -> 108
A66: APU 3,7 | B66: 3.3 | C66: Esta actividad consiste en el suminsitro e instalacion del Riego de Imprimacion con emeulsion Asfaltica para Bacheo sobre el area a intervenir (Incluye materiales, mano de obra y equipos). | D66: Riego de Imprimacion con emeulsion Asfaltica | E66: M2 | F66: 104 | G66: 6105 | H66: =+G66*F66 -> 634920
A67: APU 3,7 | B67: 5.2 | C67: Esta actividad consiste en el suminsitro e instalacion del Riego de Imprimacion con emeulsion Asfaltica para Bacheo sobre el area a intervenir (Incluye materiales, mano de obra y equipos). | D67: Riego de Imprimacion con emeulsion Asfaltica | E67: M2 | F67: 146 | G67: 6105 | H67: =+G67*F67 -> 891330
A68: APU 3,7 | B68: 5.2 | C68: Esta actividad consiste en el suminsitro e instalacion del Riego de Imprimacion con emeulsion Asfaltica para Bacheo sobre el area a intervenir (Incluye materiales, mano de obra y equipos). | D68: Riego de Imprimacion con emeulsion Asfaltica | E68: M2 | F68: 208 | G68: 6105 | H68: =+G68*F68 -> 1269840
A69: APU 3,7 | B69: 3.3 | C69: Esta actividad consiste en el suminsitro e instalacion del Riego de Imprimacion con emeulsion Asfaltica para Bacheo sobre el area a intervenir (Incluye materiales, mano de obra y equipos). | D69: Riego de Imprimacion con emeulsion Asfaltica | E69: M2 | F69: 156 | G69: 6105 | H69: =+G69*F69 -> 952380
A70: APU 3,7 | B70: 3.3 | C70: Esta actividad consiste en el suminsitro e instalacion del Riego de Imprimacion con emeulsion Asfaltica para Bacheo sobre el area a intervenir (Incluye materiales, mano de obra y equipos). | D70: Riego de Imprimacion con emeulsion Asfaltica | E70: M2 | F70: 104 | G70: 6105 | H70: =+G70*F70 -> 634920 | K70: =SUM(F66:F70) -> 718
A71: APU 3,8 | B71: 3.4 | C71: Esta actividad consiste en el Suministro e Intalacion Mezcla densa en Caliente MDC 19 - para bacheo sobre el area a intervenir (Incluye materiales, mano de obra y equipos). | D71: Suministro e Intalacion Mezcla densa en Caliente MDC 19 - para bacheo | E71: M3 | F71: 12 | G71: 592025 | H71: =+G71*F71 -> 7104300
A72: APU 3,8 | B72: 5.3 | C72: Esta actividad consiste en el Suministro e Intalacion Mezcla densa en Caliente MDC 19 - para bacheo sobre el area a intervenir (Incluye materiales, mano de obra y equipos). | D72: Suministro e Intalacion Mezcla densa en Caliente MDC 19 - para bacheo | E72: M3 | F72: 17 | G72: 592025 | H72: =+G72*F72 -> 10064425
A73: APU 3,8 | B73: 5.3 | C73: Esta actividad consiste en el Suministro e Intalacion Mezcla densa en Caliente MDC 19 - para bacheo sobre el area a intervenir (Incluye materiales, mano de obra y equipos). | D73: Suministro e Intalacion Mezcla densa en Caliente MDC 19 - para bacheo | E73: M3 | F73: 25 | G73: 592025 | H73: =+G73*F73 -> 14800625
A74: APU 3,8 | B74: 3.4 | C74: Esta actividad consiste en el Suministro e Intalacion Mezcla densa en Caliente MDC 19 - para bacheo sobre el area a intervenir (Incluye materiales, mano de obra y equipos). | D74: Suministro e Intalacion Mezcla densa en Caliente MDC 19 - para bacheo | E74: M3 | F74: 19 | G74: 592025 | H74: =+G74*F74 -> 11248475
A75: APU 3,8 | B75: 3.4 | C75: Esta actividad consiste en el Suministro e Intalacion Mezcla densa en Caliente MDC 19 - para bacheo sobre el area a intervenir (Incluye materiales, mano de obra y equipos). | D75: Suministro e Intalacion Mezcla densa en Caliente MDC 19 - para bacheo | E75: M3 | F75: 12 | G75: 592025 | H75: =+G75*F75 -> 7104300 | K75: =SUM(F71:F75) -> 85
A76: APU 3,9 | B76: 4.1 | C76: Esta actividad Consisten la construccionde un bordillo prefabircado (Incluye materiales, mano de obra y equipos). | D76: Bordillo de piezas prefabricadas de concreto; incluye la preparacion de la superficie de apoyo | E76: M2 | F76: 29 | G76: 104428 | H76: =ROUND((G76*F76),0) -> 3028412 | K76: =+F76 -> 29
A77: APU 3,10 | B77: 4.2 | C77: Esta actividad Consisten en el Suministro e Intalacion del refuerzo entre la estructura prefabricada de los bordillos (Incluye materiales, mano de obra y equipos). | D77: Acero de Refuerzo Fy 4200 MPa. | E77: Kg | F77: 105 | G77: 8438 | H77: =ROUND((G77*F77),0) -> 885990 | K77: =+F77 -> 105
A78: 4 | B78: DEMARCACION Y SEÑALIZACION VIAL
A79: APU 4,1 | B79: 4.1 | C79: Esta actividad Consisten en la demarcacion vial que se encuentra desgastaba sobre el area a intervenir (Incluye materiales, mano de obra y equipos). | D79: Linea de Demarcacion vial con Pintura Trafico - plastico en frio (Ancho 12 Cm) | E79: ML | F79: 9788 | G79: 5599 | H79: =+G79*F79 -> 54803012
A80: APU 4,1 | B80: 4.1 | C80: Esta actividad Consisten en la demarcacion vial que se encuentra desgastaba sobre el area a intervenir (Incluye materiales, mano de obra y equipos). | D80: Linea de Demarcacion vial con Pintura Trafico (Ancho 12 Cm) | E80: ML | F80: 3069 | G80: 5599 | H80: =+G80*F80 -> 17183331
A81: APU 4,1 | B81: 2.1 | C81: Esta actividad Consisten en la demarcacion vial que se encuentra desgastaba sobre el area a intervenir (Incluye materiales, mano de obra y equipos). | D81: Linea de Demarcacion vial con Pintura Trafico - Plastico en frio (Ancho 12 Cm) | E81: ML | F81: 3234 | G81: 5599 | H81: =ROUND((G81*F81),0) -> 18107166
A82: APU 4,1 | B82: 3.1 | C82: Esta actividad Consisten en la demarcacion vial que se encuentra desgastaba sobre el area a intervenir (Incluye materiales, mano de obra y equipos). | D82: Linea de Demarcacion vial con Pintura Trafico - Plastico en frio (Ancho 12 Cm) | E82: ML | F82: 3189 | G82: 5599 | H82: =ROUND((G82*F82),0) -> 17855211
A83: APU 4,1 | B83: 2.1 | C83: Esta actividad Consisten en la demarcacion vial que se encuentra desgastaba sobre el area a intervenir (Incluye materiales, mano de obra y equipos). | D83: Linea de Demarcacion vial con Pintura Trafico - Plastico en frio (Ancho 12 Cm) | E83: ML | F83: 2556 | G83: 5599 | H83: =+G83*F83 -> 14311044
A84: APU 4,1 | B84: 4.1 | C84: Esta actividad Consisten en la demarcacion vial que se encuentra desgastaba sobre el area a intervenir (Incluye materiales, mano de obra y equipos). | D84: Linea de Demarcacion vial con Pintura Trafico - Plastico en frio (Ancho 12 Cm) | E84: ML | F84: 4234 | G84: 5599 | H84: =+G84*F84 -> 23706166
A85: APU 4,1 | B85: 4.1 | C85: Esta actividad Consisten en la demarcacion vial que se encuentra desgastaba sobre el area a intervenir (Incluye materiales, mano de obra y equipos). | D85: Linea de Demarcacion vial con Pintura Trafico - Plastico en frio (Ancho 12 Cm) | E85: ML | F85: 5434 | G85: 5599 | H85: =+G85*F85 -> 30424966
A86: APU 4,1 | B86: 2.1 | C86: Esta actividad Consisten en la demarcacion vial que se encuentra desgastaba sobre el area a intervenir (Incluye materiales, mano de obra y equipos). | D86: Linea de Demarcacion vial con Pintura Trafico - Plastico en frio (Ancho 12 Cm) | E86: ML | F86: 2253 | G86: 5599 | H86: =+G86*F86 -> 12614547
A87: APU 4,1 | B87: 2.1 | C87: Esta actividad Consisten en la demarcacion vial que se encuentra desgastaba sobre el area a intervenir (Incluye materiales, mano de obra y equipos). | D87: Linea de Demarcacion vial con Pintura Trafico - Plastico en frio (Ancho 12 Cm) | E87: ML | F87: 2464 | G87: 5599 | H87: =+G87*F87 -> 13795936 | K87: =SUM(F79:F87) -> 36221
A88: APU 4,2 | B88: 4.2 | C88: Esta actividad Consisten en la demarcacion vial que se encuentra desgastaba sobre el area a intervenir (Incluye materiales, mano de obra y equipos). | D88: Suministro e Instalacion acabado de color (Artistico) | E88: M2 | F88: 695 | G88: 43670 | H88: =+G88*F88 -> 30350650
A89: APU 4,2 | B89: 2.2 | C89: Esta actividad Consisten en la demarcacion vial que se encuentra desgastaba sobre el area a intervenir (Incluye materiales, mano de obra y equipos). | D89: Suministro e Instalacion acabado de color (Artistico) | E89: M2 | F89: 462 | G89: 43670 | H89: =+G89*F89 -> 20175540 | K89: =SUM(F88:F89) -> 1157
A90: APU 4,3 | B90: 4.3 | C90: Esta actividad Consisten en la demarcacion de piso de la delimitacion de la velocidad sobre el area a intervenir (Incluye materiales, mano de obra y equipos). | D90: Marca Vial con Pintura Trafico para demarcacion delimitacion de Velocidad. | E90: M2 | F90: 100 | G90: 46345 | H90: =+G90*F90 -> 4634500
A91: APU 4,3 | B91: 3.2 | C91: Esta actividad Consisten en la demarcacion de piso de la delimitacion de la velocidad desgastaba sobre el area a intervenir (Incluye materiales, mano de obra y equipos). | D91: Marca Vial con Pintura Trafico para demarcacion delimitacion de Velocidad. | E91: M2 | F91: 69 | G91: 46345 | H91: =ROUND((G91*F91),0) -> 3197805
A92: APU 4,3 | B92: 2.3 | C92: Esta actividad Consisten en la demarcacion de piso de la delimitacion de la velocidad desgastaba sobre el area a intervenir (Incluye materiales, mano de obra y equipos). | D92: Marca Vial con Pintura Trafico para demarcacion delimitacion de Velocidad. | E92: M2 | F92: 35 | G92: 46345 | H92: =ROUND((G92*F92),0) -> 1622075
A93: APU 4,3 | B93: 4.5 | C93: Esta actividad Consisten en la demarcacion de piso de la delimitacion de la velocidad sobre el area a intervenir (Incluye materiales, mano de obra y equipos). | D93: Marca Vial con Pintura Trafico para demarcacion delimitacion de Velocidad. | E93: M2 | F93: 33 | G93: 46345 | H93: =+G93*F93 -> 1529385
A94: APU 4,3 | B94: 2.3 | C94: Esta actividad Consisten en la demarcacion de piso de la delimitacion de la velocidad sobre el area a intervenir (Incluye materiales, mano de obra y equipos). | D94: Marca Vial con Pintura Trafico para demarcacion delimitacion de Velocidad. | E94: M2 | F94: 31 | G94: 46345 | H94: =+G94*F94 -> 1436695
A95: APU 4,3 | B95: 4.3 | C95: Esta actividad Consisten en la demarcacion de piso de la delimitacion de la velocidad sobre el area a intervenir (Incluye materiales, mano de obra y equipos). | D95: Marca Vial con Pintura Trafico para demarcacion delimitacion de Velocidad. | E95: M2 | F95: 26 | G95: 46345 | H95: =+G95*F95 -> 1204970
A96: APU 4,3 | B96: 4.4 | C96: Esta actividad Consisten en la demarcacion de piso de la delimitacion de la velocidad sobre el area a intervenir (Incluye materiales, mano de obra y equipos). | D96: Marca Vial con Pintura Trafico para demarcacion delimitacion de Velocidad. | E96: M2 | F96: 99 | G96: 46345 | H96: =+G96*F96 -> 4588155
A97: APU 4,3 | B97: 2.4 | C97: Esta actividad Consisten en la demarcacion de piso de la delimitacion de la velocidad sobre el area a intervenir (Incluye materiales, mano de obra y equipos). | D97: Marca Vial con Pintura Trafico para demarcacion delimitacion de Velocidad. | E97: M2 | F97: 198 | G97: 46345 | H97: =+G97*F97 -> 9176310
A98: APU 4,3 | B98: 2.5 | C98: Esta actividad Consisten en la demarcacion de piso de la delimitacion de la velocidad sobre el area a intervenir (Incluye materiales, mano de obra y equipos). | D98: Marca Vial con Pintura Trafico para demarcacion delimitacion de Velocidad. | E98: M2 | F98: 13 | G98: 46345 | H98: =+G98*F98 -> 602485 | K98: =SUM(F90:F98) -> 604
A99: APU 4,4 | B99: 4.4 | C99: Esta actividad Consisten en la demarcacion de piso en la orientaciion vehicular sobre el area a intervenir (Incluye materiales, mano de obra y equipos). | D99: Marca Vial con Pintura Trafico para demarcacion felchas de orientacion Vehicular. | E99: M2 | F99: 143 | G99: 46345 | H99: =+G99*F99 -> 6627335
A100: APU 4,4 | B100: 4.4 | C100: Esta actividad Consisten en la demarcacion de piso en la orientaciion vehicular sobre el area a intervenir (Incluye materiales, mano de obra y equipos). | D100: Marca Vial con Pintura Trafico para demarcacion felchas de orientacion Vehicular. | E100: M2 | F100: 83 | G100: 46345 | H100: =+G100*F100 -> 3846635
...

Sheet APU 1,1
A2: ANALISIS DE PRECIOS UNITARIOS
A5: ÍTEM | B5: DESCRIPCIÓN | G5: UNIDAD | I5: CANTIDAD
A6: 1.1 | B6: Localizacion y replanteo | G6: M2 | I6: =+'PROPUESTA CONSORCIO'!F7+'PROPUESTA CONSORCIO'!F40+'PROPUESTA CONSORCIO'!F80+'PROPUESTA CONSORCIO'!F96+'PROPUESTA CONSORCIO'!F121+'PROPUESTA CONSORCIO'!F140+'PROPUESTA CONSORCIO'!F178+'PROPUESTA CONSORCIO'!F217+'PROPUESTA CONSORCIO'!F248 -> 56731
A7: I. EQUIPO
A8: DESCRIPCIÓN | C8: UNIDAD | D8: TIPO | F8: TARIFA/HORA | G8: RENDIMIENTO | I8: Vr. UNITARIO
A9: Herramienta menor: 5% Vr. M.O | C9: % | D9: ------------- | F9: =+I30 -> 628.97 | G9: 0.05 | I9: =+F9*G9 -> 31.45
A10: Equipo estacion | C10: De | F10: 111485 | G10: 0.004 | I10: =+F10*G10 -> 445.94
A12: SUBTOTAL $ | I12: =SUM(I9:I11) -> 477.39
A13: II. MATERIALES
A14: DESCRIPCIÓN | E14: UNIDAD | F14: CANTIDAD | G14: PRECIO UNIT. | I14: Vr. UNITARIO
A18: SUBTOTAL $ | I18: =SUM(I15:I17) -> 0
A19: III. TRANSPORTES
A20: MATERIAL | D20: VOL. o PESO | E20: DISTANCIA | F20: M3 o Ton/Km | G20: TARIFA | I20: Vr. UNITARIO
A23: SUBTOTAL $
A24: IV. MANO DE OBRA
A25: TRABAJADOR | D25: JORNAL | E25: PRESTACIONES | F25: JORNAL TOTAL | G25: RENDIMIENTO | I25: Vr. UNITARIO
A26: 1 Topografo | D26: 93275 | E26: 68753 | F26: =+E26+D26 -> 162028 | G26: 435.76 | I26: =+F26/G26 -> 371.83
A27: 2 Cadeneros | D27: 60568 | E27: 51482.8 | F27: =+E27+D27 -> 112050.8 | G27: =+G26 -> 435.76 | I27: =+F27/G27 -> 257.14
A30: SUBTOTAL $ | I30: =SUM(I26:I29) -> 628.97
A32: TOTAL COSTO DIRECTO $ | I32: =+I12+I18+I23+I30 -> 1106.36
A33: V. COSTOS INDIRECTOS
A34: DESCRIPCIÓN | F34: PORCENTAJE | G34: VALOR TOTAL
A35: ADMINISTRACION | F35: 0.25 | G35: =+I32 -> 1106.36 | I35: =+G35*F35 -> 276.59
A36: IMPREVISTOS | F36: 0 | G36: =+I32 -> 1106.36 | I36: =+G36*F36 -> 0
A37: UTILIDAD | F37: 0.05 | G37: =+I32 -> 1106.36 | I37: =+G37*F37 -> 55.32
A38: SUBTOTAL $ | I38: =SUM(I35:I37) -> 331.91
A40: PRECIO UNITARIO TOTAL APROCIMADO AL PESO $ | I40: =+ROUND(I32+I38,0) -> 1438
J41: =+'PROPUESTA CONSORCIO'!G7 -> 1438 | K41: =+J41-I40 -> 0

Sheet APU 1,2
A2: ANALISIS DE PRECIOS UNITARIOS
A5: ÍTEM | B5: DESCRIPCIÓN | G5: UNIDAD | I5: CANTIDAD
A6: 1.2 | B6: Demolicion manual en Asfalto para Bacheo | G6: M2 | I6: =+'PROPUESTA CONSORCIO'!F9+'PROPUESTA CONSORCIO'!F41+'PROPUESTA CONSORCIO'!F97+'PROPUESTA CONSORCIO'!F141+'PROPUESTA CONSORCIO'!F179+'PROPUESTA CONSORCIO'!F218+'PROPUESTA CONSORCIO'!F249 -> 1764
A7: I. EQUIPO
A8: DESCRIPCIÓN | C8: UNIDAD | D8: TIPO | F8: TARIFA/HORA | G8: RENDIMIENTO | I8: Vr. UNITARIO
A9: Herramienta menor: 5% Vr. M.O | C9: % | D9: ------------- | F9: =+I30 -> 7855.3 | G9: 0.05 | I9: =+G9*F9 -> 392.77
A10: Martillo demoledor | C10: Hm | D10: ------------- | F10: 94000 | G10: 29.0069 | I10: =+F10/G10 -> 3240.61
A12: SUBTOTAL $ | I12: =SUM(I9:I11) -> 3633.38
A13: II. MATERIALES
A14: DESCRIPCIÓN | E14: UNIDAD | F14: CANTIDAD | G14: PRECIO UNIT. | I14: Vr. UNITARIO
A18: SUBTOTAL $ | I18: =SUM(I15:I17) -> 0
A19: III. TRANSPORTES
A20: MATERIAL | D20: VOL. o PESO | E20: DISTANCIA | F20: M3 o Ton/Km | G20: TARIFA | I20: Vr. UNITARIO
A23: SUBTOTAL $
A24: IV. MANO DE OBRA
A25: TRABAJADOR | D25: JORNAL | E25: PRESTACIONES | F25: JORNAL TOTAL | G25: RENDIMIENTO | I25: Vr. UNITARIO
A26: 2 Ayudante de contruccion | D26: 60568 | E26: 51482.8 | F26: 112050.8 | G26: =+G10 -> 29.0069 | I26: =+F26/G26 -> 3862.9
A27: 1 Oficial de Contruccion | D27: 66667 | E27: 49140.25 | F27: 115807.25 | G27: =+G26 -> 29.0069 | I27: =+F27/G27 -> 3992.4
A30: SUBTOTAL $ | I30: =SUM(I26:I29) -> 7855.3
A32: TOTAL COSTO DIRECTO $ | I32: =+I12+I18+I23+I30 -> 11488.68
A33: V. COSTOS INDIRECTOS
A34: DESCRIPCIÓN | F34: PORCENTAJE | G34: VALOR TOTAL
A35: ADMINISTRACION | F35: 0.25 | G35: =+I32 -> 11488.68 | I35: =+G35*F35 -> 2872.17
A36: IMPREVISTOS | F36: 0 | G36: =+I32 -> 11488.68 | I36: =+F36*G36 -> 0
A37: UTILIDAD | F37: 0.05 | G37: =+I32 -> 11488.68 | I37: =+F37*G37 -> 574.43
A38: SUBTOTAL $ | I38: =SUM(I35:I37) -> 3446.6
A40: PRECIO UNITARIO TOTAL APROCIMADO AL PESO $ | I40: =+ROUND(I32+I38,0) -> 14935 | J40: =+'PROPUESTA CONSORCIO'!G9 -> 14935 | K40: =+I40-J40 -> 0

Sheet APU 1,3
A2: ANALISIS DE PRECIOS UNITARIOS
A5: ÍTEM | B5: DESCRIPCIÓN | G5: UNIDAD | I5: CANTIDAD
A6: 1.3 | B6: Corte de Pavimento en Asfalto | G6: ML | I6: =+'PROPUESTA APUS ORDENADOS'!F23+'PROPUESTA APUS ORDENADOS'!F24+'PROPUESTA APUS ORDENADOS'!F25+'PROPUESTA APUS ORDENADOS'!F26+'PROPUESTA APUS ORDENADOS'!F27+'PROPUESTA APUS ORDENADOS'!F28+'PROPUESTA APUS ORDENADOS'!F29 -> 2065
A7: I. EQUIPO
A8: DESCRIPCIÓN | C8: UNIDAD | D8: TIPO | F8: TARIFA/HORA | G8: RENDIMIENTO | I8: Vr. UNITARIO
A9: Herramienta menor: 5% Vr. M.O | C9: % | D9: ------------- | F9: =+I30 -> 2680.68 | G9: 0.05 | I9: =+F9*G9 -> 134.03
A10: Cortadora de Asfalto | C10: Dia | D10: ------------- | F10: 75000 | G10: 85 | I10: =+F10/G10 -> 882.35
A11: Disco Diamamntado | C11: Und | D11: ------------- | F11: 1444500 | G11: 657.97 | I11: =+F11/G11 -> 2195.39
A12: SUBTOTAL $ | I12: =SUM(I9:I11) -> 3211.77
A13: II. MATERIALES
A14: DESCRIPCIÓN | E14: UNIDAD | F14: CANTIDAD | G14: PRECIO UNIT. | I14: Vr. UNITARIO
A18: SUBTOTAL $ | I18: =SUM(I15:I17) -> 0
A19: III. TRANSPORTES
A20: MATERIAL | D20: VOL. o PESO | E20: DISTANCIA | F20: M3 o Ton/Km | G20: TARIFA | I20: Vr. UNITARIO
A23: SUBTOTAL $
A24: IV. MANO DE OBRA
A25: TRABAJADOR | D25: JORNAL | E25: PRESTACIONES | F25: JORNAL TOTAL | G25: RENDIMIENTO | I25: Vr. UNITARIO
A26: 2 Ayudante de contruccion | D26: 60568 | E26: 51482.8 | F26: =+E26+D26 -> 112050.8 | G26: =+G10 -> 85 | I26: =+F26/G26 -> 1318.24
A27: 1 Oficial de Contruccion | D27: 66667 | E27: 49140.25 | F27: =+E27+D27 -> 115807.25 | G27: =+G26 -> 85 | I27: =+F27/G27 -> 1362.44
A30: SUBTOTAL $ | I30: =SUM(I26:I29) -> 2680.68
A32: TOTAL COSTO DIRECTO $ | I32: =+I12+I18+I23+I30 -> 5892.45
A33: V. COSTOS INDIRECTOS
A34: DESCRIPCIÓN | F34: PORCENTAJE | G34: VALOR TOTAL
A35: ADMINISTRACION | F35: 0.25 | G35: =+I32 -> 5892.45 | I35: =+G35*F35 -> 1473.11
A36: IMPREVISTOS | F36: 0 | G36: =+I32 -> 5892.45 | I36: =+G36*F36 -> 0
A37: UTILIDAD | F37: 0.05 | G37: =+I32 -> 5892.45 | I37: =+G37*F37 -> 294.62
A38: SUBTOTAL $ | I38: =SUM(I35:I37) -> 1767.73
A40: PRECIO UNITARIO TOTAL APROCIMADO AL PESO $ | I40: =ROUND(+I32+I38,0) -> 7660 | J40: =+'PROPUESTA CONSORCIO'!G8 -> 7660 | K40: =+J40-I40 -> 0

Sheet APU 1,4
A2: ANALISIS DE PRECIOS UNITARIOS
A5: ÍTEM | B5: DESCRIPCIÓN | G5: UNIDAD | I5: CANTIDAD
A6: 1.4 | B6: Demolicion de Bordillo en Concreto | G6: ML | I6: 9
A7: I. EQUIPO
A8: DESCRIPCIÓN | C8: UNIDAD | D8: TIPO | F8: TARIFA/HORA | G8: RENDIMIENTO | I8: Vr. UNITARIO
A9: Herramienta menor: 5% Vr. M.O | C9: % | D9: ------------- | F9: =+I30 -> 2261.37 | G9: 0.05 | I9: =+G9*F9 -> 113.07
A10: martillo demoledor | C10: Dia | D10: ------------- | F10: 65000 | G10: 49.5534 | I10: =+F10/G10 -> 1311.72
A12: SUBTOTAL $ | I12: =SUM(I9:I11) -> 1424.79
A13: II. MATERIALES
A14: DESCRIPCIÓN | E14: UNIDAD | F14: CANTIDAD | G14: PRECIO UNIT. | I14: Vr. UNITARIO
A18: SUBTOTAL $ | I18: =SUM(I15:I17) -> 0
A19: III. TRANSPORTES
A20: MATERIAL | D20: VOL. o PESO | E20: DISTANCIA | F20: M3 o Ton/Km | G20: TARIFA | I20: Vr. UNITARIO
A23: SUBTOTAL $ | I23: =SUM(I21:I22) -> 0
A24: IV. MANO DE OBRA
A25: TRABAJADOR | D25: JORNAL | E25: PRESTACIONES | F25: JORNAL TOTAL | G25: RENDIMIENTO | I25: Vr. UNITARIO
A26: 2 Ayudante de contruccion | D26: 60568 | E26: 51482.8 | F26: 112050.8 | G26: =+G10 -> 49.55 | I26: =+F26/G26 -> 2261.37
A30: SUBTOTAL $ | I30: =SUM(I26:I29) -> 2261.37
A32: TOTAL COSTO DIRECTO $ | I32: =+I12+I18+I23+I30 -> 3686.16
A33: V. COSTOS INDIRECTOS
A34: DESCRIPCIÓN | F34: PORCENTAJE | G34: VALOR TOTAL
A35: ADMINISTRACION | F35: 0.25 | G35: =+I32 -> 3686.16 | I35: =+F35*G35 -> 921.54
A36: IMPREVISTOS | F36: 0 | G36: =+I32 -> 3686.16 | I36: =+F36*G36 -> 0
A37: UTILIDAD | F37: 0.05 | G37: =+I32 -> 3686.16 | I37: =+F37*G37 -> 184.31
A38: SUBTOTAL $ | I38: =SUM(I35:I37) -> 1105.85
A40: PRECIO UNITARIO TOTAL APROCIMADO AL PESO $ | I40: =+ROUND(I32+I38,0) -> 4792 | J40: =+'PROPUESTA APUS ORDENADOS'!G30 -> 4792 | K40: =+I40-J40 -> 0

Sheet APU 2,1
A2: ANALISIS DE PRECIOS UNITARIOS
A5: ÍTEM | B5: DESCRIPCIÓN | G5: UNIDAD | I5: CANTIDAD
A6: 2.1 | B6: Excavacionn Manual sin Clasificar | G6: M3 | I6: =+'PROPUESTA CONSORCIO'!F12+'PROPUESTA CONSORCIO'!F45+'PROPUESTA CONSORCIO'!F102+'PROPUESTA CONSORCIO'!F145+'PROPUESTA CONSORCIO'!F183+'PROPUESTA CONSORCIO'!F269+'PROPUESTA CONSORCIO'!F238 -> 252
A7: I. EQUIPO
A8: DESCRIPCIÓN | C8: UNIDAD | D8: TIPO | F8: TARIFA/HORA | G8: RENDIMIENTO | I8: Vr. UNITARIO
A9: Herramienta menor: 10% Vr. M.O | C9: % | D9: ------------- | F9: =+I30 -> 36137.03 | G9: 0.05 | I9: =+G9*F9 -> 1806.85
A13: SUBTOTAL $ | I13: =SUM(I9:I12) -> 1806.85
A14: II. MATERIALES
A15: DESCRIPCIÓN | E15: UNIDAD | F15: CANTIDAD | G15: PRECIO UNIT. | I15: Vr. UNITARIO
A19: SUBTOTAL $ | I19: =SUM(I16:I18) -> 0
A20: III. TRANSPORTES
A21: MATERIAL | D21: VOL. o PESO | E21: DISTANCIA | F21: M3 o Ton/Km | G21: TARIFA | I21: Vr. UNITARIO
A24: SUBTOTAL $ | I24: =SUM(I22:I23) -> 0
A25: IV. MANO DE OBRA
A26: TRABAJADOR | D26: JORNAL | E26: PRESTACIONES | F26: JORNAL TOTAL | G26: RENDIMIENTO | I26: Vr. UNITARIO
A27: 1 Ayudante de contruccion | D27: 30284 | E27: 25741.4 | F27: =+E27+D27 -> 56025.4 | G27: 1.55036 | I27: =+F27/G27 -> 36137.03
A30: SUBTOTAL $ | I30: =SUM(I27:I29) -> 36137.03
A32: TOTAL COSTO DIRECTO $ | I32: =+I13+I19+I24+I30 -> 37943.88
A33: V. COSTOS INDIRECTOS
A34: DESCRIPCIÓN | F34: PORCENTAJE | G34: VALOR TOTAL
A35: ADMINISTRACION | F35: 0.25 | G35: =+I32 -> 37943.88 | I35: =+G35*F35 -> 9485.97
A36: IMPREVISTOS | F36: 0 | G36: =+I32 -> 37943.88 | I36: =+G36*F36 -> 0
A37: UTILIDAD | F37: 0.05 | G37: =+I32 -> 37943.88 | I37: =+G37*F37 -> 1897.19
A38: SUBTOTAL $ | I38: =SUM(I35:I37) -> 11383.16
A40: PRECIO UNITARIO TOTAL APROCIMADO AL PESO $ | I40: =+ROUND(I32+I38,0) -> 49327 | J40: =+'PROPUESTA CONSORCIO'!G12 -> 49327 | K40: =+J40-I40 -> 0

Sheet APU 2,2
A2: ANALISIS DE PRECIOS UNITARIOS
A5: ÍTEM | B5: DESCRIPCIÓN | G5: UNIDAD | I5: CANTIDAD
A6: 2.2 | B6: Conformacion de la superficie existente | G6: M3 | I6: =+'PROPUESTA CONSORCIO'!F184+'PROPUESTA CONSORCIO'!F146+'PROPUESTA CONSORCIO'!F46+'PROPUESTA CONSORCIO'!F13 -> 1467
A7: I. EQUIPO
A8: DESCRIPCIÓN | C8: UNIDAD | D8: TIPO | F8: TARIFA/HORA | G8: RENDIMIENTO | I8: Vr. UNITARIO
A9: Herramienta menor: 10% Vr. M.O | C9: % | D9: ------------- | F9: =+I29 -> 430.83 | G9: 0.1 | I9: =+G9*F9 -> 43.08
A10: Carrotanque de agua | C10: Dm | D10: ------------- | F10: 350000 | G10: 1000 | I10: =+F10/G10 -> 350
A11: Compactador de llantas | C11: Hm | D11: ------------- | F11: 90000 | G11: 130.04 | I11: =+F11/G11 -> 692.09
A12: SUBTOTAL $ | I12: =SUM(I9:I11) -> 1085.17
A13: II. MATERIALES
A14: DESCRIPCIÓN | E14: UNIDAD | F14: CANTIDAD | G14: PRECIO UNIT. | I14: Vr. UNITARIO
A15: Agua | E15: lts | F15: 2.4 | G15: 20 | I15: =+G15*F15 -> 48
A18: SUBTOTAL $ | I18: =SUM(I15:I17) -> 48
A19: III. TRANSPORTES
A20: MATERIAL | D20: VOL. o PESO | E20: DISTANCIA | F20: M3 o Ton/Km | G20: TARIFA | I20: Vr. UNITARIO
A23: SUBTOTAL $
A24: IV. MANO DE OBRA
A25: TRABAJADOR | D25: JORNAL | E25: PRESTACIONES | F25: JORNAL TOTAL | G25: RENDIMIENTO | I25: Vr. UNITARIO
A26: 1 Ayudante de contruccion | D26: 30284 | E26: 25741.4 | F26: =+E26+D26 -> 56025.4 | G26: =+G11 -> 130.04 | I26: =+F26/G26 -> 430.83
A29: SUBTOTAL $ | I29: =SUM(I26:I28) -> 430.83
A31: TOTAL COSTO DIRECTO $ | I31: =+I12+I18+I23+I29 -> 1564
A32: V. COSTOS INDIRECTOS
A33: DESCRIPCIÓN | F33: PORCENTAJE | G33: VALOR TOTAL
A34: ADMINISTRACION | F34: 0.25 | G34: =+I31 -> 1564 | I34: =+G34*F34 -> 391
A35: IMPREVISTOS | F35: 0 | G35: =+I31 -> 1564 | I35: =+G35*F35 -> 0
A36: UTILIDAD | F36: 0.05 | G36: =+I31 -> 1564 | I36: =+G36*F36 -> 78.2
A37: SUBTOTAL $ | I37: =SUM(I34:I36) -> 469.2
A39: PRECIO UNITARIO TOTAL APROCIMADO AL PESO $ | I39: =+ROUND(I31+I37,0) -> 2033 | J39: =+'PROPUESTA CONSORCIO'!G13 -> 2033 | K39: =+I39-J39 -> 0

Sheet APU 3,1
A2: ANALISIS DE PRECIOS UNITARIOS
A5: ÍTEM | B5: DESCRIPCIÓN | G5: UNIDAD | I5: CANTIDAD
A6: 3.1 | B6: Antepiso e= 0,05 para instalacion losa Tactil | G6: M2 | I6: =+'PROPUESTA CONSORCIO'!F187+'PROPUESTA CONSORCIO'!F149+'PROPUESTA CONSORCIO'!F49+'PROPUESTA CONSORCIO'!F16 -> 74
A7: I. EQUIPO
A8: DESCRIPCIÓN | C8: UNIDAD | D8: TIPO | F8: TARIFA/HORA | G8: RENDIMIENTO | I8: Vr. UNITARIO
A9: Herramienta menor: 10% Vr. M.O | C9: % | D9: ------------- | F9: =+I30 -> 12245.26 | G9: 0.1 | I9: =+G9*F9 -> 1224.53
A13: SUBTOTAL $ | I13: =SUM(I9:I12) -> 1224.53
A14: II. MATERIALES
A15: DESCRIPCIÓN | E15: UNIDAD | F15: CANTIDAD | G15: PRECIO UNIT. | I15: Vr. UNITARIO
A16: Concreto normal 17.5 MPa TM 1" | E16: m3 | F16: 0.05 | G16: 412263.64 | I16: =+G16*F16 -> 20613.18
A19: SUBTOTAL $ | I19: =SUM(I16:I18) -> 20613.18
A20: III. TRANSPORTES
A21: MATERIAL | D21: VOL. o PESO | E21: DISTANCIA | F21: M3 o Ton/Km | G21: TARIFA | I21: Vr. UNITARIO
A24: SUBTOTAL $
A25: IV. MANO DE OBRA
A26: TRABAJADOR | D26: JORNAL | E26: PRESTACIONES | F26: JORNAL TOTAL | G26: RENDIMIENTO | I26: Vr. UNITARIO
A27: 4 Ayudante de contruccion | D27: 121136 | E27: 102965.6 | F27: =+D27+E27 -> 224101.6 | G27: 27.7584 | I27: =+F27/G27 -> 8073.29
A28: 1 Oficial de Construccion | D28: 66667 | E28: 49140.25 | F28: =+D28+E28 -> 115807.25 | G28: =+G27 -> 27.7584 | I28: =+F28/G28 -> 4171.97
A30: SUBTOTAL $ | I30: =SUM(I27:I29) -> 12245.26
A32: TOTAL COSTO DIRECTO $ | I32: =+I13+I19+I24+I30 -> 34082.97
A33: V. COSTOS INDIRECTOS
A34: DESCRIPCIÓN | F34: PORCENTAJE | G34: VALOR TOTAL
A35: ADMINISTRACION | F35: 0.25 | G35: =+I32 -> 34082.97 | I35: =+G35*F35 -> 8520.74
A36: IMPREVISTOS | F36: 0 | G36: =+I32 -> 34082.97 | I36: =+G36*F36 -> 0
A37: UTILIDAD | F37: 0.05 | G37: =+I32 -> 34082.97 | I37: =+G37*F37 -> 1704.15
A38: SUBTOTAL $ | I38: =SUM(I35:I37) -> 10224.89
A40: PRECIO UNITARIO TOTAL APROCIMADO AL PESO $ | I40: =+ROUND(I32+I38,0) -> 44308 | J40: =+'PROPUESTA CONSORCIO'!G16 -> 44308 | K40: =+J40-I40 -> 0

Sheet APU 3,2
A2: ANALISIS DE PRECIOS UNITARIOS
A5: ÍTEM | B5: DESCRIPCIÓN | G5: UNIDAD | I5: CANTIDAD
A6: 3.2 | B6: Suminsitro e Instalacion de Losa Tactil | G6: M2 | I6: =+'PROPUESTA CONSORCIO'!F17+'PROPUESTA CONSORCIO'!F50+'PROPUESTA CONSORCIO'!F150+'PROPUESTA CONSORCIO'!F188 -> 74
A7: I. EQUIPO
A8: DESCRIPCIÓN | C8: UNIDAD | D8: TIPO | F8: TARIFA/HORA | G8: RENDIMIENTO | I8: Vr. UNITARIO
A9: Herramienta menor: 10% Vr. M.O | C9: % | D9: ------------- | F9: =+I31 -> 17183.27 | G9: 0.1 | I9: =+G9*F9 -> 1718.33
A13: SUBTOTAL $ | I13: =SUM(I9:I12) -> 1718.33 | N13: =160000*7 -> 1120000
A14: II. MATERIALES
A15: DESCRIPCIÓN | E15: UNIDAD | F15: CANTIDAD | G15: PRECIO UNIT. | I15: Vr. UNITARIO
A16: Piso Loseta Toperol En Mortero Amarilla 30x30cm | E16: m2 | F16: 1.05 | G16: =+MATERIALES!M24 -> 45000 | I16: =+G16*F16 -> 47250
A17: Cemento gris | E17: kg | F17: 2 | G17: =+MATERIALES!M25 -> 550 | I17: =+G17*F17 -> 1100
A18: Mortero 17.5 MPa 1:4 | E18: m3 | F18: 0.04 | G18: =+MATERIALES!M26 -> 411350 | I18: =+G18*F18 -> 16454
A20: SUBTOTAL $ | I20: =SUM(I16:I19) -> 64804
A21: III. TRANSPORTES
A22: MATERIAL | D22: VOL. o PESO | E22: DISTANCIA | F22: M3 o Ton/Km | G22: TARIFA | I22: Vr. UNITARIO
A25: SUBTOTAL $
A26: IV. MANO DE OBRA
A27: TRABAJADOR | D27: JORNAL | E27: PRESTACIONES | F27: JORNAL TOTAL | G27: RENDIMIENTO | I27: Vr. UNITARIO
A28: 1 Ayudante de contruccion | D28: 30284 | E28: 25741.4 | F28: =+D28+E28 -> 56025.4 | G28: 10 | I28: =+F28/G28 -> 5602.54
A29: 1 Oficial de Construccion | D29: 66667 | E29: 49140.25 | F29: =+D29+E29 -> 115807.25 | G29: =+G28 -> 10 | I29: =+F29/G29 -> 11580.73
A31: SUBTOTAL $ | I31: =SUM(I28:I30) -> 17183.27
A33: TOTAL COSTO DIRECTO $ | I33: =+I13+I20+I25+I31 -> 83705.6
A34: V. COSTOS INDIRECTOS
A35: DESCRIPCIÓN | F35: PORCENTAJE | G35: VALOR TOTAL
A36: ADMINISTRACION | F36: 0.25 | G36: =+I33 -> 83705.6 | I36: =+G36*F36 -> 20926.4
A37: IMPREVISTOS | F37: 0 | G37: =+I33 -> 83705.6 | I37: =+G37*F37 -> 0
A38: UTILIDAD | F38: 0.05 | G38: =+I33 -> 83705.6 | I38: =+G38*F38 -> 4185.28
A39: SUBTOTAL $ | I39: =SUM(I36:I38) -> 25111.68
A41: PRECIO UNITARIO TOTAL APROCIMADO AL PESO $ | I41: =+ROUND(I33+I39,0) -> 108817 | J41: =+'PROPUESTA CONSORCIO'!G17 -> 108817 | K41: =+J41-I41 -> 0

Sheet APU 3,3
A2: ANALISIS DE PRECIOS UNITARIOS
A5: ÍTEM | B5: DESCRIPCIÓN | G5: UNIDAD | I5: CANTIDAD
A6: 3.3 | B6: Adoquín en arcilla 6 cm incluye arena de soporte y sellado | G6: M2 | I6: =+'PROPUESTA CONSORCIO'!F18+'PROPUESTA CONSORCIO'!F51+'PROPUESTA CONSORCIO'!F151+'PROPUESTA CONSORCIO'!F189 -> 734
A7: I. EQUIPO
A8: DESCRIPCIÓN | C8: UNIDAD | D8: TIPO | F8: TARIFA/HORA | G8: RENDIMIENTO | I8: Vr. UNITARIO
A9: Herramienta menor: 10% Vr. M.O | C9: % | D9: ------------- | F9: =+I30 -> 34366.53 | G9: 0.1 | I9: =+G9*F9 -> 3436.65
A10: Bandeja vibrante de guiado manual, de 170 kg, anchura de trabajo 50 cm, re | C10: hm | D10: ------------- | F10: 10000 | G10: 2 | I10: =+F10/G10 -> 5000
A13: SUBTOTAL $ | I13: =SUM(I9:I12) -> 8436.65
A14: II. MATERIALES
A15: DESCRIPCIÓN | E15: UNIDAD | F15: CANTIDAD | G15: PRECIO UNIT. | I15: Vr. UNITARIO
A16: Adoquin en gres 20X10X6 | E16: und | F16: 50 | G16: =+MATERIALES!M21 -> 854.86 | I16: =+G16*F16 -> 42743
A17: Arena lavada | E17: m3 | F17: 0.06 | G17: =+MATERIALES!M22 -> 40000 | I17: =+G17*F17 -> 2400
A18: Arena fina en sacos | E18: kg | F18: 20 | G18: =+MATERIALES!M23 -> 900 | I18: =+G18*F18 -> 18000
A19: SUBTOTAL $ | I19: =SUM(I16:I18) -> 63143
A20: III. TRANSPORTES
A21: MATERIAL | D21: VOL. o PESO | E21: DISTANCIA | F21: M3 o Ton/Km | G21: TARIFA | I21: Vr. UNITARIO
A24: SUBTOTAL $
A25: IV. MANO DE OBRA
A26: TRABAJADOR | D26: JORNAL | E26: PRESTACIONES | F26: JORNAL TOTAL | G26: RENDIMIENTO | I26: Vr. UNITARIO
A27: 1 Ayudante de contruccion | D27: 30284 | E27: 25741.4 | F27: =+E27+D27 -> 56025.4 | G27: 5 | I27: =+F27/G27 -> 11205.08
A28: 1 Oficial de Construccion | D28: 66667 | E28: 49140.25 | F28: =+E28+D28 -> 115807.25 | G28: =+G27 -> 5 | I28: =+F28/G28 -> 23161.45
A30: SUBTOTAL $ | I30: =SUM(I27:I29) -> 34366.53
A32: TOTAL COSTO DIRECTO $ | I32: =+I13+I19+I24+I30 -> 105946.18
A33: V. COSTOS INDIRECTOS
A34: DESCRIPCIÓN | F34: PORCENTAJE | G34: VALOR TOTAL
A35: ADMINISTRACION | F35: 0.25 | G35: =+I32 -> 105946.18 | I35: =+G35*F35 -> 26486.55
A36: IMPREVISTOS | F36: 0 | G36: =+I32 -> 105946.18 | I36: =+G36*F36 -> 0
A37: UTILIDAD | F37: 0.05 | G37: =+I32 -> 105946.18 | I37: =+G37*F37 -> 5297.31
A38: SUBTOTAL $ | I38: =SUM(I35:I37) -> 31783.86
A40: PRECIO UNITARIO TOTAL APROCIMADO AL PESO $ | I40: =+ROUND(I32+I38,0) -> 137730 | J40: =+'PROPUESTA CONSORCIO'!G18 -> 137730 | K40: =+J40-I40 -> 0

Sheet APU 3,4
A2: ANALISIS DE PRECIOS UNITARIOS
A5: ÍTEM | B5: DESCRIPCIÓN | G5: UNIDAD | I5: CANTIDAD
A6: 3.4 | B6: Bordillo Confinamiento en concreto (incluye refuerzo) | G6: =+'PROPUESTA APUS ORDENADOS'!E56 -> ML | I6: =+'PROPUESTA CONSORCIO'!F19+'PROPUESTA CONSORCIO'!F52+'PROPUESTA CONSORCIO'!F152+'PROPUESTA CONSORCIO'!F190 -> 754
A7: I. EQUIPO
A8: DESCRIPCIÓN | C8: UNIDAD | D8: TIPO | F8: TARIFA/HORA | G8: RENDIMIENTO | I8: Vr. UNITARIO
A9: Herramienta menor: 10% Vr. M.O | C9: % | D9: ------------- | F9: =+I30 -> 9965.27 | G9: 0.1 | I9: =+G9*F9 -> 996.53
A10: Vibrador (Gas/Elec) | C10: Dm | D10: ------------- | F10: 60000 | G10: 34 | I10: =+F10/G10 -> 1764.71
A11: Formaleta metalica sadineles | C11: Du | D11: ------------- | F11: 900 | G11: 0.8 | I11: =+F11/G11 -> 1125
A13: SUBTOTAL $ | I13: =SUM(I9:I12) -> 3886.24
A14: II. MATERIALES
A15: DESCRIPCIÓN | E15: UNIDAD | F15: CANTIDAD | G15: PRECIO UNIT. | I15: Vr. UNITARIO
A16: Concreto de 21,0 Mpa | E16: m3 | F16: 0.02 | G16: =+MATERIALES!M16 -> 422000 | I16: =+G16*F16 -> 8440
A17: Acero de refuerzo | E17: Kg | F17: 0.3 | G17: =+MATERIALES!M17 -> 4439.18 | I17: =+G17*F17 -> 1331.75
A19: SUBTOTAL $ | I19: =SUM(I16:I18) -> 9771.75
A20: III. TRANSPORTES
A21: MATERIAL | D21: VOL. o PESO | E21: DISTANCIA | F21: M3 o Ton/Km | G21: TARIFA | I21: Vr. UNITARIO
A24: SUBTOTAL $
A25: IV. MANO DE OBRA
A26: TRABAJADOR | D26: JORNAL | E26: PRESTACIONES | F26: JORNAL TOTAL | G26: RENDIMIENTO | I26: Vr. UNITARIO
A27: 1 Ayudante de contruccion | D27: 30284 | E27: 25741.4 | F27: =+E27+D27 -> 56025.4 | G27: 17.24314 | I27: =+F27/G27 -> 3249.14
A28: 1 Oficial de Construccion | D28: 66667 | E28: 49140.25 | F28: =+E28+D28 -> 115807.25 | G28: =+G27 -> 17.24314 | I28: =+F28/G28 -> 6716.13
A30: SUBTOTAL $ | I30: =SUM(I27:I29) -> 9965.27
A32: TOTAL COSTO DIRECTO $ | I32: =+I13+I19+I24+I30 -> 23623.26
A33: V. COSTOS INDIRECTOS
A34: DESCRIPCIÓN | F34: PORCENTAJE | G34: VALOR TOTAL
A35: ADMINISTRACION | F35: 0.25 | G35: =+I32 -> 23623.26 | I35: =+G35*F35 -> 5905.82
A36: IMPREVISTOS | F36: 0 | G36: =+I32 -> 23623.26 | I36: =+G36*F36 -> 0
A37: UTILIDAD | F37: 0.05 | G37: =+I32 -> 23623.26 | I37: =+G37*F37 -> 1181.16
A38: SUBTOTAL $ | I38: =SUM(I35:I37) -> 7086.98
A40: PRECIO UNITARIO TOTAL APROCIMADO AL PESO $ | I40: =+ROUND(I32+I38,0) -> 30710 | J40: =+'PROPUESTA CONSORCIO'!G19 -> 30710 | K40: =+J40-I40 -> 0

Sheet APU 3,5
A2: ANALISIS DE PRECIOS UNITARIOS
A5: ÍTEM | B5: DESCRIPCIÓN | G5: UNIDAD | I5: CANTIDAD
A6: 3.5 | B6: Relleno para estructuras | G6: M3 | I6: =+'PROPUESTA CONSORCIO'!F103 -> 35
A7: I. EQUIPO
A8: DESCRIPCIÓN | C8: UNIDAD | D8: TIPO | F8: TARIFA/HORA | G8: RENDIMIENTO | I8: Vr. UNITARIO
A9: Herramienta menor: 5% Vr. M.O | C9: % | D9: ------------- | F9: =+I30 -> 24279.21 | G9: 0.05 | I9: =+G9*F9 -> 1213.96
A10: Vibrocompactador Rana | C10: Dm | D10: ------------- | F10: 70000 | G10: 14 | I10: =+F10/G10 -> 5000
A12: SUBTOTAL $ | I12: =SUM(I9:I11) -> 6213.96
A13: II. MATERIALES
A14: DESCRIPCIÓN | E14: UNIDAD | F14: CANTIDAD | G14: PRECIO UNIT. | I14: Vr. UNITARIO
A15: Arena Para rellenos de estructuras | E15: M3 | F15: 1.05 | G15: =+MATERIALES!M27 -> 51350.95 | I15: =+G15*F15 -> 53918.5
A18: SUBTOTAL $ | I18: =SUM(I15:I17) -> 53918.5
A19: III. TRANSPORTES
A20: MATERIAL | D20: VOL. o PESO | E20: DISTANCIA | F20: M3 o Ton/Km | G20: TARIFA | I20: Vr. UNITARIO
A23: SUBTOTAL $
A24: IV. MANO DE OBRA
A25: TRABAJADOR | D25: JORNAL | E25: PRESTACIONES | F25: JORNAL TOTAL | G25: RENDIMIENTO | I25: Vr. UNITARIO
A26: 4 Ayudante de contruccion | D26: 121136 | E26: 102965.6 | F26: =+D26+E26 -> 224101.6 | G26: =+G10 -> 14 | I26: =+F26/G26 -> 16007.26
A27: 1 Oficial de Contruccion | D27: 66667 | E27: 49140.25 | F27: =+E27+D27 -> 115807.25 | G27: =+G26 -> 14 | I27: =+F27/G27 -> 8271.95
A30: SUBTOTAL $ | I30: =SUM(I26:I29) -> 24279.21
A32: TOTAL COSTO DIRECTO $ | I32: =+I12+I18+I23+I30 -> 84411.67
A33: V. COSTOS INDIRECTOS
A34: DESCRIPCIÓN | F34: PORCENTAJE | G34: VALOR TOTAL
A35: ADMINISTRACION | F35: 0.25 | G35: =+I32 -> 84411.67 | I35: =+G35*F35 -> 21102.92
A36: IMPREVISTOS | F36: 0 | G36: =+I32 -> 84411.67 | I36: =+G36*F36 -> 0
A37: UTILIDAD | F37: 0.05 | G37: =+I32 -> 84411.67 | I37: =+G37*F37 -> 4220.58
A38: SUBTOTAL $ | I38: =SUM(I35:I37) -> 25323.5
A40: PRECIO UNITARIO TOTAL APROCIMADO AL PESO $ | I40: =+ROUND(I32+I38,0) -> 109735 | J40: =+'PROPUESTA APUS ORDENADOS'!G60 -> 109735 | K40: =+J40-I40 -> 0

Sheet APU 3,6
A2: ANALISIS DE PRECIOS UNITARIOS
A5: ÍTEM | B5: DESCRIPCIÓN | G5: UNIDAD | I5: CANTIDAD
A6: 3.6 | B6: Sub base Granular para Bacheo | G6: M3 | I6: =+'PROPUESTA APUS ORDENADOS'!K65 -> 108
A7: I. EQUIPO
A8: DESCRIPCIÓN | C8: UNIDAD | D8: TIPO | F8: TARIFA/HORA | G8: RENDIMIENTO | I8: Vr. UNITARIO
A9: Herramienta menor: 10% Vr. M.O | C9: % | D9: ------------- | F9: =+I29 -> 7595.27 | G9: 0.1 | I9: =+G9*F9 -> 759.53
A10: Vibrocompatador, potencia 153 HP, peso 10 Ton. | C10: Hm | D10: ------------- | F10: 148000 | G10: 30 | I10: =+F10/G10 -> 4933.33
A11: SUBTOTAL $ | I11: =SUM(I9:I10) -> 5692.86
A12: II. MATERIALES
A13: DESCRIPCIÓN | E13: UNIDAD | F13: CANTIDAD | G13: PRECIO UNIT. | I13: Vr. UNITARIO
A14: Sub Base Plasticidad máxima 9% | E14: m3 | F14: 1.3 | G14: =+MATERIALES!M28 -> 31116.55 | I14: =+G14*F14 -> 40451.52
A15: Agua | E15: Lts | F15: 24 | G15: 60 | I15: =+G15*F15 -> 1440
A17: SUBTOTAL $ | I17: =SUM(I14:I16) -> 41891.52
A18: III. TRANSPORTES
A19: MATERIAL | D19: VOL. o PESO | E19: DISTANCIA | F19: M3 o Ton/Km | G19: TARIFA | I19: Vr. UNITARIO
A22: SUBTOTAL $
A23: IV. MANO DE OBRA
A24: TRABAJADOR | D24: JORNAL | E24: PRESTACIONES | F24: JORNAL TOTAL | G24: RENDIMIENTO | I24: Vr. UNITARIO
A25: 2 Ayudante de contruccion | D25: 60568 | E25: 51482.8 | F25: =+D25+E25 -> 112050.8 | G25: =+G10 -> 30 | I25: =+F25/G25 -> 3735.03
A26: 1 Oficial de Contruccion | D26: 66667 | E26: 49140.25 | F26: =+D26+E26 -> 115807.25 | G26: =+G25 -> 30 | I26: =+F26/G26 -> 3860.24
A29: SUBTOTAL $ | I29: =SUM(I25:I28) -> 7595.27
A31: TOTAL COSTO DIRECTO $ | I31: =+I11+I17+I22+I29 -> 55179.65
A32: V. COSTOS INDIRECTOS
A33: DESCRIPCIÓN | F33: PORCENTAJE | G33: VALOR TOTAL
A34: ADMINISTRACION | F34: 0.25 | G34: =+I31 -> 55179.65 | I34: =+G34*F34 -> 13794.91
A35: IMPREVISTOS | F35: 0 | G35: =+I31 -> 55179.65 | I35: =+G35*F35 -> 0
A36: UTILIDAD | F36: 0.05 | G36: =+I31 -> 55179.65 | I36: =+G36*F36 -> 2758.98
A37: SUBTOTAL $ | I37: =SUM(I34:I36) -> 16553.89
A39: PRECIO UNITARIO TOTAL APROCIMADO AL PESO $ | I39: =+ROUND(I31+I37,0) -> 71734 | J39: =+'PROPUESTA APUS ORDENADOS'!G65 -> 71734 | K39: =+J39-I39 -> 0

Sheet APU 3,7
A2: ANALISIS DE PRECIOS UNITARIOS
A5: ÍTEM | B5: DESCRIPCIÓN | G5: UNIDAD | I5: CANTIDAD
A6: 3.7 | B6: Riego de Imprimacion con emeulsion Asfaltica | G6: M2 | I6: =+'PROPUESTA APUS ORDENADOS'!K70 -> 718
A7: I. EQUIPO
A8: DESCRIPCIÓN | C8: UNIDAD | D8: TIPO | F8: TARIFA/HORA | G8: RENDIMIENTO | I8: Vr. UNITARIO
A9: Herramienta menor: 10% Vr. M.O | C9: % | D9: ------------- | F9: =+I31 -> 448.2 | G9: 0.1 | I9: =+G9*F9 -> 44.82
A10: Carrotanque Irrigador de asfalto, 1000 GALONES DE CAPACIDAD | C10: Hm | D10: ------------- | F10: 72000 | G10: 500 | I10: =+F10/G10 -> 144
A11: Compresor (barrido y soplado) | C11: Hm | D11: ------------- | F11: 77000 | G11: 500 | I11: =+F11/G11 -> 154
A13: SUBTOTAL $ | I13: =SUM(I9:I12) -> 342.82
A14: II. MATERIALES
A15: DESCRIPCIÓN | E15: UNIDAD | F15: CANTIDAD | G15: PRECIO UNIT. | I15: Vr. UNITARIO
A16: Emulsión CRL | E16: Lts | F16: 1.05 | G16: =+MATERIALES!M30 -> 3718.9 | I16: =+G16*F16 -> 3904.85
A19: SUBTOTAL $ | I19: =SUM(I16:I18) -> 3904.85
A20: III. TRANSPORTES
A21: MATERIAL | D21: VOL. o PESO | E21: DISTANCIA | F21: M3 o Ton/Km | G21: TARIFA | I21: Vr. UNITARIO
A24: SUBTOTAL $ | I24: =SUM(I22:I23) -> 0
A25: IV. MANO DE OBRA
A26: TRABAJADOR | D26: JORNAL | E26: PRESTACIONES | F26: JORNAL TOTAL | G26: RENDIMIENTO | I26: Vr. UNITARIO
A27: 4 Ayudante de contruccion | D27: 121136 | E27: 102965.6 | F27: =+E27+D27 -> 224101.6 | G27: =+G10 -> 500 | I27: =+F27/G27 -> 448.2
A31: SUBTOTAL $ | I31: =SUM(I27:I30) -> 448.2
A33: TOTAL COSTO DIRECTO $ | I33: =+I13+I19+I24+I31 -> 4695.87
A34: V. COSTOS INDIRECTOS
A35: DESCRIPCIÓN | F35: PORCENTAJE | G35: VALOR TOTAL
A36: ADMINISTRACION | F36: 0.25 | G36: =+I33 -> 4695.87 | I36: =+G36*F36 -> 1173.97
A37: IMPREVISTOS | F37: 0 | G37: =+I33 -> 4695.87 | I37: =+G37*F37 -> 0
A38: UTILIDAD | F38: 0.05 | G38: =+I33 -> 4695.87 | I38: =+G38*F38 -> 234.79
A39: SUBTOTAL $ | I39: =SUM(I36:I38) -> 1408.76
A41: PRECIO UNITARIO TOTAL APROCIMADO AL PESO $ | I41: =+ROUND(I33+I39,0) -> 6105 | J41: =+'PROPUESTA APUS ORDENADOS'!G70 -> 6105 | K41: =+J41-I41 -> 0

Sheet APU 3,8
A2: ANALISIS DE PRECIOS UNITARIOS
A5: ÍTEM | B5: DESCRIPCIÓN | G5: UNIDAD | I5: CANTIDAD
A6: 3.8 | B6: Suministro e Intalacion Mezcla densa en Caliente MDC 19 - para bacheo | G6: M3 | I6: =+'PROPUESTA CONSORCIO'!F73+'PROPUESTA CONSORCIO'!F171+'PROPUESTA CONSORCIO'!F210+'PROPUESTA CONSORCIO'!F241+'PROPUESTA CONSORCIO'!F272 -> 85
A7: I. EQUIPO
A8: DESCRIPCIÓN | C8: UNIDAD | D8: TIPO | F8: TARIFA/HORA | G8: RENDIMIENTO | I8: Vr. UNITARIO
A9: Herramienta menor: 10% Vr. M.O | C9: % | D9: ------------- | F9: =+I30 -> 1139.29 | G9: 0.1 | I9: 285
A10: Compactador neumático de Potencia 70 HP, peso de 13 ton | C10: Hm | D10: ------------- | F10: 228000 | G10: 20 | I10: =+F10/G10 -> 11400
A11: Compactador de Rodillo POTENCIA: 99HP, PESO: 8 ton | C11: Hm | D11: ------------- | F11: 75000 | G11: 20 | I11: =+F11/G11 -> 3750
A12: SUBTOTAL $ | I12: =SUM(I9:I11) -> 15435
A13: II. MATERIALES
A14: DESCRIPCIÓN | E14: UNIDAD | F14: CANTIDAD | G14: PRECIO UNIT. | I14: Vr. UNITARIO
A15: Mezcla asfaltica MDC 19 | E15: m3 | F15: 1.1338837 | G15: =325000*1.19 -> 386750 | I15: =+G15*F15 -> 438529.52
A16: Agua | E16: lts | F16: 5 | G16: 60 | I16: =+G16*F16 -> 300
A18: SUBTOTAL $ | I18: =SUM(I15:I17) -> 438829.52
A19: III. TRANSPORTES
A20: MATERIAL | D20: VOL. o PESO | E20: DISTANCIA | F20: M3 o Ton/Km | G20: TARIFA | I20: Vr. UNITARIO
A23: SUBTOTAL $
A24: IV. MANO DE OBRA
A25: TRABAJADOR | D25: JORNAL | E25: PRESTACIONES | F25: JORNAL TOTAL | G25: RENDIMIENTO | I25: Vr. UNITARIO
A26: 2 Ayudante de contruccion | D26: 60568 | E26: 51482.8 | F26: 112050.8 | G26: 200 | I26: =+F26/G26 -> 560.25
A27: 1 Oficial de Contruccion | D27: 66667 | E27: 49140.25 | F27: 115807.25 | G27: =+G26 -> 200 | I27: =+F27/G27 -> 579.04
A30: SUBTOTAL $ | I30: =SUM(I26:I29) -> 1139.29
A32: TOTAL COSTO DIRECTO $ | I32: =+I12+I18+I23+I30 -> 455403.81
A33: V. COSTOS INDIRECTOS
A34: DESCRIPCIÓN | F34: PORCENTAJE | G34: VALOR TOTAL
A35: ADMINISTRACION | F35: 0.25 | G35: =+I32 -> 455403.81 | I35: =+G35*F35 -> 113850.95
A36: IMPREVISTOS | F36: 0 | G36: =+I32 -> 455403.81 | I36: =+G36*F36 -> 0
A37: UTILIDAD | F37: 0.05 | G37: =+I32 -> 455403.81 | I37: =+G37*F37 -> 22770.19
A38: SUBTOTAL $ | I38: =SUM(I35:I37) -> 136621.14
A40: PRECIO UNITARIO TOTAL APROCIMADO AL PESO $ | I40: =+ROUND(I32+I38,0) -> 592025 | J40: =+'PROPUESTA APUS ORDENADOS'!G71 -> 592025 | K40: =+J40-I40 -> 0

Sheet APU 3,9
A2: ANALISIS DE PRECIOS UNITARIOS
A5: ÍTEM | B5: DESCRIPCIÓN | G5: UNIDAD | I5: CANTIDAD
A6: 3.9 | B6: Bordillo de piezas prefabricadas de concreto; incluye la preparacion de la superficie de apoyo | G6: M2 | I6: =+'PROPUESTA CONSORCIO'!F113 -> 29
A7: I. EQUIPO
A8: DESCRIPCIÓN | C8: UNIDAD | D8: TIPO | F8: TARIFA/HORA | G8: RENDIMIENTO | I8: Vr. UNITARIO
A9: Herramienta menor: 10% Vr. M.O | C9: % | D9: ------------- | F9: =+I31 -> 8497.72 | G9: 0.1 | I9: =+G9*F9 -> 849.77
A13: SUBTOTAL $ | I13: =SUM(I9:I12) -> 849.77
A14: II. MATERIALES
A15: DESCRIPCIÓN | E15: UNIDAD | F15: CANTIDAD | G15: PRECIO UNIT. | I15: Vr. UNITARIO
A16: Mortero 1:3 Para Anillos | E16: M3 | F16: 0.005 | G16: =+MATERIALES!M31 -> 448026 | I16: =+G16*F16 -> 2240.13
A17: Bordillo Prefabricado En Concreto | E17: Und | F17: 1.3 | G17: =+MATERIALES!M32 -> 52878.11 | I17: =+G17*F17 -> 68741.54
A19: SUBTOTAL $ | I19: =SUM(I16:I18) -> 70981.67
A20: III. TRANSPORTES
A21: MATERIAL | D21: VOL. o PESO | E21: DISTANCIA | F21: M3 o Ton/Km | G21: TARIFA | I21: Vr. UNITARIO
A24: SUBTOTAL $
A25: IV. MANO DE OBRA
A26: TRABAJADOR | D26: JORNAL | E26: PRESTACIONES | F26: JORNAL TOTAL | G26: RENDIMIENTO | I26: Vr. UNITARIO
A27: 4 Ayudante de contruccion | D27: 121136 | E27: 102965.6 | F27: 224101.6 | G27: 40 | I27: =+F27/G27 -> 5602.54
A28: 1 Oficial de Contruccion | D28: 66667 | E28: 49140.25 | F28: 115807.25 | G28: =+G27 -> 40 | I28: =+F28/G28 -> 2895.18
A31: SUBTOTAL $ | I31: =SUM(I27:I30) -> 8497.72
A33: TOTAL COSTO DIRECTO $ | I33: =+I13+I19+I24+I31 -> 80329.16
A34: V. COSTOS INDIRECTOS
A35: DESCRIPCIÓN | F35: PORCENTAJE | G35: VALOR TOTAL
A36: ADMINISTRACION | F36: 0.25 | G36: =+I33 -> 80329.16 | I36: =+G36*F36 -> 20082.29
A37: IMPREVISTOS | F37: 0 | G37: =+I33 -> 80329.16 | I37: =+G37*F37 -> 0
A38: UTILIDAD | F38: 0.05 | G38: =+I33 -> 80329.16 | I38: =+G38*F38 -> 4016.46
A39: SUBTOTAL $ | I39: =SUM(I36:I38) -> 24098.75
A41: PRECIO UNITARIO TOTAL APROCIMADO AL PESO $ | I41: =+ROUND(I33+I39,0) -> 104428 | J41: =+'PROPUESTA APUS ORDENADOS'!G76 -> 104428 | K41: =+J41-I41 -> 0

Sheet APU 3,10
A2: ANALISIS DE PRECIOS UNITARIOS
A5: ÍTEM | B5: DESCRIPCIÓN | G5: UNIDAD | I5: CANTIDAD
A6: 3.1 | B6: Acero de Refuerzo Fy 4200 MPa. | G6: Kg | I6: 105
A7: I. EQUIPO
A8: DESCRIPCIÓN | C8: UNIDAD | D8: TIPO | F8: TARIFA/HORA | G8: RENDIMIENTO | I8: Vr. UNITARIO
A9: Herramienta menor: 10% Vr. M.O | C9: % | D9: ------------- | F9: =+I30 -> 586.5 | G9: 0.1 | I9: =+G9*F9 -> 58.65
A12: SUBTOTAL $ | I12: =SUM(I9:I11) -> 58.65
A13: II. MATERIALES
A14: DESCRIPCIÓN | E14: UNIDAD | F14: CANTIDAD | G14: PRECIO UNIT. | I14: Vr. UNITARIO
A15: Acero de refuerzo | E15: Kg | F15: 1.05 | G15: 5450 | I15: =+G15*F15 -> 5722.5
A16: Alambre Negro Para Amarre | E16: Kg | F16: 0.03 | G16: =+MATERIALES!M34 -> 4100 | I16: =+G16*F16 -> 123
A18: SUBTOTAL $ | I18: =SUM(I15:I17) -> 5845.5
A19: III. TRANSPORTES
A20: MATERIAL | D20: VOL. o PESO | E20: DISTANCIA | F20: M3 o Ton/Km | G20: TARIFA | I20: Vr. UNITARIO
A23: SUBTOTAL $
A24: IV. MANO DE OBRA
A25: TRABAJADOR | D25: JORNAL | E25: PRESTACIONES | F25: JORNAL TOTAL | G25: RENDIMIENTO | I25: Vr. UNITARIO
A26: 1 Ayudante de contruccion | D26: 30284 | E26: 25741.4 | F26: =+E26+D26 -> 56025.4 | G26: 292.98053 | I26: =+F26/G26 -> 191.23
A27: 1 Oficial de Contruccion | D27: 66667 | E27: 49140.25 | F27: =+E27+D27 -> 115807.25 | G27: =+G26 -> 292.98053 | I27: =+F27/G27 -> 395.27
A30: SUBTOTAL $ | I30: =SUM(I26:I29) -> 586.5
A32: TOTAL COSTO DIRECTO $ | I32: =+I12+I18+I23+I30 -> 6490.65
A33: V. COSTOS INDIRECTOS
A34: DESCRIPCIÓN | F34: PORCENTAJE | G34: VALOR TOTAL
A35: ADMINISTRACION | F35: 0.25 | G35: =+I32 -> 6490.65 | I35: =+G35*F35 -> 1622.66
A36: IMPREVISTOS | F36: 0 | G36: =+I32 -> 6490.65 | I36: =+G36*F36 -> 0
A37: UTILIDAD | F37: 0.05 | G37: =+I32 -> 6490.65 | I37: =+G37*F37 -> 324.53
A38: SUBTOTAL $ | I38: =SUM(I35:I37) -> 1947.19
A40: PRECIO UNITARIO TOTAL APROCIMADO AL PESO $ | I40: =+ROUND(I32+I38,0) -> 8438 | J40: =+'PROPUESTA APUS ORDENADOS'!G77 -> 8438 | K40: =+J40-I40 -> 0

Sheet APU 4,1 
A2: ANALISIS DE PRECIOS UNITARIOS
A5: ÍTEM | B5: DESCRIPCIÓN | G5: UNIDAD | I5: CANTIDAD
A6: 4.1 | B6: Linea de Demarcacion vial con Pintura Trafico - plastico en frio (Ancho 12 Cm) | G6: ML | I6: =+'PROPUESTA CONSORCIO'!F253+'PROPUESTA CONSORCIO'!F222+'PROPUESTA CONSORCIO'!F193+'PROPUESTA CONSORCIO'!F155+'PROPUESTA CONSORCIO'!F124+'PROPUESTA CONSORCIO'!F106+'PROPUESTA CONSORCIO'!F83+'PROPUESTA CONSORCIO'!F55+'PROPUESTA CONSORCIO'!F22 -> 36221
A7: I. EQUIPO
A8: DESCRIPCIÓN | C8: UNIDAD | D8: TIPO | F8: TARIFA/HORA | G8: RENDIMIENTO | I8: Vr. UNITARIO
A9: Herramienta menor: 10% Vr. M.O | C9: % | D9: ------------- | F9: =+I30 -> 917.68 | G9: 0.1 | I9: =+G9*F9 -> 91.77
A10: Camioneta D-300 | C10: Hm | D10: ------------- | F10: 45610 | G10: 2000 | I10: =+F10/G10 -> 22.81
A11: Vehiculo delineador | C11: Hm | D11: ------------- | F11: 150000 | G11: 2000 | I11: =+F11/G11 -> 75
A12: SUBTOTAL $ | I12: =SUM(I9:I11) -> 189.58
A13: II. MATERIALES
A14: DESCRIPCIÓN | E14: UNIDAD | F14: CANTIDAD | G14: PRECIO UNIT. | I14: Vr. UNITARIO
A15: Pintura Acrilica trafico - platico en frio | E15: gal | F15: 0.04 | G15: 80000 | I15: =+G15*F15 -> 3200
A18: SUBTOTAL $ | I18: =SUM(I15:I17) -> 3200
A19: III. TRANSPORTES
A20: MATERIAL | D20: VOL. o PESO | E20: DISTANCIA | F20: M3 o Ton/Km | G20: TARIFA | I20: Vr. UNITARIO
A23: SUBTOTAL $
A24: IV. MANO DE OBRA
A25: TRABAJADOR | D25: JORNAL | E25: PRESTACIONES | F25: JORNAL TOTAL | G25: RENDIMIENTO | I25: Vr. UNITARIO
A26: 4 Ayudante de contruccion | D26: 121136 | E26: 102965.6 | F26: =+D26+E26 -> 224101.6 | G26: 370.4 | I26: =+F26/G26 -> 605.03
A27: 1 Oficial de Contruccion | D27: 66667 | E27: 49140.25 | F27: =+E27+D27 -> 115807.25 | G27: =+G26 -> 370.4 | I27: =+F27/G27 -> 312.65
A30: SUBTOTAL $ | I30: =SUM(I26:I29) -> 917.68
A32: TOTAL COSTO DIRECTO $ | I32: =+I12+I18+I23+I30 -> 4307.26
A33: V. COSTOS INDIRECTOS
A34: DESCRIPCIÓN | F34: PORCENTAJE | G34: VALOR TOTAL
A35: ADMINISTRACION | F35: 0.25 | G35: =+I32 -> 4307.26 | I35: =+G35*F35 -> 1076.82
A36: IMPREVISTOS | F36: 0 | G36: =+I32 -> 4307.26 | I36: =+G36*F36 -> 0
A37: UTILIDAD | F37: 0.05 | G37: =+I32 -> 4307.26 | I37: =+G37*F37 -> 215.36
A38: SUBTOTAL $ | I38: =SUM(I35:I37) -> 1292.18
A40: PRECIO UNITARIO TOTAL APROCIMADO AL PESO $ | I40: =+ROUND(I32+I38,0) -> 5599 | J40: =+'PROPUESTA CONSORCIO'!G22 -> 5599 | K40: =+J40-I40 -> 0

Sheet APU 4,2
A2: ANALISIS DE PRECIOS UNITARIOS
A5: ÍTEM | B5: DESCRIPCIÓN | G5: UNIDAD | I5: CANTIDAD
A6: 4.2 | B6: Suministro e Instalacion acabado de color (Artistico) | G6: M2 | I6: =+'PROPUESTA CONSORCIO'!F23+'PROPUESTA CONSORCIO'!F125 -> 1157
A7: I. EQUIPO
A8: DESCRIPCIÓN | C8: UNIDAD | D8: TIPO | F8: TARIFA/HORA | G8: RENDIMIENTO | I8: Vr. UNITARIO
A9: Herramienta menor: 10% Vr. M.O | C9: % | D9: ------------- | F9: =+I30 -> 7016.18 | G9: 0.1 | I9: =+G9*F9 -> 701.62
A10: Vehiculo delineador | C10: Hm | D10: ------------- | F10: 450000 | G10: 24.4909 | I10: =+F10/G10 -> 18374.17
A11: SUBTOTAL $ | I11: =SUM(I9:I10) -> 19075.79
A12: II. MATERIALES
A13: DESCRIPCIÓN | E13: UNIDAD | F13: CANTIDAD | G13: PRECIO UNIT. | I13: Vr. UNITARIO
A14: Pintura Acrilica Pura para trafico | E14: gal | F14: 0.1 | G14: =+MATERIALES!M19 -> 75000 | I14: =+G14*F14 -> 7500
A18: SUBTOTAL $ | I18: =SUM(I14:I17) -> 7500
A19: III. TRANSPORTES
A20: MATERIAL | D20: VOL. o | E20: DISTANCIA | F20: M3 o Ton/Km | G20: TARIFA | I20: Vr. UNITARIO
A23: SUBTOTAL $
A24: IV. MANO DE OBRA
A25: TRABAJADOR | D25: JORNAL | E25: PRESTACIONES | F25: JORNAL TOTAL | G25: RENDIMIENTO | I25: Vr. UNITARIO
A26: 1 Ayudante de contruccion | D26: 30284 | E26: 25741.4 | F26: =+E26+D26 -> 56025.4 | G26: =+G10 -> 24.4909 | I26: =+F26/G26 -> 2287.6
A27: 1 Oficial de Contruccion | D27: 66667 | E27: 49140.25 | F27: =+E27+D27 -> 115807.25 | G27: =+G26 -> 24.4909 | I27: =+F27/G27 -> 4728.58
A30: SUBTOTAL $ | I30: =SUM(I26:I29) -> 7016.18
A32: TOTAL COSTO DIRECTO $ | I32: =+I11+I18+I23+I30 -> 33591.97
A33: V. COSTOS INDIRECTOS
A34: DESCRIPCIÓN | F34: PORCENTAJE | G34: VALOR TOTAL
A35: ADMINISTRACION | F35: 0.25 | G35: =+I32 -> 33591.97 | I35: =+G35*F35 -> 8397.99
A36: IMPREVISTOS | F36: 0 | G36: =+I32 -> 33591.97 | I36: =+G36*F36 -> 0
A37: UTILIDAD | F37: 0.05 | G37: =+I32 -> 33591.97 | I37: =+G37*F37 -> 1679.6
A38: SUBTOTAL $ | I38: =SUM(I35:I37) -> 10077.59
A40: PRECIO UNITARIO TOTAL APROCIMADO AL PESO $ | I40: =+ROUND(I32+I38,0) -> 43670 | J40: =+'PROPUESTA CONSORCIO'!G23 -> 43670 | K40: =+J40-I40 -> 0

Sheet APU 4.3
A2: ANALISIS DE PRECIOS UNITARIOS
A5: ÍTEM | B5: DESCRIPCIÓN | G5: UNIDAD | I5: CANTIDAD
A6: 4.3 | B6: Marca Vial con Pintura Trafico para demarcacion delimitacion de Velocidad. | G6: M2 | I6: =+'PROPUESTA CONSORCIO'!F24+'PROPUESTA CONSORCIO'!F59+'PROPUESTA CONSORCIO'!F85+'PROPUESTA CONSORCIO'!F107+'PROPUESTA CONSORCIO'!F126+'PROPUESTA CONSORCIO'!F157+'PROPUESTA CONSORCIO'!F196+'PROPUESTA CONSORCIO'!F225+'PROPUESTA CONSORCIO'!F257 -> 604
A7: I. EQUIPO
A8: DESCRIPCIÓN | C8: UNIDAD | D8: TIPO | F8: TARIFA/HORA | G8: RENDIMIENTO | I8: Vr. UNITARIO
A9: Herramienta menor: 10% Vr. M.O | C9: % | D9: ------------- | F9: =+I29 -> 12585.33 | G9: 0.1 | I9: =+G9*F9 -> 1258.53
A10: Vehiculo delineador | C10: Hm | D10: ------------- | F10: 450000 | G10: 31.455 | I10: =+F10/G10 -> 14306.15
A12: SUBTOTAL $ | I12: =SUM(I9:I11) -> 15564.68
A13: II. MATERIALES
A14: DESCRIPCIÓN | E14: UNIDAD | F14: CANTIDAD | G14: PRECIO UNIT. | I14: Vr. UNITARIO
A15: Pintura Acrilica Pura para trafico | E15: gal | F15: 0.1 | G15: =+'APU 4,2'!G14:H14 -> 75000 | I15: =+G15*F15 -> 7500
A17: SUBTOTAL $ | I17: =SUM(I15:I16) -> 7500
A18: III. TRANSPORTES
A19: MATERIAL | D19: VOL. o PESO | E19: DISTANCIA | F19: M3 o Ton/Km | G19: TARIFA | I19: Vr. UNITARIO
A22: SUBTOTAL $
A23: IV. MANO DE OBRA
A24: TRABAJADOR | D24: JORNAL | E24: PRESTACIONES | F24: JORNAL TOTAL | G24: RENDIMIENTO | I24: Vr. UNITARIO
A25: 5 Ayudante de contruccion | D25: 151420 | E25: 128707 | F25: =+D25+E25 -> 280127 | G25: =+G10 -> 31.46 | I25: =+F25/G25 -> 8904.23
A26: 1 Oficial de Contruccion | D26: 66667 | E26: 49140.25 | F26: =+E26+D26 -> 115807.25 | G26: =+G25 -> 31.46 | I26: =+F26/G26 -> 3681.1
A29: SUBTOTAL $ | I29: =SUM(I25:I28) -> 12585.33
A31: TOTAL COSTO DIRECTO $ | I31: =+I12+I17+I22+I29 -> 35650.01
A32: V. COSTOS INDIRECTOS
A33: DESCRIPCIÓN | F33: PORCENTAJE | G33: VALOR TOTAL
A34: ADMINISTRACION | F34: 0.25 | G34: =+I31 -> 35650.01 | I34: =+G34*F34 -> 8912.5
A35: IMPREVISTOS | F35: 0 | G35: =+I31 -> 35650.01 | I35: =+G35*F35 -> 0
A36: UTILIDAD | F36: 0.05 | G36: =+I31 -> 35650.01 | I36: =+G36*F36 -> 1782.5
A37: SUBTOTAL $ | I37: =SUM(I34:I36) -> 10695
A39: PRECIO UNITARIO TOTAL APROCIMADO AL PESO $ | I39: =+ROUND(I31+I37,0) -> 46345 | J39: =+'PROPUESTA CONSORCIO'!G25 -> 46345 | K39: =+J39-I39 -> 0

Sheet APU 4.4
A2: ANALISIS DE PRECIOS UNITARIOS
A5: ÍTEM | B5: DESCRIPCIÓN | G5: UNIDAD | I5: CANTIDAD
A6: 4.4 | B6: Marca Vial con Pintura Trafico para demarcacion felchas de orientacion Vehicular. | G6: M2 | I6: =+'PROPUESTA CONSORCIO'!F25+'PROPUESTA CONSORCIO'!F60+'PROPUESTA CONSORCIO'!F86+'PROPUESTA CONSORCIO'!F108+'PROPUESTA CONSORCIO'!F127+'PROPUESTA CONSORCIO'!F158+'PROPUESTA CONSORCIO'!F197+'PROPUESTA CONSORCIO'!F226+'PROPUESTA CONSORCIO'!F258 -> 598
A7: I. EQUIPO
A8: DESCRIPCIÓN | C8: UNIDAD | D8: TIPO | F8: TARIFA/HORA | G8: RENDIMIENTO | I8: Vr. UNITARIO
A9: Herramienta menor: 10% Vr. M.O | C9: % | D9: ------------- | F9: =+I29 -> 12585.33 | G9: 0.1 | I9: =+G9*F9 -> 1258.53
A10: Vehiculo delineador | C10: Hm | D10: ------------- | F10: 450000 | G10: 31.455 | I10: =+F10/G10 -> 14306.15
A12: SUBTOTAL $ | I12: =SUM(I9:I11) -> 15564.68
A13: II. MATERIALES
A14: DESCRIPCIÓN | E14: UNIDAD | F14: CANTIDAD | G14: PRECIO UNIT. | I14: Vr. UNITARIO
A15: Pintura Acrilica Pura para trafico | E15: gal | F15: 0.1 | G15: =+'APU 4,2'!G14:H14 -> 75000 | I15: =+G15*F15 -> 7500
A17: SUBTOTAL $ | I17: =SUM(I15:I16) -> 7500
A18: III. TRANSPORTES
A19: MATERIAL | D19: VOL. o PESO | E19: DISTANCIA | F19: M3 o Ton/Km | G19: TARIFA | I19: Vr. UNITARIO
A22: SUBTOTAL $
A23: IV. MANO DE OBRA
A24: TRABAJADOR | D24: JORNAL | E24: PRESTACIONES | F24: JORNAL TOTAL | G24: RENDIMIENTO | I24: Vr. UNITARIO
A25: 5 Ayudante de contruccion | D25: 151420 | E25: 128707 | F25: =+E25+D25 -> 280127 | G25: =+G10 -> 31.46 | I25: =+F25/G25 -> 8904.23
A26: 1 Oficial de Contruccion | D26: 66667 | E26: 49140.25 | F26: =+E26+D26 -> 115807.25 | G26: =+G25 -> 31.46 | I26: =+F26/G26 -> 3681.1
A29: SUBTOTAL $ | I29: =SUM(I25:I28) -> 12585.33
A31: TOTAL COSTO DIRECTO $ | I31: =+I12+I17+I22+I29 -> 35650.01
A32: V. COSTOS INDIRECTOS
A33: DESCRIPCIÓN | F33: PORCENTAJE | G33: VALOR TOTAL
A34: ADMINISTRACION | F34: 0.25 | G34: =+I31 -> 35650.01 | I34: =+G34*F34 -> 8912.5
A35: IMPREVISTOS | F35: 0 | G35: =+I31 -> 35650.01 | I35: =+G35*F35 -> 0
A36: UTILIDAD | F36: 0.05 | G36: =+I31 -> 35650.01 | I36: =+G36*F36 -> 1782.5
A37: SUBTOTAL $ | I37: =SUM(I34:I36) -> 10695
A39: PRECIO UNITARIO TOTAL APROCIMADO AL PESO $ | I39: =+ROUND(I37+I31,0) -> 46345 | J39: =+'PROPUESTA CONSORCIO'!G25 -> 46345 | K39: =+J39-I39 -> 0

Sheet APU 4.5
A2: ANALISIS DE PRECIOS UNITARIOS
A5: ÍTEM | B5: DESCRIPCIÓN | G5: UNIDAD | I5: CANTIDAD
A6: 4.5 | B6: Marca Vial con Pintura Trafico para demarcacion zona Bicicletas | G6: M2 | I6: =+'PROPUESTA CONSORCIO'!F26+'PROPUESTA CONSORCIO'!F62+'PROPUESTA CONSORCIO'!F128+'PROPUESTA CONSORCIO'!F160+'PROPUESTA CONSORCIO'!F199+'PROPUESTA CONSORCIO'!F228+'PROPUESTA CONSORCIO'!F260 -> 443
A7: I. EQUIPO
A8: DESCRIPCIÓN | C8: UNIDAD | D8: TIPO | F8: TARIFA/HORA | G8: RENDIMIENTO | I8: Vr. UNITARIO
A9: Herramienta menor: 10% Vr. M.O | C9: % | D9: ------------- | F9: =+I29 -> 12585.33 | G9: 0.1 | I9: =+G9*F9 -> 1258.53
A10: Vehiculo delineador | C10: Hm | D10: ------------- | F10: 450000 | G10: 31.455 | I10: =+F10/G10 -> 14306.15
A12: SUBTOTAL $ | I12: =SUM(I9:I11) -> 15564.68
A13: II. MATERIALES
A14: DESCRIPCIÓN | E14: UNIDAD | F14: CANTIDAD | G14: PRECIO UNIT. | I14: Vr. UNITARIO
A15: Pintura Acrilica Pura para trafico | E15: gal | F15: 0.1 | G15: =+'APU 4,2'!G14:H14 -> 75000 | I15: =+G15*F15 -> 7500
A17: SUBTOTAL $ | I17: =SUM(I15:I16) -> 7500
A18: III. TRANSPORTES
A19: MATERIAL | D19: VOL. o PESO | E19: DISTANCIA | F19: M3 o Ton/Km | G19: TARIFA | I19: Vr. UNITARIO
A22: SUBTOTAL $
A23: IV. MANO DE OBRA
A24: TRABAJADOR | D24: JORNAL | E24: PRESTACIONES | F24: JORNAL TOTAL | G24: RENDIMIENTO | I24: Vr. UNITARIO
A25: 5 Ayudante de contruccion | D25: 151420 | E25: 128707 | F25: =+E25+D25 -> 280127 | G25: =+G10 -> 31.46 | I25: =+F25/G25 -> 8904.23
A26: 1 Oficial de Contruccion | D26: 66667 | E26: 49140.25 | F26: =+E26+D26 -> 115807.25 | G26: =+G25 -> 31.46 | I26: =+F26/G26 -> 3681.1
A29: SUBTOTAL $ | I29: =SUM(I25:I28) -> 12585.33
A31: TOTAL COSTO DIRECTO $ | I31: =+I12+I17+I22+I29 -> 35650.01
A32: V. COSTOS INDIRECTOS
A33: DESCRIPCIÓN | F33: PORCENTAJE | G33: VALOR TOTAL
A34: ADMINISTRACION | F34: 0.25 | G34: =+I31 -> 35650.01 | I34: =+G34*F34 -> 8912.5
A35: IMPREVISTOS | F35: 0 | G35: =+I31 -> 35650.01 | I35: =+G35*F35 -> 0
A36: UTILIDAD | F36: 0.05 | G36: =+I31 -> 35650.01 | I36: =+G36*F36 -> 1782.5
A37: SUBTOTAL $ | I37: =SUM(I34:I36) -> 10695
A39: PRECIO UNITARIO TOTAL APROCIMADO AL PESO $ | I39: =+ROUND(I37+I31,0) -> 46345 | J39: =+'PROPUESTA CONSORCIO'!G26 -> 46345 | K39: =+J39-I39 -> 0

Sheet APU 4.6
A2: ANALISIS DE PRECIOS UNITARIOS
A5: ÍTEM | B5: DESCRIPCIÓN | G5: UNIDAD | I5: CANTIDAD
A6: 4.6 | B6: Marca Vial con Pintura Trafico para demarcacion zonas peatonal | G6: M2 | I6: =+'PROPUESTA CONSORCIO'!F27+'PROPUESTA CONSORCIO'!F129 -> 680
A7: I. EQUIPO
A8: DESCRIPCIÓN | C8: UNIDAD | D8: TIPO | F8: TARIFA/HORA | G8: RENDIMIENTO | I8: Vr. UNITARIO
A9: Herramienta menor: 10% Vr. M.O | C9: % | D9: ------------- | F9: =+I29 -> 12585.33 | G9: 0.1 | I9: =+G9*F9 -> 1258.53
A10: Vehiculo delineador | C10: Hm | D10: ------------- | F10: 450000 | G10: 31.455 | I10: =+F10/G10 -> 14306.15
A12: SUBTOTAL $ | I12: =SUM(I9:I11) -> 15564.68
A13: II. MATERIALES
A14: DESCRIPCIÓN | E14: UNIDAD | F14: CANTIDAD | G14: PRECIO UNIT. | I14: Vr. UNITARIO
A15: Pintura Acrilica Pura para trafico | E15: gal | F15: 0.1 | G15: =+'APU 4,2'!G14:H14 -> 75000 | I15: =+G15*F15 -> 7500
A17: SUBTOTAL $ | I17: =SUM(I15:I16) -> 7500
A18: III. TRANSPORTES
A19: MATERIAL | D19: VOL. o PESO | E19: DISTANCIA | F19: M3 o Ton/Km | G19: TARIFA | I19: Vr. UNITARIO
A22: SUBTOTAL $
A23: IV. MANO DE OBRA
A24: TRABAJADOR | D24: JORNAL | E24: PRESTACIONES | F24: JORNAL TOTAL | G24: RENDIMIENTO | I24: Vr. UNITARIO
A25: 5 Ayudante de contruccion | D25: 151420 | E25: 128707 | F25: =+E25+D25 -> 280127 | G25: =+G10 -> 31.46 | I25: =+F25/G25 -> 8904.23
A26: 1 Oficial de Contruccion | D26: 66667 | E26: 49140.25 | F26: =+E26+D26 -> 115807.25 | G26: =+G25 -> 31.46 | I26: =+F26/G26 -> 3681.1
A29: SUBTOTAL $ | I29: =SUM(I25:I28) -> 12585.33
A31: TOTAL COSTO DIRECTO $ | I31: =+I12+I17+I22+I29 -> 35650.01
A32: V. COSTOS INDIRECTOS
A33: DESCRIPCIÓN | F33: PORCENTAJE | G33: VALOR TOTAL
A34: ADMINISTRACION | F34: 0.25 | G34: =+I31 -> 35650.01 | I34: =+G34*F34 -> 8912.5
A35: IMPREVISTOS | F35: 0 | G35: =+I31 -> 35650.01 | I35: =+G35*F35 -> 0
A36: UTILIDAD | F36: 0.05 | G36: =+I31 -> 35650.01 | I36: =+G36*F36 -> 1782.5
A37: SUBTOTAL $ | I37: =SUM(I34:I36) -> 10695
A39: PRECIO UNITARIO TOTAL APROCIMADO AL PESO $ | I39: =+ROUND(I37+I31,0) -> 46345 | J39: =+'PROPUESTA CONSORCIO'!G27 -> 46345 | K39: =+J39-I39 -> 0

Sheet APU 4.7
A2: ANALISIS DE PRECIOS UNITARIOS
A5: ÍTEM | B5: DESCRIPCIÓN | G5: UNIDAD | I5: CANTIDAD
A6: 4.7 | B6: Suminsitro e instalacion tacha Reflectiva | G6: UND. | I6: =+'PROPUESTA CONSORCIO'!F28+'PROPUESTA CONSORCIO'!F65+'PROPUESTA CONSORCIO'!F130+'PROPUESTA CONSORCIO'!F163+'PROPUESTA CONSORCIO'!F202+'PROPUESTA CONSORCIO'!F231+'PROPUESTA CONSORCIO'!F263 -> 8963
A7: I. EQUIPO
A8: DESCRIPCIÓN | C8: UNIDAD | D8: TIPO | F8: TARIFA/HORA | G8: RENDIMIENTO | I8: Vr. UNITARIO
A9: Herramienta menor: 10% Vr. M.O | C9: % | D9: ------------- | F9: =+I30 -> 149.54 | G9: 0.1 | I9: =+F9*G9 -> 14.95
A12: SUBTOTAL $ | I12: =SUM(I9:I9) -> 14.95
A13: II. MATERIALES
A14: DESCRIPCIÓN | E14: UNIDAD | F14: CANTIDAD | G14: PRECIO UNIT. | I14: Vr. UNITARIO
A15: Resina termoplástica | E15: kg | F15: 0.1 | G15: =+MATERIALES!M35 -> 7000 | I15: =+F15*G15 -> 700
A16: Tacha reflectiva | E16: Und | F16: 1 | G16: =+MATERIALES!M48 -> 6000 | I16: =+F16*G16 -> 6000
A18: SUBTOTAL $ | I18: =SUM(I15:I17) -> 6700
A19: III. TRANSPORTES
A20: MATERIAL | D20: VOL. o PESO | E20: DISTANCIA | F20: M3 o Ton/Km | G20: TARIFA | I20: Vr. UNITARIO
A23: SUBTOTAL $
A24: IV. MANO DE OBRA
A25: TRABAJADOR | D25: JORNAL | E25: PRESTACIONES | F25: JORNAL TOTAL | G25: RENDIMIENTO | I25: Vr. UNITARIO
A26: 2 Ayudante de contruccion | D26: 60568 | E26: 51482.8 | F26: =+D26+E26 -> 112050.8 | G26: 1523.7223 | I26: =+F26/G26 -> 73.54
A27: 1 Oficial de Contruccion | D27: 66667 | E27: 49140.25 | F27: =+D27+E27 -> 115807.25 | G27: =+G26 -> 1523.7223 | I27: =+F27/G27 -> 76
A30: SUBTOTAL $ | I30: =SUM(I26:I29) -> 149.54
A32: TOTAL COSTO DIRECTO $ | I32: =+I12+I18+I23+I30 -> 6864.49
A33: V. COSTOS INDIRECTOS
A34: DESCRIPCIÓN | F34: PORCENTAJE | G34: VALOR TOTAL
A35: ADMINISTRACION | F35: 0.25 | G35: =+I32 -> 6864.49 | I35: =+G35*F35 -> 1716.12
A36: IMPREVISTOS | F36: 0 | G36: =+I32 -> 6864.49 | I36: =+G36*F36 -> 0
A37: UTILIDAD | F37: 0.05 | G37: =+I32 -> 6864.49 | I37: =+G37*F37 -> 343.22
A38: SUBTOTAL $ | I38: =SUM(I35:I37) -> 2059.34
A40: PRECIO UNITARIO TOTAL APROCIMADO AL PESO $ | I40: =+ROUND(I32+I38,0) -> 8924 | J40: =+'PROPUESTA CONSORCIO'!G28 -> 8924 | K40: =+J40-I40 -> 0

Sheet APU  4.8
A2: ANALISIS DE PRECIOS UNITARIOS
A5: ÍTEM | B5: DESCRIPCIÓN | G5: UNIDAD | I5: CANTIDAD
A6: 4.8 | B6: Suminsitro e Intalacion de Hito Delineador o Señalizador Tubular Flexible 74cm | G6: UND. | I6: =+'PROPUESTA CONSORCIO'!F29+'PROPUESTA CONSORCIO'!F66+'PROPUESTA CONSORCIO'!F131+'PROPUESTA CONSORCIO'!F164+'PROPUESTA CONSORCIO'!F203+'PROPUESTA CONSORCIO'!F232+'PROPUESTA CONSORCIO'!F264 -> 321
A7: I. EQUIPO
A8: DESCRIPCIÓN | C8: UNIDAD | D8: TIPO | F8: TARIFA/HORA | G8: RENDIMIENTO | I8: Vr. UNITARIO
A9: Herramienta menor: 10% Vr. M.O | C9: % | D9: ------------- | F9: =+I30 -> 213.34 | G9: 0.1 | I9: =+G9*F9 -> 21.33
A12: SUBTOTAL $ | I12: =SUM(I9:I9) -> 21.33
A13: II. MATERIALES
A14: DESCRIPCIÓN | E14: UNIDAD | F14: CANTIDAD | G14: PRECIO UNIT. | I14: Vr. UNITARIO
A15: Resina termoplástica | E15: kg | F15: 0.08 | G15: =+MATERIALES!M35 -> 7000 | I15: =+G15*F15 -> 560
A16: Hito Delineador O Señalizador Tubular Flexible 74cm | E16: Und | F16: 1 | G16: =+MATERIALES!M36 -> 42457.69 | I16: =+G16*F16 -> 42457.69
A18: SUBTOTAL $ | I18: =SUM(I15:I17) -> 43017.69
A19: III. TRANSPORTES
A20: MATERIAL | D20: VOL. o PESO | E20: DISTANCIA | F20: M3 o Ton/Km | G20: TARIFA | I20: Vr. UNITARIO
A23: SUBTOTAL $
A24: IV. MANO DE OBRA
A25: TRABAJADOR | D25: JORNAL | E25: PRESTACIONES | F25: JORNAL TOTAL | G25: RENDIMIENTO | I25: Vr. UNITARIO
A26: 2 Ayudante de contruccion | D26: 60568 | E26: 51482.8 | F26: =+E26+D26 -> 112050.8 | G26: 1068.04 | I26: =+F26/G26 -> 104.91
A27: 1 Oficial de Contruccion | D27: 66667 | E27: 49140.25 | F27: =+E27+D27 -> 115807.25 | G27: =+G26 -> 1068.04 | I27: =+F27/G27 -> 108.43
A30: SUBTOTAL $ | I30: =SUM(I26:I29) -> 213.34
A32: TOTAL COSTO DIRECTO $ | I32: =+I12+I18+I23+I30 -> 43252.36
A33: V. COSTOS INDIRECTOS
A34: DESCRIPCIÓN | F34: PORCENTAJE | G34: VALOR TOTAL
A35: ADMINISTRACION | F35: 0.25 | G35: =+I32 -> 43252.36 | I35: =+G35*F35 -> 10813.09
A36: IMPREVISTOS | F36: 0 | G36: =+I32 -> 43252.36 | I36: =+G36*F36 -> 0
A37: UTILIDAD | F37: 0.05 | G37: =+I32 -> 43252.36 | I37: =+G37*F37 -> 2162.62
A38: SUBTOTAL $ | I38: =SUM(I35:I37) -> 12975.71
A40: PRECIO UNITARIO TOTAL APROCIMADO AL PESO $ | I40: =+ROUND(I32+I38,0) -> 56228 | J40: =+'PROPUESTA CONSORCIO'!G29 -> 56228 | K40: =+J40-I40 -> 0

Sheet APU 4.9
A2: ANALISIS DE PRECIOS UNITARIOS
A5: ÍTEM | B5: DESCRIPCIÓN | G5: UNIDAD | I5: CANTIDAD
A6: 4.9 | B6: Suministro e Instalacion de resalto plastico de alta resistencia (0,5x0,30m) | G6: UND. | I6: =+'PROPUESTA CONSORCIO'!F30+'PROPUESTA CONSORCIO'!F67+'PROPUESTA CONSORCIO'!F132+'PROPUESTA CONSORCIO'!F165+'PROPUESTA CONSORCIO'!F204+'PROPUESTA CONSORCIO'!F233+'PROPUESTA CONSORCIO'!F265 -> 648
A7: I. EQUIPO
A8: DESCRIPCIÓN | C8: UNIDAD | D8: TIPO | F8: TARIFA/HORA | G8: RENDIMIENTO | I8: Vr. UNITARIO
A9: Herramienta menor: 10% Vr. M.O | C9: % | D9: ------------- | F9: =+I31 -> 14859.34 | G9: 0.1 | I9: =+G9*F9 -> 1485.93
A13: SUBTOTAL $ | I13: =SUM(I9:I12) -> 1485.93
A14: II. MATERIALES
A15: DESCRIPCIÓN | E15: UNIDAD | F15: CANTIDAD | G15: PRECIO UNIT. | I15: Vr. UNITARIO
A16: Resina termo plastica pegante epoxico | E16: Gl | F16: 0.2 | G16: =+MATERIALES!M37 -> 25143.01 | I16: =+G16*F16 -> 5028.6
A17: Resalto Plastico alta resistencia 0,50 x 0,30 | E17: Und | F17: 1 | G17: =+MATERIALES!M38 -> 40000 | I17: =+G17*F17 -> 40000
A19: SUBTOTAL $ | I19: =SUM(I16:I18) -> 45028.6
A20: III. TRANSPORTES
A21: MATERIAL | D21: VOL. o PESO | E21: DISTANCIA | F21: M3 o Ton/Km | G21: TARIFA | I21: Vr. UNITARIO
A24: SUBTOTAL $
A25: IV. MANO DE OBRA
A26: TRABAJADOR | D26: JORNAL | E26: PRESTACIONES | F26: JORNAL TOTAL | G26: RENDIMIENTO | I26: Vr. UNITARIO
A27: 1 Ayudante de contruccion | D27: 30284 | E27: 25741.4 | F27: =+D27+E27 -> 56025.4 | G27: 11.56395 | I27: =+F27/G27 -> 4844.83
A28: 1 Oficial de Contruccion | D28: 66667 | E28: 49140.25 | F28: =+D28+E28 -> 115807.25 | G28: =+G27 -> 11.56395 | I28: =+F28/G28 -> 10014.51
A31: SUBTOTAL $ | I31: =+I27+I28 -> 14859.34
A33: TOTAL COSTO DIRECTO $ | I33: =+I13+I19+I24+I31 -> 61373.87
A34: V. COSTOS INDIRECTOS
A35: DESCRIPCIÓN | F35: PORCENTAJE | G35: VALOR TOTAL
A36: ADMINISTRACION | F36: 0.25 | G36: =+I33 -> 61373.87 | I36: =+F36*G36 -> 15343.47
A37: IMPREVISTOS | F37: 0 | G37: =+I33 -> 61373.87 | I37: =+F37*G37 -> 0
A38: UTILIDAD | F38: 0.05 | G38: =+I33 -> 61373.87 | I38: =+F38*G38 -> 3068.69
A39: SUBTOTAL $ | I39: =SUM(I36:I38) -> 18412.16
A41: PRECIO UNITARIO TOTAL APROCIMADO AL PESO $ | I41: =+ROUND(I33+I39,0) -> 79786 | J41: =+'PROPUESTA CONSORCIO'!G30 -> 79786 | K41: =+J41-I41 -> 0

Sheet APU 4.10
A2: ANALISIS DE PRECIOS UNITARIOS
A5: ÍTEM | B5: DESCRIPCIÓN | G5: UNIDAD | I5: CANTIDAD
A6: 4.1 | B6: Señal Vertical de transito Tipo 1 con lamina retroreflectiva Tipo III (75x75) cm | G6: UND. | I6: =+'PROPUESTA CONSORCIO'!F31+'PROPUESTA CONSORCIO'!F68+'PROPUESTA CONSORCIO'!F89+'PROPUESTA CONSORCIO'!F133+'PROPUESTA CONSORCIO'!F166+'PROPUESTA CONSORCIO'!F205+'PROPUESTA CONSORCIO'!F234+'PROPUESTA CONSORCIO'!F266 -> 207
A7: I. EQUIPO
A8: DESCRIPCIÓN | C8: UNIDAD | D8: TIPO | F8: TARIFA/HORA | G8: RENDIMIENTO | I8: Vr. UNITARIO
A9: Herramienta menor: 10% Vr. M.O | C9: % | D9: ------------- | F9: =+I29 -> 17822.32 | G9: 0.1 | I9: =+G9*F9 -> 1782.23
A11: SUBTOTAL $ | I11: =SUM(I9:I10) -> 1782.23
A12: II. MATERIALES
A13: DESCRIPCIÓN | E13: UNIDAD | F13: CANTIDAD | G13: PRECIO UNIT. | I13: Vr. UNITARIO
A14: Poste en angulo de 2*2*1/4 de 3,5m para señal | E14: Und | F14: 1 | G14: =+MATERIALES!M39 -> 98000 | I14: =+G14*F14 -> 98000
A15: Señal (grupo 1). Tablero en lámina galvanizada de 75cm*75cm, reflectivo tipo | E15: Und | F15: 1 | G15: =+MATERIALES!M40 -> 245510.77 | I15: =+G15*F15 -> 245510.77
A16: Concreto Resistencia 14 (Mpa) | E16: M3 | F16: 0.03 | G16: =+MATERIALES!M41 -> 375000 | I16: =+G16*F16 -> 11250
A17: SUBTOTAL $ | I17: =SUM(I14:I16) -> 354760.77
A18: III. TRANSPORTES
A19: MATERIAL | D19: VOL. o PESO | E19: DISTANCIA | F19: M3 o Ton/Km | G19: TARIFA | I19: Vr. UNITARIO
A22: SUBTOTAL $
A23: IV. MANO DE OBRA
A24: TRABAJADOR | D24: JORNAL | E24: PRESTACIONES | F24: JORNAL TOTAL | G24: RENDIMIENTO | I24: Vr. UNITARIO
A25: 2 Ayudante de contruccion | D25: 60568 | E25: 51482.8 | F25: =+E25+D25 -> 112050.8 | G25: 12.78498 | I25: =+F25/G25 -> 8764.25
A26: 1 Oficial de Contruccion | D26: 66667 | E26: 49140.25 | F26: =+D26+E26 -> 115807.25 | G26: =+G25 -> 12.78498 | I26: =+F26/G26 -> 9058.07
A29: SUBTOTAL $ | I29: =SUM(I25:I28) -> 17822.32
A31: TOTAL COSTO DIRECTO $ | I31: =+I11+I17+I22+I29 -> 374365.32
A32: V. COSTOS INDIRECTOS
A33: DESCRIPCIÓN | F33: PORCENTAJE | G33: VALOR TOTAL
A34: ADMINISTRACION | F34: 0.25 | G34: =+I31 -> 374365.32 | I34: =+G34*F34 -> 93591.33
A35: IMPREVISTOS | F35: 0 | G35: =+I31 -> 374365.32 | I35: =+G35*F35 -> 0
A36: UTILIDAD | F36: 0.05 | G36: =+I31 -> 374365.32 | I36: =+G36*F36 -> 18718.27
A37: SUBTOTAL $ | I37: =SUM(I34:I36) -> 112309.6
A39: PRECIO UNITARIO TOTAL APROCIMADO AL PESO $ | I39: =+ROUND(I31+I37,0) -> 486675 | J39: =+'PROPUESTA CONSORCIO'!G31 -> 486675 | K39: =+J39-I39 -> 0

Sheet APU 4.11
A2: ANALISIS DE PRECIOS UNITARIOS
A5: ÍTEM | B5: DESCRIPCIÓN | G5: UNIDAD | I5: CANTIDAD
A6: 4.11 | B6: Suminsitro e instalacion Estoperoles plasticos | G6: UND. | I6: =+'PROPUESTA CONSORCIO'!F32 -> 3000
A7: I. EQUIPO
A8: DESCRIPCIÓN | C8: UNIDAD | D8: TIPO | F8: TARIFA/HORA | G8: RENDIMIENTO | I8: Vr. UNITARIO
A9: Herramienta menor: 10% Vr. M.O | C9: % | D9: ------------- | F9: =+I28 -> 390.73 | G9: 0.1 | I9: =+G9*F9 -> 39.07
A10: SUBTOTAL $ | I10: =SUM(I9:I9) -> 39.07
A11: II. MATERIALES
A12: DESCRIPCIÓN | E12: UNIDAD | F12: CANTIDAD | G12: PRECIO UNIT. | I12: Vr. UNITARIO
A13: Resina termoplástica | E13: kg | F13: 0.08 | G13: =+MATERIALES!M42 -> 5437.6 | I13: =+G13*F13 -> 435.01
A14: Estoperoles plasticos | E14: Und | F14: 1 | G14: =+MATERIALES!M43 -> 6000 | I14: =+G14*F14 -> 6000
A16: SUBTOTAL $ | I16: =SUM(I13:I15) -> 6435.01
A17: III. TRANSPORTES
A18: MATERIAL | D18: VOL. o PESO | E18: DISTANCIA | F18: M3 o Ton/Km | G18: TARIFA | I18: Vr. UNITARIO
A21: SUBTOTAL $
A22: IV. MANO DE OBRA
A23: TRABAJADOR | D23: JORNAL | E23: PRESTACIONES | F23: JORNAL TOTAL | G23: RENDIMIENTO | I23: Vr. UNITARIO
A24: 2 Ayudante de contruccion | D24: 60568 | E24: 51482.8 | F24: 112050.8 | G24: 583.16 | I24: =+F24/G24 -> 192.14
A25: 1 Oficial de Contruccion | D25: 66667 | E25: 49140.25 | F25: 115807.25 | G25: =+G24 -> 583.16 | I25: =+F25/G25 -> 198.59
A28: SUBTOTAL $ | I28: =SUM(I24:I27) -> 390.73
A30: TOTAL COSTO DIRECTO $ | I30: =+I10+I16+I21+I28 -> 6864.81
A31: V. COSTOS INDIRECTOS
A32: DESCRIPCIÓN | F32: PORCENTAJE | G32: VALOR TOTAL
A33: ADMINISTRACION | F33: 0.25 | G33: =+I30 -> 6864.81 | I33: =+G33*F33 -> 1716.2
A34: IMPREVISTOS | F34: 0 | G34: =+I30 -> 6864.81 | I34: =+G34*F34 -> 0
A35: UTILIDAD | F35: 0.05 | G35: =+I30 -> 6864.81 | I35: =+G35*F35 -> 343.24
A36: SUBTOTAL $ | I36: =SUM(I33:I35) -> 2059.44
A38: PRECIO UNITARIO TOTAL APROCIMADO AL PESO $ | I38: =+ROUND(I30+I36,0) -> 8924 | J38: =+'PROPUESTA CONSORCIO'!G32 -> 8924 | K38: =+J38-I38 -> 0

Sheet APU 4.12
A2: ANALISIS DE PRECIOS UNITARIOS
A5: ÍTEM | B5: DESCRIPCIÓN | G5: UNIDAD | I5: CANTIDAD
A6: 4.12 | B6: Pintura de textos sobre la via con pintura Trafico | G6: M2 | I6: =+'PROPUESTA CONSORCIO'!F33 -> 99
A7: I. EQUIPO
A8: DESCRIPCIÓN | C8: UNIDAD | D8: TIPO | F8: TARIFA/HORA | G8: RENDIMIENTO | I8: Vr. UNITARIO
A9: Herramienta menor: 10% Vr. M.O | C9: % | D9: ------------- | F9: =+I29 -> 12585.33 | G9: 0.1 | I9: =+G9*F9 -> 1258.53
A10: Vehiculo delineador | C10: Hm | D10: ------------- | F10: 450000 | G10: 31.455 | I10: =+F10/G10 -> 14306.15
A12: SUBTOTAL $ | I12: =SUM(I9:I11) -> 15564.68
A13: II. MATERIALES
A14: DESCRIPCIÓN | E14: UNIDAD | F14: CANTIDAD | G14: PRECIO UNIT. | I14: Vr. UNITARIO
A15: Pintura Acrilica Pura para trafico | E15: gal | F15: 0.1 | G15: =+'APU 4,2'!G14:H14 -> 75000 | I15: =+G15*F15 -> 7500
A17: SUBTOTAL $ | I17: =SUM(I15:I16) -> 7500
A18: III. TRANSPORTES
A19: MATERIAL | D19: VOL. o PESO | E19: DISTANCIA | F19: M3 o Ton/Km | G19: TARIFA | I19: Vr. UNITARIO
A22: SUBTOTAL $
A23: IV. MANO DE OBRA
A24: TRABAJADOR | D24: JORNAL | E24: PRESTACIONES | F24: JORNAL TOTAL | G24: RENDIMIENTO | I24: Vr. UNITARIO
A25: 5 Ayudante de contruccion | D25: 151420 | E25: 128707 | F25: =+E25+D25 -> 280127 | G25: =+G10 -> 31.46 | I25: =+F25/G25 -> 8904.23
A26: 1 Oficial de Contruccion | D26: 66667 | E26: 49140.25 | F26: =+E26+D26 -> 115807.25 | G26: =+G25 -> 31.46 | I26: =+F26/G26 -> 3681.1
A29: SUBTOTAL $ | I29: =SUM(I25:I28) -> 12585.33
A31: TOTAL COSTO DIRECTO $ | I31: =+I12+I17+I22+I29 -> 35650.01
A32: V. COSTOS INDIRECTOS
A33: DESCRIPCIÓN | F33: PORCENTAJE | G33: VALOR TOTAL
A34: ADMINISTRACION | F34: 0.25 | G34: =+I31 -> 35650.01 | I34: =+G34*F34 -> 8912.5
A35: IMPREVISTOS | F35: 0 | G35: =+I31 -> 35650.01 | I35: =+G35*F35 -> 0
A36: UTILIDAD | F36: 0.05 | G36: =+I31 -> 35650.01 | I36: =+G36*F36 -> 1782.5
A37: SUBTOTAL $ | I37: =SUM(I34:I36) -> 10695
A39: PRECIO UNITARIO TOTAL APROCIMADO AL PESO $ | I39: =+ROUND(I37+I31,0) -> 46345 | J39: =+'PROPUESTA CONSORCIO'!G33 -> 46345 | K39: =+J39-I39 -> 0

Sheet APU 4,13
A2: ANALISIS DE PRECIOS UNITARIOS
A5: ÍTEM | B5: DESCRIPCIÓN | G5: UNIDAD | I5: CANTIDAD
A6: 4.13 | B6: Linea de Demarcacion vial con Pintura Trafico (Ancho 30 Cm) | G6: ML | I6: =+'PROPUESTA CONSORCIO'!F56+'PROPUESTA CONSORCIO'!F156+'PROPUESTA CONSORCIO'!F194+'PROPUESTA CONSORCIO'!F223+'PROPUESTA CONSORCIO'!F254 -> 882
A7: I. EQUIPO
A8: DESCRIPCIÓN | C8: UNIDAD | D8: TIPO | F8: TARIFA/HORA | G8: RENDIMIENTO | I8: Vr. UNITARIO
A9: Herramienta menor: 10% Vr. M.O | C9: % | D9: ------------- | F9: =+I28 -> 1557.85 | G9: 0.1 | I9: =+G9*F9 -> 155.79
A10: Vehiculo delineador | C10: Hm | D10: ------------- | F10: 450000 | G10: 218.19 | I10: =+F10/G10 -> 2062.42
A11: SUBTOTAL $ | I11: =SUM(I9:I10) -> 2218.21
A12: II. MATERIALES
A13: DESCRIPCIÓN | E13: UNIDAD | F13: CANTIDAD | G13: PRECIO UNIT. | I13: Vr. UNITARIO
A14: Pintura Acrilica Pura para trafico | E14: gal | F14: 0.002 | G14: =+MATERIALES!M19 -> 75000 | I14: =+G14*F14 -> 150
A16: SUBTOTAL $ | I16: =SUM(I14:I15) -> 150
A17: III. TRANSPORTES
A18: MATERIAL | D18: VOL. o | E18: DISTANCIA | F18: M3 o Ton/Km | G18: TARIFA | I18: Vr. UNITARIO
A21: SUBTOTAL $
A22: IV. MANO DE OBRA
A23: TRABAJADOR | D23: JORNAL | E23: PRESTACIONES | F23: JORNAL TOTAL | G23: RENDIMIENTO | I23: Vr. UNITARIO
A24: 4 Ayudante de contruccion | D24: 121136 | E24: 102965.6 | F24: =+D24+E24 -> 224101.6 | G24: =+G10 -> 218.19 | I24: =+F24/G24 -> 1027.09
A25: 1 Oficial de Contruccion | D25: 66667 | E25: 49140.25 | F25: =+E25+D25 -> 115807.25 | G25: =+G24 -> 218.19 | I25: =+F25/G25 -> 530.76
A28: SUBTOTAL $ | I28: =SUM(I24:I27) -> 1557.85
A30: TOTAL COSTO DIRECTO $ | I30: =+I11+I16+I21+I28 -> 3926.06
A31: V. COSTOS INDIRECTOS
A32: DESCRIPCIÓN | F32: PORCENTAJE | G32: VALOR TOTAL
A33: ADMINISTRACION | F33: 0.25 | G33: =+I30 -> 3926.06 | I33: =+G33*F33 -> 981.52
A34: IMPREVISTOS | F34: 0 | G34: =+I30 -> 3926.06 | I34: =+G34*F34 -> 0
A35: UTILIDAD | F35: 0.05 | G35: =+I30 -> 3926.06 | I35: =+G35*F35 -> 196.3
A36: SUBTOTAL $ | I36: =SUM(I33:I35) -> 1177.82
A38: PRECIO UNITARIO TOTAL APROCIMADO AL PESO $ | I38: =+ROUND(I30+I36,0) -> 5104 | J38: =+'PROPUESTA CONSORCIO'!G56 -> 5104 | K38: =+J38-I38 -> 0

Sheet APU 4,14
A2: ANALISIS DE PRECIOS UNITARIOS
A5: ÍTEM | B5: DESCRIPCIÓN | G5: UNIDAD | I5: CANTIDAD
A6: 4.14 | B6: Linea de Demarcacion vial con Pintura Trafico (Ancho 40 Cm) | G6: ML | I6: =+'PROPUESTA CONSORCIO'!F57+'PROPUESTA CONSORCIO'!F195+'PROPUESTA CONSORCIO'!F224+'PROPUESTA CONSORCIO'!F255 -> 471
A7: I. EQUIPO
A8: DESCRIPCIÓN | C8: UNIDAD | D8: TIPO | F8: TARIFA/HORA | G8: RENDIMIENTO | I8: Vr. UNITARIO
A9: Herramienta menor: 10% Vr. M.O | C9: % | D9: ------------- | F9: =+I28 -> 2140.02 | G9: 0.1 | I9: =+G9*F9 -> 214
A10: Vehiculo delineador | C10: Hm | D10: ------------- | F10: 450000 | G10: 158.83459 | I10: =+F10/G10 -> 2833.14
A11: SUBTOTAL $ | I11: =SUM(I9:I10) -> 3047.14
A12: II. MATERIALES
A13: DESCRIPCIÓN | E13: UNIDAD | F13: CANTIDAD | G13: PRECIO UNIT. | I13: Vr. UNITARIO
A14: Pintura Acrilica Pura para trafico | E14: gal | F14: 0.0022 | G14: =+MATERIALES!M19 -> 75000 | I14: =+G14*F14 -> 165
A16: SUBTOTAL $ | I16: =SUM(I14:I15) -> 165
A17: III. TRANSPORTES
A18: MATERIAL | D18: VOL. o | E18: DISTANCIA | F18: M3 o Ton/Km | G18: TARIFA | I18: Vr. UNITARIO
A21: SUBTOTAL $
A22: IV. MANO DE OBRA
A23: TRABAJADOR | D23: JORNAL | E23: PRESTACIONES | F23: JORNAL TOTAL | G23: RENDIMIENTO | I23: Vr. UNITARIO
A24: 4 Ayudante de contruccion | D24: 121136 | E24: 102965.6 | F24: =+D24+E24 -> 224101.6 | G24: =+G10 -> 158.83459 | I24: =+F24/G24 -> 1410.91
A25: 1 Oficial de Contruccion | D25: 66667 | E25: 49140.25 | F25: =+E25+D25 -> 115807.25 | G25: =+G24 -> 158.83459 | I25: =+F25/G25 -> 729.11
A28: SUBTOTAL $ | I28: =SUM(I24:I27) -> 2140.02
A30: TOTAL COSTO DIRECTO $ | I30: =+I11+I16+I21+I28 -> 5352.16
A31: V. COSTOS INDIRECTOS
A32: DESCRIPCIÓN | F32: PORCENTAJE | G32: VALOR TOTAL
A33: ADMINISTRACION | F33: 0.25 | G33: =+I30 -> 5352.16 | I33: =+G33*F33 -> 1338.04
A34: IMPREVISTOS | F34: 0 | G34: =+I30 -> 5352.16 | I34: =+G34*F34 -> 0
A35: UTILIDAD | F35: 0.05 | G35: =+I30 -> 5352.16 | I35: =+G35*F35 -> 267.61
A36: SUBTOTAL $ | I36: =SUM(I33:I35) -> 1605.65
A38: PRECIO UNITARIO TOTAL APROCIMADO AL PESO $ | I38: =+ROUND(I30+I36,0) -> 6958 | J38: =+'PROPUESTA APUS ORDENADOS'!G156 -> 6958 | K38: =+J38-I38 -> 0

Sheet APU 4,15
A2: ANALISIS DE PRECIOS UNITARIOS
A5: ÍTEM | B5: DESCRIPCIÓN | G5: UNIDAD | I5: CANTIDAD
A6: 4.15 | B6: Linea de Demarcacion vial con Pintura Trafico (Ancho 60 Cm) | G6: ML | I6: =+'PROPUESTA CONSORCIO'!F58+'PROPUESTA CONSORCIO'!F256 -> 330
A7: I. EQUIPO
A8: DESCRIPCIÓN | C8: UNIDAD | D8: TIPO | F8: TARIFA/HORA | G8: RENDIMIENTO | I8: Vr. UNITARIO
A9: Herramienta menor: 10% Vr. M.O | C9: % | D9: ------------- | F9: =+I28 -> 3292.74 | G9: 0.1 | I9: =+G9*F9 -> 329.27
A10: Vehiculo delineador | C10: Hm | D10: ------------- | F10: 450000 | G10: 103.23 | I10: =+F10/G10 -> 4359.2
A11: SUBTOTAL $ | I11: =SUM(I9:I10) -> 4688.47
A12: II. MATERIALES
A13: DESCRIPCIÓN | E13: UNIDAD | F13: CANTIDAD | G13: PRECIO UNIT. | I13: Vr. UNITARIO
A14: Pintura Acrilica Pura para trafico | E14: gal | F14: 0.0024 | G14: =+MATERIALES!M19 -> 75000 | I14: =+G14*F14 -> 180
A16: SUBTOTAL $ | I16: =SUM(I14:I15) -> 180
A17: III. TRANSPORTES
A18: MATERIAL | D18: VOL. o | E18: DISTANCIA | F18: M3 o Ton/Km | G18: TARIFA | I18: Vr. UNITARIO
A21: SUBTOTAL $
A22: IV. MANO DE OBRA
A23: TRABAJADOR | D23: JORNAL | E23: PRESTACIONES | F23: JORNAL TOTAL | G23: RENDIMIENTO | I23: Vr. UNITARIO
A24: 4 Ayudante de contruccion | D24: 121136 | E24: 102965.6 | F24: =+D24+E24 -> 224101.6 | G24: =+G10 -> 103.23 | I24: =+F24/G24 -> 2170.9
A25: 1 Oficial de Contruccion | D25: 66667 | E25: 49140.25 | F25: =+E25+D25 -> 115807.25 | G25: =+G24 -> 103.23 | I25: =+F25/G25 -> 1121.84
A28: SUBTOTAL $ | I28: =SUM(I24:I27) -> 3292.74
A30: TOTAL COSTO DIRECTO $ | I30: =+I11+I16+I21+I28 -> 8161.21
A31: V. COSTOS INDIRECTOS
A32: DESCRIPCIÓN | F32: PORCENTAJE | G32: VALOR TOTAL
A33: ADMINISTRACION | F33: 0.25 | G33: =+I30 -> 8161.21 | I33: =+G33*F33 -> 2040.3
A34: IMPREVISTOS | F34: 0 | G34: =+I30 -> 8161.21 | I34: =+G34*F34 -> 0
A35: UTILIDAD | F35: 0.05 | G35: =+I30 -> 8161.21 | I35: =+G35*F35 -> 408.06
A36: SUBTOTAL $ | I36: =SUM(I33:I35) -> 2448.36
A38: PRECIO UNITARIO TOTAL APROCIMADO AL PESO $ | I38: =+ROUND(I30+I36,0) -> 10610 | J38: =+'PROPUESTA APUS ORDENADOS'!G157 -> 10610 | K38: =+J38-I38 -> 0

Sheet APU 4,16
A2: ANALISIS DE PRECIOS UNITARIOS
A5: ÍTEM | B5: DESCRIPCIÓN | G5: UNIDAD | I5: CANTIDAD
A6: 4.16 | B6: Marca Vial con Pintura Trafico personas en trafico peatonal | G6: M2 | I6: =+'PROPUESTA CONSORCIO'!F61 -> 88
A7: I. EQUIPO
A8: DESCRIPCIÓN | C8: UNIDAD | D8: TIPO | F8: TARIFA/HORA | G8: RENDIMIENTO | I8: Vr. UNITARIO
A9: Herramienta menor: 10% Vr. M.O | C9: % | D9: ------------- | F9: =+I29 -> 12585.33 | G9: 0.1 | I9: =+G9*F9 -> 1258.53
A10: Vehiculo delineador | C10: Hm | D10: ------------- | F10: 450000 | G10: 31.455 | I10: =+F10/G10 -> 14306.15
A12: SUBTOTAL $ | I12: =SUM(I9:I11) -> 15564.68
A13: II. MATERIALES
A14: DESCRIPCIÓN | E14: UNIDAD | F14: CANTIDAD | G14: PRECIO UNIT. | I14: Vr. UNITARIO
A15: Pintura Acrilica Pura para trafico | E15: gal | F15: 0.1 | G15: =+'APU 4,2'!G14:H14 -> 75000 | I15: =+G15*F15 -> 7500
A17: SUBTOTAL $ | I17: =SUM(I15:I16) -> 7500
A18: III. TRANSPORTES
A19: MATERIAL | D19: VOL. o PESO | E19: DISTANCIA | F19: M3 o Ton/Km | G19: TARIFA | I19: Vr. UNITARIO
A22: SUBTOTAL $
A23: IV. MANO DE OBRA
A24: TRABAJADOR | D24: JORNAL | E24: PRESTACIONES | F24: JORNAL TOTAL | G24: RENDIMIENTO | I24: Vr. UNITARIO
A25: 5 Ayudante de contruccion | D25: 151420 | E25: 128707 | F25: =+E25+D25 -> 280127 | G25: =+G10 -> 31.46 | I25: =+F25/G25 -> 8904.23
A26: 1 Oficial de Contruccion | D26: 66667 | E26: 49140.25 | F26: =+E26+D26 -> 115807.25 | G26: =+G25 -> 31.46 | I26: =+F26/G26 -> 3681.1
A29: SUBTOTAL $ | I29: =SUM(I25:I28) -> 12585.33
A31: TOTAL COSTO DIRECTO $ | I31: =+I12+I17+I22+I29 -> 35650.01
A32: V. COSTOS INDIRECTOS
A33: DESCRIPCIÓN | F33: PORCENTAJE | G33: VALOR TOTAL
A34: ADMINISTRACION | F34: 0.25 | G34: =+I31 -> 35650.01 | I34: =+G34*F34 -> 8912.5
A35: IMPREVISTOS | F35: 0 | G35: =+I31 -> 35650.01 | I35: =+G35*F35 -> 0
A36: UTILIDAD | F36: 0.05 | G36: =+I31 -> 35650.01 | I36: =+G36*F36 -> 1782.5
A37: SUBTOTAL $ | I37: =SUM(I34:I36) -> 10695
A39: PRECIO UNITARIO TOTAL APROCIMADO AL PESO $ | I39: =+ROUND(I37+I31,0) -> 46345 | J39: =+'PROPUESTA APUS ORDENADOS'!G159 -> 46345 | K39: =+J39-I39 -> 0

Sheet APU 4,17
A2: ANALISIS DE PRECIOS UNITARIOS
A5: ÍTEM | B5: DESCRIPCIÓN | G5: UNIDAD | I5: CANTIDAD
A6: 4.17 | B6: Marca Vial con Pintura Trafico para textos | G6: M2 | I6: =+'PROPUESTA CONSORCIO'!F63+'PROPUESTA CONSORCIO'!F161+'PROPUESTA CONSORCIO'!F200+'PROPUESTA CONSORCIO'!F229 -> 392
A7: I. EQUIPO
A8: DESCRIPCIÓN | C8: UNIDAD | D8: TIPO | F8: TARIFA/HORA | G8: RENDIMIENTO | I8: Vr. UNITARIO
A9: Herramienta menor: 10% Vr. M.O | C9: % | D9: ------------- | F9: =+I29 -> 12585.33 | G9: 0.1 | I9: =+G9*F9 -> 1258.53
A10: Vehiculo delineador | C10: Hm | D10: ------------- | F10: 450000 | G10: 31.455 | I10: =+F10/G10 -> 14306.15
A12: SUBTOTAL $ | I12: =SUM(I9:I11) -> 15564.68
A13: II. MATERIALES
A14: DESCRIPCIÓN | E14: UNIDAD | F14: CANTIDAD | G14: PRECIO UNIT. | I14: Vr. UNITARIO
A15: Pintura Acrilica Pura para trafico | E15: gal | F15: 0.1 | G15: =+'APU 4,2'!G14:H14 -> 75000 | I15: =+G15*F15 -> 7500
A17: SUBTOTAL $ | I17: =SUM(I15:I16) -> 7500
A18: III. TRANSPORTES
A19: MATERIAL | D19: VOL. o PESO | E19: DISTANCIA | F19: M3 o Ton/Km | G19: TARIFA | I19: Vr. UNITARIO
A22: SUBTOTAL $
A23: IV. MANO DE OBRA
A24: TRABAJADOR | D24: JORNAL | E24: PRESTACIONES | F24: JORNAL TOTAL | G24: RENDIMIENTO | I24: Vr. UNITARIO
A25: 5 Ayudante de contruccion | D25: 151420 | E25: 128707 | F25: =+E25+D25 -> 280127 | G25: =+G10 -> 31.46 | I25: =+F25/G25 -> 8904.23
A26: 1 Oficial de Contruccion | D26: 66667 | E26: 49140.25 | F26: =+E26+D26 -> 115807.25 | G26: =+G25 -> 31.46 | I26: =+F26/G26 -> 3681.1
A29: SUBTOTAL $ | I29: =SUM(I25:I28) -> 12585.33
A31: TOTAL COSTO DIRECTO $ | I31: =+I12+I17+I22+I29 -> 35650.01
A32: V. COSTOS INDIRECTOS
A33: DESCRIPCIÓN | F33: PORCENTAJE | G33: VALOR TOTAL
A34: ADMINISTRACION | F34: 0.25 | G34: =+I31 -> 35650.01 | I34: =+G34*F34 -> 8912.5
A35: IMPREVISTOS | F35: 0 | G35: =+I31 -> 35650.01 | I35: =+G35*F35 -> 0
A36: UTILIDAD | F36: 0.05 | G36: =+I31 -> 35650.01 | I36: =+G36*F36 -> 1782.5
A37: SUBTOTAL $ | I37: =SUM(I34:I36) -> 10695
A39: PRECIO UNITARIO TOTAL APROCIMADO AL PESO $ | I39: =+ROUND(I37+I31,0) -> 46345 | J39: =+'PROPUESTA APUS ORDENADOS'!G160 -> 46345 | K39: =+J39-I39 -> 0

Sheet APU 4,18
A2: ANALISIS DE PRECIOS UNITARIOS
A5: ÍTEM | B5: DESCRIPCIÓN | G5: UNIDAD | I5: CANTIDAD
A6: 4.18 | B6: Linea de Demarcacion vial con Pintura Trafico (Ancho 12 Cm - Amarillo) | G6: ML | I6: =+'PROPUESTA CONSORCIO'!F84 -> 1511
A7: I. EQUIPO
A8: DESCRIPCIÓN | C8: UNIDAD | D8: TIPO | F8: TARIFA/HORA | G8: RENDIMIENTO | I8: Vr. UNITARIO
A9: Herramienta menor: 10% Vr. M.O | C9: % | D9: ------------- | F9: =+I28 -> 618.33 | G9: 0.1 | I9: =+G9*F9 -> 61.83
A10: Vehiculo delineador | C10: Hm | D10: ------------- | F10: 450000 | G10: 549.71548 | I10: =+F10/G10 -> 818.61
A11: SUBTOTAL $ | I11: =SUM(I9:I10) -> 880.44
A12: II. MATERIALES
A13: DESCRIPCIÓN | E13: UNIDAD | F13: CANTIDAD | G13: PRECIO UNIT. | I13: Vr. UNITARIO
A14: Pintura Acrilica Pura para trafico | E14: gal | F14: 0.004 | G14: =+MATERIALES!M19 -> 75000 | I14: =+G14*F14 -> 300
A16: SUBTOTAL $ | I16: =SUM(I14:I15) -> 300
A17: III. TRANSPORTES
A18: MATERIAL | D18: VOL. o | E18: DISTANCIA | F18: M3 o Ton/Km | G18: TARIFA | I18: Vr. UNITARIO
A21: SUBTOTAL $
A22: IV. MANO DE OBRA
A23: TRABAJADOR | D23: JORNAL | E23: PRESTACIONES | F23: JORNAL TOTAL | G23: RENDIMIENTO | I23: Vr. UNITARIO
A24: 4 Ayudante de contruccion | D24: 121136 | E24: 102965.6 | F24: =+D24+E24 -> 224101.6 | G24: =+G10 -> 549.72 | I24: =+F24/G24 -> 407.66
A25: 1 Oficial de Contruccion | D25: 66667 | E25: 49140.25 | F25: =+E25+D25 -> 115807.25 | G25: =+G24 -> 549.72 | I25: =+F25/G25 -> 210.67
A28: SUBTOTAL $ | I28: =SUM(I24:I27) -> 618.33
A30: TOTAL COSTO DIRECTO $ | I30: =+I11+I16+I21+I28 -> 1798.77
A31: V. COSTOS INDIRECTOS
A32: DESCRIPCIÓN | F32: PORCENTAJE | G32: VALOR TOTAL
A33: ADMINISTRACION | F33: 0.25 | G33: =+I30 -> 1798.77 | I33: =+G33*F33 -> 449.69
A34: IMPREVISTOS | F34: 0 | G34: =+I30 -> 1798.77 | I34: =+G34*F34 -> 0
A35: UTILIDAD | F35: 0.05 | G35: =+I30 -> 1798.77 | I35: =+G35*F35 -> 89.94
A36: SUBTOTAL $ | I36: =SUM(I33:I35) -> 539.63
A38: PRECIO UNITARIO TOTAL APROCIMADO AL PESO $ | I38: =+ROUND(I30+I36,0) -> 2338 | J38: =+'PROPUESTA APUS ORDENADOS'!G164 -> 2338 | K38: =+J38-I38 -> 0

Sheet APU 4,19
A2: ANALISIS DE PRECIOS UNITARIOS
A5: ÍTEM | B5: DESCRIPCIÓN | G5: UNIDAD | I5: CANTIDAD
A6: 4.19 | B6: Marca Vial con Pintura Trafico para demarcacion zonas peatonal en 3D | G6: M2 | I6: =+'PROPUESTA CONSORCIO'!F87+'PROPUESTA CONSORCIO'!F109 -> 164
A7: I. EQUIPO
A8: DESCRIPCIÓN | C8: UNIDAD | D8: TIPO | F8: TARIFA/HORA | G8: RENDIMIENTO | I8: Vr. UNITARIO
A9: Herramienta menor: 10% Vr. M.O | C9: % | D9: ------------- | F9: =+I28 -> 19061.37 | G9: 0.1 | I9: =+G9*F9 -> 1906.14
A10: Vehiculo delineador | C10: Hm | D10: ------------- | F10: 450000 | G10: 19.42111 | I10: =+F10/G10 -> 23170.66
A11: SUBTOTAL $ | I11: =SUM(I9:I10) -> 25076.8
A12: II. MATERIALES
A13: DESCRIPCIÓN | E13: UNIDAD | F13: CANTIDAD | G13: PRECIO UNIT. | I13: Vr. UNITARIO
A14: Pintura Acrilica Pura para trafico | E14: gal | F14: 0.1 | G14: =+MATERIALES!M19 -> 75000 | I14: =+G14*F14 -> 7500
A16: SUBTOTAL $ | I16: =SUM(I14:I15) -> 7500
A17: III. TRANSPORTES
A18: MATERIAL | D18: VOL. o | E18: DISTANCIA | F18: M3 o Ton/Km | G18: TARIFA | I18: Vr. UNITARIO
A21: SUBTOTAL $
A22: IV. MANO DE OBRA
A23: TRABAJADOR | D23: JORNAL | E23: PRESTACIONES | F23: JORNAL TOTAL | G23: RENDIMIENTO | I23: Vr. UNITARIO
A24: 5 Ayudante de contruccion | D24: 151420 | E24: 102965.6 | F24: =+D24+E24 -> 254385.6 | G24: =+G10 -> 19.42111 | I24: =+F24/G24 -> 13098.41
A25: 1 Oficial de Contruccion | D25: 66667 | E25: 49140.25 | F25: =+E25+D25 -> 115807.25 | G25: =+G24 -> 19.42111 | I25: =+F25/G25 -> 5962.96
A28: SUBTOTAL $ | I28: =SUM(I24:I27) -> 19061.37
A30: TOTAL COSTO DIRECTO $ | I30: =+I11+I16+I21+I28 -> 51638.17
A31: V. COSTOS INDIRECTOS
A32: DESCRIPCIÓN | F32: PORCENTAJE | G32: VALOR TOTAL
A33: ADMINISTRACION | F33: 0.25 | G33: =+I30 -> 51638.17 | I33: =+G33*F33 -> 12909.54
A34: IMPREVISTOS | F34: 0 | G34: =+I30 -> 51638.17 | I34: =+G34*F34 -> 0
A35: UTILIDAD | F35: 0.05 | G35: =+I30 -> 51638.17 | I35: =+G35*F35 -> 2581.91
A36: SUBTOTAL $ | I36: =SUM(I33:I35) -> 15491.45
A38: PRECIO UNITARIO TOTAL APROCIMADO AL PESO $ | I38: =+ROUND(I30+I36,0) -> 67130 | J38: =+'PROPUESTA APUS ORDENADOS'!G165 -> 67130 | K38: =+J38-I38 -> 0

Sheet APU 4,20
A2: ANALISIS DE PRECIOS UNITARIOS
A5: DATOS ESPECÍFICOS
A7: ÍTEM | B7: DESCRIPCIÓN | G7: UNIDAD | I7: CANTIDAD
A8: 4.2 | B8: Contruccion Resalto en Gravilla | G8: ML | I8: =+'PROPUESTA CONSORCIO'!F88+'PROPUESTA CONSORCIO'!F110 -> 508
A9: I. EQUIPO
A10: DESCRIPCIÓN | C10: UNIDAD | D10: TIPO | F10: TARIFA/HORA | G10: RENDIMIENTO | I10: Vr. UNITARIO
A11: Herramienta menor: 10% Vr. M.O | C11: % | D11: ------------- | F11: 10740 | G11: 0.1 | I11: =+G11*F11 -> 1074
A12: Pulidora | C12: Dia | D12: ------------- | F12: 20000 | G12: 5 | I12: =+F12/G12 -> 4000
G13: ,
A15: SUBTOTAL $ | I15: =SUM(I11:I14) -> 5074
A16: II. MATERIALES
A17: DESCRIPCIÓN | E17: UNIDAD | F17: CANTIDAD | G17: PRECIO UNIT. | I17: Vr. UNITARIO
A18: Granito Blanco | E18: Kg | F18: 10 | G18: =+MATERIALES!M44 -> 700 | I18: =+G18*F18 -> 7000
A19: Marmolina Blanca | E19: Kg | F19: 4 | G19: =+MATERIALES!M45 -> 580 | I19: =+G19*F19 -> 2320
A20: Cemento Gris | E20: Kg | F20: 3.74 | G20: =+MATERIALES!M46 -> 450 | I20: =+G20*F20 -> 1683
A21: Cemento Blanco tipo 3 | E21: Kg | F21: 4.2 | G21: =+MATERIALES!M47 -> 891.9 | I21: =+G21*F21 -> 3745.98
A22: SUBTOTAL $ | I22: =SUM(I18:I21) -> 14748.98
A23: III. TRANSPORTES
A24: MATERIAL | D24: VOL. o PESO | E24: DISTANCIA | F24: M3 o Ton/Km | G24: TARIFA | I24: Vr. UNITARIO
A27: SUBTOTAL $
A28: IV. MANO DE OBRA
A29: TRABAJADOR | D29: JORNAL | E29: PRESTACIONES | F29: JORNAL TOTAL | G29: RENDIMIENTO | I29: Vr. UNITARIO
A30: 1 Ayudante de contruccion | D30: 30284 | E30: 25741.4 | F30: =+E30+D30 -> 56025.4 | G30: 16 | I30: =+F30/G30 -> 3501.59
A31: 1 Oficial de Contruccion | D31: 66667 | E31: 49140.25 | F31: =+E31+D31 -> 115807.25 | G31: =+G30 -> 16 | I31: =+F31/G31 -> 7237.95
A34: SUBTOTAL $ | I34: =SUM(I30:I33) -> 10739.54
A36: TOTAL COSTO DIRECTO $ | I36: =+I15+I22+I27+I34 -> 30562.52
A37: V. COSTOS INDIRECTOS
A38: DESCRIPCIÓN | F38: PORCENTAJE | G38: VALOR TOTAL
A39: ADMINISTRACION | F39: 0.25 | G39: =+I36 -> 30562.52 | I39: =+G39*F39 -> 7640.63
A40: IMPREVISTOS | F40: 0 | G40: =+I36 -> 30562.52 | I40: =+G40*F40 -> 0
A41: UTILIDAD | F41: 0.05 | G41: =+I36 -> 30562.52 | I41: =+G41*F41 -> 1528.13
A42: SUBTOTAL $ | I42: =SUM(I39:I41) -> 9168.76
A44: PRECIO UNITARIO TOTAL APROCIMADO AL PESO $ | I44: =+ROUND(I36+I42,0) -> 39731 | J44: =+'PROPUESTA APUS ORDENADOS'!G168 -> 39731 | K44: =+J44-I44 -> 0

Sheet APU 4,21
A2: ANALISIS DE PRECIOS UNITARIOS
A5: ÍTEM | B5: DESCRIPCIÓN | G5: UNIDAD | I5: CANTIDAD
A6: 4.21 | B6: Pintura acabado artistico zona peatonal | G6: M2 | I6: =+'PROPUESTA CONSORCIO'!F64+'PROPUESTA CONSORCIO'!F162+'PROPUESTA CONSORCIO'!F201+'PROPUESTA CONSORCIO'!F230+'PROPUESTA CONSORCIO'!F262 -> 1640
A7: I. EQUIPO
A8: DESCRIPCIÓN | C8: UNIDAD | D8: TIPO | F8: TARIFA/HORA | G8: RENDIMIENTO | I8: Vr. UNITARIO
A9: Herramienta menor: 10% Vr. M.O | C9: % | D9: ------------- | F9: =+I28 -> 11268.16 | G9: 0.1 | I9: =+G9*F9 -> 1126.82
A10: Vehiculo delineador | C10: Hm | D10: ------------- | F10: 450000 | G10: 32.85299 | I10: =+F10/G10 -> 13697.38
A11: SUBTOTAL $ | I11: =SUM(I9:I10) -> 14824.2
A12: II. MATERIALES
A13: DESCRIPCIÓN | E13: UNIDAD | F13: CANTIDAD | G13: PRECIO UNIT. | I13: Vr. UNITARIO
A14: Pintura Acrilica Pura para trafico | E14: gal | F14: 0.1 | G14: =+MATERIALES!M19 -> 75000 | I14: =+G14*F14 -> 7500
A16: SUBTOTAL $ | I16: =SUM(I14:I15) -> 7500
A17: III. TRANSPORTES
A18: MATERIAL | D18: VOL. o | E18: DISTANCIA | F18: M3 o Ton/Km | G18: TARIFA | I18: Vr. UNITARIO
A21: SUBTOTAL $
A22: IV. MANO DE OBRA
A23: TRABAJADOR | D23: JORNAL | E23: PRESTACIONES | F23: JORNAL TOTAL | G23: RENDIMIENTO | I23: Vr. UNITARIO
A24: 5 Ayudante de contruccion | D24: 151420 | E24: 102965.6 | F24: =+D24+E24 -> 254385.6 | G24: =+G10 -> 32.85299 | I24: =+F24/G24 -> 7743.15
A25: 1 Oficial de Contruccion | D25: 66667 | E25: 49140.25 | F25: =+E25+D25 -> 115807.25 | G25: =+G24 -> 32.85299 | I25: =+F25/G25 -> 3525.01
A28: SUBTOTAL $ | I28: =SUM(I24:I27) -> 11268.16
A30: TOTAL COSTO DIRECTO $ | I30: =+I11+I16+I21+I28 -> 33592.36
A31: V. COSTOS INDIRECTOS
A32: DESCRIPCIÓN | F32: PORCENTAJE | G32: VALOR TOTAL
A33: ADMINISTRACION | F33: 0.25 | G33: =+I30 -> 33592.36 | I33: =+G33*F33 -> 8398.09
A34: IMPREVISTOS | F34: 0 | G34: =+I30 -> 33592.36 | I34: =+G34*F34 -> 0
A35: UTILIDAD | F35: 0.05 | G35: =+I30 -> 33592.36 | I35: =+G35*F35 -> 1679.62
A36: SUBTOTAL $ | I36: =SUM(I33:I35) -> 10077.71
A38: PRECIO UNITARIO TOTAL APROCIMADO AL PESO $ | I38: =+ROUND(I30+I36,0) -> 43670 | J38: =+'PROPUESTA APUS ORDENADOS'!G172 -> 43670 | K38: =+J38-I38 -> 0

Sheet APU 4,22
A2: ANALISIS DE PRECIOS UNITARIOS
A5: ÍTEM | B5: DESCRIPCIÓN | G5: UNIDAD | I5: CANTIDAD
A6: 4.22 | B6: Marca Vial con Pintura Trafico personas en trafico peatonal | G6: M2 | I6: =+'PROPUESTA CONSORCIO'!F159+'PROPUESTA CONSORCIO'!F198+'PROPUESTA CONSORCIO'!F227+'PROPUESTA CONSORCIO'!F259 -> 217
A7: I. EQUIPO
A8: DESCRIPCIÓN | C8: UNIDAD | D8: TIPO | F8: TARIFA/HORA | G8: RENDIMIENTO | I8: Vr. UNITARIO
A9: Herramienta menor: 10% Vr. M.O | C9: % | D9: ------------- | F9: =+I29 -> 12585.33 | G9: 0.1 | I9: =+G9*F9 -> 1258.53
A10: Vehiculo delineador | C10: Hm | D10: ------------- | F10: 450000 | G10: 31.45582 | I10: =+F10/G10 -> 14305.78
A12: SUBTOTAL $ | I12: =SUM(I9:I11) -> 15564.31
A13: II. MATERIALES
A14: DESCRIPCIÓN | E14: UNIDAD | F14: CANTIDAD | G14: PRECIO UNIT. | I14: Vr. UNITARIO
A15: Pintura Acrilica Pura para trafico | E15: gal | F15: 0.1 | G15: =+'APU 4,21'!G14:H14 -> 75000 | I15: =+G15*F15 -> 7500
A17: SUBTOTAL $ | I17: =SUM(I15:I16) -> 7500
A18: III. TRANSPORTES
A19: MATERIAL | D19: VOL. o PESO | E19: DISTANCIA | F19: M3 o Ton/Km | G19: TARIFA | I19: Vr. UNITARIO
A22: SUBTOTAL $
A23: IV. MANO DE OBRA
A24: TRABAJADOR | D24: JORNAL | E24: PRESTACIONES | F24: JORNAL TOTAL | G24: RENDIMIENTO | I24: Vr. UNITARIO
A25: 5 Ayudante de contruccion | D25: 151420 | E25: 128707 | F25: =+E25+D25 -> 280127 | G25: =+G10 -> 31.46 | I25: =+F25/G25 -> 8904.23
A26: 1 Oficial de Contruccion | D26: 66667 | E26: 49140.25 | F26: =+E26+D26 -> 115807.25 | G26: =+G25 -> 31.46 | I26: =+F26/G26 -> 3681.1
A29: SUBTOTAL $ | I29: =SUM(I25:I28) -> 12585.33
A31: TOTAL COSTO DIRECTO $ | I31: =+I12+I17+I22+I29 -> 35649.64
A32: V. COSTOS INDIRECTOS
A33: DESCRIPCIÓN | F33: PORCENTAJE | G33: VALOR TOTAL
A34: ADMINISTRACION | F34: 0.25 | G34: =+I31 -> 35649.64 | I34: =+G34*F34 -> 8912.41
A35: IMPREVISTOS | F35: 0 | G35: =+I31 -> 35649.64 | I35: =+G35*F35 -> 0
A36: UTILIDAD | F36: 0.05 | G36: =+I31 -> 35649.64 | I36: =+G36*F36 -> 1782.48
A37: SUBTOTAL $ | I37: =SUM(I34:I36) -> 10694.89
A39: PRECIO UNITARIO TOTAL APROCIMADO AL PESO $ | I39: =+ROUND(I37+I31,0) -> 46345 | J39: =+'PROPUESTA APUS ORDENADOS'!G173 -> 46345 | K39: =+J39-I39 -> 0

Sheet APU 4,23
A2: ANALISIS DE PRECIOS UNITARIOS
A5: ÍTEM | B5: DESCRIPCIÓN | G5: UNIDAD | I5: CANTIDAD
A6: 4.23 | B6: Marca Vial con Pintura Trafico Zonas peatonales | G6: M2 | I6: 156
A7: I. EQUIPO
A8: DESCRIPCIÓN | C8: UNIDAD | D8: TIPO | F8: TARIFA/HORA | G8: RENDIMIENTO | I8: Vr. UNITARIO
A9: Herramienta menor: 10% Vr. M.O | C9: % | D9: ------------- | F9: =+I29 -> 12585.33 | G9: 0.1 | I9: =+G9*F9 -> 1258.53
A10: Vehiculo delineador | C10: Hm | D10: ------------- | F10: 450000 | G10: 31.45582 | I10: =+F10/G10 -> 14305.78
A12: SUBTOTAL $ | I12: =SUM(I9:I11) -> 15564.31
A13: II. MATERIALES
A14: DESCRIPCIÓN | E14: UNIDAD | F14: CANTIDAD | G14: PRECIO UNIT. | I14: Vr. UNITARIO
A15: Pintura Acrilica Pura para trafico | E15: gal | F15: 0.1 | G15: =+'APU 4,21'!G14:H14 -> 75000 | I15: =+G15*F15 -> 7500
A17: SUBTOTAL $ | I17: =SUM(I15:I16) -> 7500
A18: III. TRANSPORTES
A19: MATERIAL | D19: VOL. o PESO | E19: DISTANCIA | F19: M3 o Ton/Km | G19: TARIFA | I19: Vr. UNITARIO
A22: SUBTOTAL $
A23: IV. MANO DE OBRA
A24: TRABAJADOR | D24: JORNAL | E24: PRESTACIONES | F24: JORNAL TOTAL | G24: RENDIMIENTO | I24: Vr. UNITARIO
A25: 5 Ayudante de contruccion | D25: 151420 | E25: 128707 | F25: =+E25+D25 -> 280127 | G25: =+G10 -> 31.46 | I25: =+F25/G25 -> 8904.23
A26: 1 Oficial de Contruccion | D26: 66667 | E26: 49140.25 | F26: =+E26+D26 -> 115807.25 | G26: =+G25 -> 31.46 | I26: =+F26/G26 -> 3681.1
A29: SUBTOTAL $ | I29: =SUM(I25:I28) -> 12585.33
A31: TOTAL COSTO DIRECTO $ | I31: =+I12+I17+I22+I29 -> 35649.64
A32: V. COSTOS INDIRECTOS
A33: DESCRIPCIÓN | F33: PORCENTAJE | G33: VALOR TOTAL
A34: ADMINISTRACION | F34: 0.25 | G34: =+I31 -> 35649.64 | I34: =+G34*F34 -> 8912.41
A35: IMPREVISTOS | F35: 0 | G35: =+I31 -> 35649.64 | I35: =+G35*F35 -> 0
A36: UTILIDAD | F36: 0.05 | G36: =+I31 -> 35649.64 | I36: =+G36*F36 -> 1782.48
A37: SUBTOTAL $ | I37: =SUM(I34:I36) -> 10694.89
A39: PRECIO UNITARIO TOTAL APROCIMADO AL PESO $ | I39: =+ROUND(I37+I31,0) -> 46345 | J39: =+'PROPUESTA APUS ORDENADOS'!G177 -> 46345 | K39: =+J39-I39 -> 0

Sheet APU 4,24
A2: ANALISIS DE PRECIOS UNITARIOS
A5: ÍTEM | B5: DESCRIPCIÓN | G5: UNIDAD | I5: CANTIDAD
A6: 4.24 | B6: =+'PROPUESTA APUS ORDENADOS'!D178 -> Pintura textos sobre la via | G6: M2 | I6: =+'PROPUESTA APUS ORDENADOS'!K178 -> 80
A7: I. EQUIPO
A8: DESCRIPCIÓN | C8: UNIDAD | D8: TIPO | F8: TARIFA/HORA | G8: RENDIMIENTO | I8: Vr. UNITARIO
A9: Herramienta menor: 10% Vr. M.O | C9: % | D9: ------------- | F9: =+I29 -> 12585.33 | G9: 0.1 | I9: =+G9*F9 -> 1258.53
A10: Vehiculo delineador | C10: Hm | D10: ------------- | F10: 450000 | G10: 31.45582 | I10: =+F10/G10 -> 14305.78
A12: SUBTOTAL $ | I12: =SUM(I9:I11) -> 15564.31
A13: II. MATERIALES
A14: DESCRIPCIÓN | E14: UNIDAD | F14: CANTIDAD | G14: PRECIO UNIT. | I14: Vr. UNITARIO
A15: Pintura Acrilica Pura para trafico | E15: gal | F15: 0.1 | G15: =+'APU 4,21'!G14:H14 -> 75000 | I15: =+G15*F15 -> 7500
A17: SUBTOTAL $ | I17: =SUM(I15:I16) -> 7500
A18: III. TRANSPORTES
A19: MATERIAL | D19: VOL. o PESO | E19: DISTANCIA | F19: M3 o Ton/Km | G19: TARIFA | I19: Vr. UNITARIO
A22: SUBTOTAL $
A23: IV. MANO DE OBRA
A24: TRABAJADOR | D24: JORNAL | E24: PRESTACIONES | F24: JORNAL TOTAL | G24: RENDIMIENTO | I24: Vr. UNITARIO
A25: 5 Ayudante de contruccion | D25: 151420 | E25: 128707 | F25: =+E25+D25 -> 280127 | G25: =+G10 -> 31.46 | I25: =+F25/G25 -> 8904.23
A26: 1 Oficial de Contruccion | D26: 66667 | E26: 49140.25 | F26: =+E26+D26 -> 115807.25 | G26: =+G25 -> 31.46 | I26: =+F26/G26 -> 3681.1
A29: SUBTOTAL $ | I29: =SUM(I25:I28) -> 12585.33
A31: TOTAL COSTO DIRECTO $ | I31: =+I12+I17+I22+I29 -> 35649.64
A32: V. COSTOS INDIRECTOS
A33: DESCRIPCIÓN | F33: PORCENTAJE | G33: VALOR TOTAL
A34: ADMINISTRACION | F34: 0.25 | G34: =+I31 -> 35649.64 | I34: =+G34*F34 -> 8912.41
A35: IMPREVISTOS | F35: 0 | G35: =+I31 -> 35649.64 | I35: =+G35*F35 -> 0
A36: UTILIDAD | F36: 0.05 | G36: =+I31 -> 35649.64 | I36: =+G36*F36 -> 1782.48
A37: SUBTOTAL $ | I37: =SUM(I34:I36) -> 10694.89
A39: PRECIO UNITARIO TOTAL APROCIMADO AL PESO $ | I39: =+ROUND(I37+I31,0) -> 46345 | J39: =+'PROPUESTA APUS ORDENADOS'!G160 -> 46345 | K39: =+J39-I39 -> 0

Sheet APU 4.25
A2: ANALISIS DE PRECIOS UNITARIOS
A5: ÍTEM | B5: DESCRIPCIÓN | G5: UNIDAD | I5: CANTIDAD
A6: 4.25 | B6: Suminsitro e instalacion estoperoles reflectivos | G6: UND. | I6: =+'PROPUESTA CONSORCIO'!F32 -> 3000
A7: I. EQUIPO
A8: DESCRIPCIÓN | C8: UNIDAD | D8: TIPO | F8: TARIFA/HORA | G8: RENDIMIENTO | I8: Vr. UNITARIO
A9: Herramienta menor: 10% Vr. M.O | C9: % | D9: ------------- | F9: =+I28 -> 390.73 | G9: 0.1 | I9: =+G9*F9 -> 39.07
A10: SUBTOTAL $ | I10: =SUM(I9:I9) -> 39.07
A11: II. MATERIALES
A12: DESCRIPCIÓN | E12: UNIDAD | F12: CANTIDAD | G12: PRECIO UNIT. | I12: Vr. UNITARIO
A13: Resina termoplástica | E13: kg | F13: 0.08 | G13: =+MATERIALES!M42 -> 5437.6 | I13: =+G13*F13 -> 435.01
A14: Estoperoles reflectivos | E14: Und | F14: 1 | G14: =+MATERIALES!M43 -> 6000 | I14: =+G14*F14 -> 6000
A16: SUBTOTAL $ | I16: =SUM(I13:I15) -> 6435.01
A17: III. TRANSPORTES
A18: MATERIAL | D18: VOL. o PESO | E18: DISTANCIA | F18: M3 o Ton/Km | G18: TARIFA | I18: Vr. UNITARIO
A21: SUBTOTAL $
A22: IV. MANO DE OBRA
A23: TRABAJADOR | D23: JORNAL | E23: PRESTACIONES | F23: JORNAL TOTAL | G23: RENDIMIENTO | I23: Vr. UNITARIO
A24: 2 Ayudante de contruccion | D24: 60568 | E24: 51482.8 | F24: 112050.8 | G24: 583.16 | I24: =+F24/G24 -> 192.14
A25: 1 Oficial de Contruccion | D25: 66667 | E25: 49140.25 | F25: 115807.25 | G25: =+G24 -> 583.16 | I25: =+F25/G25 -> 198.59
A28: SUBTOTAL $ | I28: =SUM(I24:I27) -> 390.73
A30: TOTAL COSTO DIRECTO $ | I30: =+I10+I16+I21+I28 -> 6864.81
A31: V. COSTOS INDIRECTOS
A32: DESCRIPCIÓN | F32: PORCENTAJE | G32: VALOR TOTAL
A33: ADMINISTRACION | F33: 0.25 | G33: =+I30 -> 6864.81 | I33: =+G33*F33 -> 1716.2
A34: IMPREVISTOS | F34: 0 | G34: =+I30 -> 6864.81 | I34: =+G34*F34 -> 0
A35: UTILIDAD | F35: 0.05 | G35: =+I30 -> 6864.81 | I35: =+G35*F35 -> 343.24
A36: SUBTOTAL $ | I36: =SUM(I33:I35) -> 2059.44
A38: PRECIO UNITARIO TOTAL APROCIMADO AL PESO $ | I38: =+ROUND(I30+I36,0) -> 8924 | J38: =+'PROPUESTA CONSORCIO'!G32 -> 8924 | K38: =+J38-I38 -> 0

Sheet APU 5.1
A2: ANALISIS DE PRECIOS UNITARIOS
A5: ÍTEM | B5: DESCRIPCIÓN | G5: UNIDAD | I5: CANTIDAD
A6: 5.1 | B6: Retiro de Material Sobrante de Construccion | G6: M3 | I6: =+'PROPUESTA CONSORCIO'!F275+'PROPUESTA CONSORCIO'!F244+'PROPUESTA CONSORCIO'!F213+'PROPUESTA CONSORCIO'!F174+'PROPUESTA CONSORCIO'!F136+'PROPUESTA CONSORCIO'!F117+'PROPUESTA CONSORCIO'!F92+'PROPUESTA CONSORCIO'!F76+'PROPUESTA CONSORCIO'!F36 -> 369.2
A7: I. EQUIPO
A8: DESCRIPCIÓN | C8: UNIDAD | D8: TIPO | F8: TARIFA/HORA | G8: RENDIMIENTO | I8: Vr. UNITARIO
A9: Herramienta menor: 10% Vr. M.O | C9: % | D9: ------------- | F9: =+I31 -> 11309.12 | G9: 0.1 | I9: =+F9*G9 -> 1130.91
A10: Volqueta 5 m3 | C10: Hm | D10: ------------- | F10: 100000 | G10: 5 | I10: =+F10/G10 -> 20000
A13: SUBTOTAL $ | I13: =SUM(I9:I12) -> 21130.91
A14: II. MATERIALES
A15: DESCRIPCIÓN | E15: UNIDAD | F15: CANTIDAD | G15: PRECIO UNIT. | I15: Vr. UNITARIO
A19: SUBTOTAL $
A20: III. TRANSPORTES
A21: MATERIAL | D21: VOL. o PESO | E21: DISTANCIA | F21: M3 o Ton/Km | G21: TARIFA | I21: Vr. UNITARIO
A24: SUBTOTAL $
A25: IV. MANO DE OBRA
A26: TRABAJADOR | D26: JORNAL | E26: PRESTACIONES | F26: JORNAL TOTAL | G26: RENDIMIENTO | I26: Vr. UNITARIO
A27: 1 Ayudante de contruccion | D27: 30284 | E27: 25741.4 | F27: =+D27+E27 -> 56025.4 | G27: 4.954 | I27: =+F27/G27 -> 11309.12
A31: SUBTOTAL $ | I31: =SUM(I27:I30) -> 11309.12
A33: TOTAL COSTO DIRECTO $ | I33: =+I13+I19+I24+I31 -> 32440.03
A34: V. COSTOS INDIRECTOS
A35: DESCRIPCIÓN | F35: PORCENTAJE | G35: VALOR TOTAL
A36: ADMINISTRACION | F36: 0.25 | G36: =+I33 -> 32440.03 | I36: =+F36*G36 -> 8110.01
A37: IMPREVISTOS | F37: 0 | G37: =+I33 -> 32440.03 | I37: =+F37*G37 -> 0
A38: UTILIDAD | F38: 0.05 | G38: =+I33 -> 32440.03 | I38: =+F38*G38 -> 1622
A39: SUBTOTAL $ | I39: =SUM(I36:I38) -> 9732.01
A41: PRECIO UNITARIO TOTAL APROCIMADO AL PESO $ | I41: =+ROUND(I33+I39,0) -> 42172 | J41: =+'PROPUESTA CONSORCIO'!G36 -> 42172 | K41: =+J41-I41 -> 0

Sheet MATERIALES
D4: DESCRIPCIÓN | H4: UNIDAD | I4: CANTIDAD | J4: PRECIO UNIT. | M4: PRECIOS UTILIZADOS
D6: Tabla pegachento 2x20x300 | H6: und | I6: 0.03 | J6: 1279.17 | M6: 1279.17
D7: Puntillas 1 * 400grs | H7: kg | I7: 0.02 | J7: 5000 | M7: 5000
D8: Vara comun 4m | H8: und | I8: 0.04 | J8: 9800 | M8: 9800
D9: Concreto normal 17.5 MPa TM 1" | H9: m3 | I9: 0.06 | J9: 438057.85 | M9: 412263.64
D10: Piso Loseta Toperol En Mortero Amarilla 30x30cm | H10: m2 | I10: 1.05 | J10: 49000 | M10: 45000
D11: Cemento gris | H11: kg | I11: 2 | J11: 550 | M11: 550
D12: Mortero 17.5 MPa 1:4 | H12: m3 | I12: 0.04 | J12: 494395 | M12: 411350
D13: Adoquin en gres 20X10X6 | H13: und | I13: 50 | J13: 900 | M13: 854.86
D14: Arena lavada | H14: m3 | I14: 0.06 | J14: 44474.57 | M14: 40000
D15: Arena fina en sacos | H15: kg | I15: 20 | J15: 1000 | M15: 900
D16: Concreto de 21,0 Mpa Mezclado en Obra | H16: m3 | I16: 0.02 | J16: 459343 | M16: 422000
D17: Acero de refuerzo | H17: Kg | I17: 1.35 | J17: 6000 | M17: 4439.18
D18: Esferas Reflectivas | H18: Kg | I18: 0.45 | J18: 5400 | M18: 5400
D19: Pintura Acrilica Pura para trafico | H19: gal | I19: 0.15 | J19: 75000 | M19: =+J19 -> 75000
D20: Pintura Acrilica trafico - platico en frio | H20: gal | I20: 0.04 | J20: 190000 | M20: 80000
D21: Adoquin en gres 20X10X6 | H21: und | I21: 50 | J21: 854.86 | M21: 854.86
D22: Arena lavada | H22: m3 | I22: 0.06 | J22: 40000 | M22: 40000
D23: Arena fina en sacos | H23: kg | I23: 20 | J23: 900 | M23: 900
D24: Piso Loseta Toperol En Mortero Amarilla 30x30cm | H24: m2 | I24: 1.05 | J24: 45000 | M24: 45000
D25: Cemento gris | H25: kg | I25: 2 | J25: 550 | M25: 550
D26: Mortero 17.5 MPa 1:4 | H26: m3 | I26: 0.04 | J26: 411350 | M26: 411350
D27: Arena Para rellenos de estructuras | H27: M3 | I27: 1 | J27: 60000 | M27: 51350.95
D28: Material de Sub Base CBR=40% | H28: m3 | I28: 1.3 | J28: 31000 | M28: 31116.55
D29: Agua | H29: Lts | I29: 24 | J29: 60
D30: Emulsión CRL-1 | H30: Lts | I30: 1.05 | J30: 4500 | M30: 3718.9
D31: Mortero 1:3 Para Anillos | H31: M3 | I31: 0.005 | J31: 448026 | M31: 448026
D32: Bordillo Prefabricado En Concreto Ref.A85 Ntc-4109, 0,20 X 0,35 X 0.80 M | H32: Und | I32: 1.3 | J32: 58000 | M32: 52878.11
D33: Acero PDR-60 | H33: Kg | I33: 1.05 | J33: 4900 | M33: 4900
D34: Alambre Negro Para Amarre | H34: Kg | I34: 0.03 | J34: 4100 | M34: 4100
D35: Resina termoplástica | H35: kg | I35: 0.08 | J35: 6300 | M35: 7000
D36: Hito Delineador O Señalizador Tubular Flexible 74cm | H36: Und | I36: 1 | J36: 45000 | M36: 42457.69
D37: Resina termo plastica pegante epoxico | H37: Gl | I37: 0.2 | J37: 24101 | M37: 25143.01
D38: Resalto Plastico alta resistencia 0,50 x 0,30 | H38: Und | I38: 1 | J38: 45288 | M38: 40000
D39: Poste en angulo de 2*2*1/4 de 3,5m para señal | H39: Und | I39: 1 | J39: 117000 | M39: 98000
D40: Señal (grupo 1). Tablero en lámina galvanizada de 75cm*75cm, calibre 16, reflectivo tipo | H40: Und | I40: 1 | J40: 268000 | M40: 245510.77
D41: Concreto Resistencia 14 (Mpa) | H41: M3 | I41: 0.03 | J41: 390000 | M41: 375000
... D50: IMPRIMANTE | H50: GL | I50: 1 | J50: 44900 | M50: 44900
D52: Para crear APU nuevos: Materials que fueron retirados de los APUS
D54: Disolvente para pintura trafico (Acrilico)
D55: Transporte de materiales

Sheet PROPUESTA CONSORCIO
A1: ADECUACION DE CRUCES VIALES COMO OBRAS COMPLEMENTARIAS DE SEGURIDAD VIAL EN EL MUNICIPIO DE SAN JOSE DE CUCUTA, DEPARTAMENOR NORTE DE SANTANDER - VIGENCIA 2021.
A2: ESTRUCTURA DEL PRESUPUESTO
A3: Nº | B3: ÍTEM DE PAGO | C3: ESPECIFICACIONES | D3: DESCRIPCIÓN | E3: UND. | F3: CANTIDAD | G3: VALOR UNITARIO | H3: VALOR TOTAL
C4: PARTICULAR
A5: CRUCES VIALES: CALLE 10, AVENIDA 4, CALLE 13, AVENIDA 0 Y CALLE 11, SAN JOSE DE CUCUTA, DEPARTAMENTO DE NORTE DE SANTANDER. | I5: % SOBRE P.O | J5: 0.9303
A6: 1 | B6: PRELIMINARES DE OBRA
A7: APU 1.1 | B7: 1.1 | C7: Esta actividad Consiste en la ubicación del area o las areas a intervenir (Incluye materiales, mano de obra y equipos). | D7: Localizacion y replanteo | E7: M2 | F7: 19703 | G7: 1438 | H7: =+G7*F7 -> 28332914
A8: APU 1.3 | B8: 1.2 | C8: Esta actividad consiste en el corte de las areas identificadas Como zonas peatonales (Incluye Materiales, equipos y Mano de Obra) | D8: Corte de Pavimento en Asfalto | E8: ML | F8: 378 | G8: 7660 | H8: =+G8*F8 -> 2895480
A9: APU 1,2 | B9: 1.3 | C9: Esta Actividad Consite en la Demolicion de las areas identificadas Como Pasos Peatonales (Incluye Materiales, equipos y Mano de Obra) | D9: Demolicion manual en Asfalto | E9: M2 | F9: 390 | G9: 14935 | H9: =+G9*F9 -> 5824650
A10: Subtotal | H10: =SUM(H7:H9) -> 37053044
A11: 2 | B11: EXCAVACIONES
A12: APU 2,1 | B12: 2.1 | C12: Esta actividad consiste en la excavacion en las areas peatonales para conformar la estructura del adoquin (Incluye Materiales, equipos y Mano de Obra) | D12: Excavacionn Manual sin Clasificar | E12: M3 | F12: 39 | G12: 49327 | H12: =+G12*F12 -> 1923753
A13: APU 2,2 | B13: 2.2 | C13: Esta actividad consiste en la adecuacion del area demolida para la intalacion del elemento correspondiente (Incluye Materiales, equipos y Mano de Obra) | D13: Conformacion de la superficie existente | E13: M3 | F13: 390 | G13: 2033 | H13: =+G13*F13 -> 792870
A14: Subtotal | H14: =SUM(H12:H13) -> 2716623
A15: 3 | B15: ESTRUCTURAS
A16: APU 3,1 | B16: 3.1 | C16: Esta actividad consiste en la instalacion de ante piso para la instalacion de losas tactiles en el inicio de las zonas peatonales en adoquin (Incluye Materiales, equipos y Mano de Obra) | D16: Antepiso e= 0,05 para instalacion losa Tactil | E16: M2 | F16: 38 | G16: 44308 | H16: =+G16*F16 -> 1683704
A17: APU 3,2 | B17: 3.2 | C17: Esta actividad consiste en la instalacion de losas losas tactiles en el inicio de las zonas peatonales en adoquin (Incluye Materiales, equipos y Mano de Obra) | D17: Suminsitro e Instalacion de Losa Tactil | E17: M2 | F17: 38 | G17: 108817 | H17: =+G17*F17 -> 4135046
A18: APU 3,3 | B18: 3.3 | C18: Esta actividad consiste en la instalacion del adoquin de acuerdo a lo establecido en la actividad y APU (Incluye Materiales, equipos y Mano de Obra) | D18: Adoquín en arcilla 6 cm incluye arena de soporte y sellado | E18: M2 | F18: 372 | G18: 137730 | H18: =+G18*F18 -> 51235560
A19: APU 3,4 | B19: 3.4 | C19: Esta actividad consiste en la instalacion del adoquin de acuerdo a lo establecido en la actividad y APU (Incluye Materiales, equipos y Mano de Obra) | D19: Bordillo Confinamiento en concreto (incluye refuerzo) | E19: ML | F19: 248 | G19: 30710 | H19: =+G19*F19 -> 7616080
A20: Subtotal | H20: =SUM(H16:H19) -> 64670390
A21: 4 | B21: DEMARCACION Y SEÑALIZACION VIAL
A22: APU 4,1 | B22: 4.1 | C22: Esta actividad Consisten en la demarcacion vial que se encuentra desgastaba sobre el area a intervenir (Incluye materiales, mano de obra y equipos). | D22: Linea de Demarcacion vial con Pintura Trafico - plastico en frio (Ancho 12 Cm) | E22: ML | F22: 9788 | G22: 5599 | H22: =+G22*F22 -> 54803012
A23: APU 4,2 | B23: 4.2 | C23: Esta actividad Consisten en la demarcacion vial que se encuentra desgastaba sobre el area a intervenir (Incluye materiales, mano de obra y equipos). | D23: Suministro e Instalacion acabado de color (Artistico) | E23: M2 | F23: 695 | G23: 43670 | H23: =+G23*F23 -> 30350650
A24: APU 4,3 | B24: 4.3 | C24: Esta actividad Consisten en la demarcacion de piso de la delimitacion de la velocidad sobre el area a intervenir (Incluye materiales, mano de obra y equipos). | D24: Marca Vial con Pintura Trafico para demarcacion delimitacion de Velocidad. | E24: M2 | F24: 100 | G24: 46345 | H24: =+G24*F24 -> 4634500
A25: APU 4,4 | B25: 4.4 | C25: Esta actividad Consisten en la demarcacion de piso en la orientaciion vehicular sobre el area a intervenir (Incluye materiales, mano de obra y equipos). | D25: Marca Vial con Pintura Trafico para demarcacion felchas de orientacion Vehicular. | E25: M2 | F25: 83 | G25: 46345 | H25: =+G25*F25 -> 3846635
A26: APU 4,5 | B26: 4.5 | C26: Esta actividad Consisten en la demarcacion vial con Pintura Trafico para demarcacion zona Bicicletas sobre el area a intervenir (Incluye materiales, mano de obra y equipos). | D26: Marca Vial con Pintura Trafico para demarcacion zona Bicicletas | E26: M2 | F26: 162 | G26: 46345 | H26: =+G26*F26 -> 7507890
A27: APU 4,6 | B27: 4.6 | C27: Esta actividad Consisten en la demarcacion Vial con Pintura Trafico para demarcacion zonas peatonal sobre el area a intervenir (Incluye materiales, mano de obra y equipos). | D27: Marca Vial con Pintura Trafico para demarcacion zonas peatonal | E27: M2 | F27: 520 | G27: 46345 | H27: =+G27*F27 -> 24099400
A28: APU 4,7 | B28: 4.7 | C28: Esta actividad Consisten en el Suminsitro e instalacion tacha Reflectiva sobre el area a intervenir (Incluye materiales, mano de obra y equipos). | D28: Suminsitro e instalacion tacha Reflectiva | E28: UND. | F28: 3264 | G28: 8924 | H28: =+G28*F28 -> 29127936
A29: APU 4,8 | B29: 4.8 | C29: Esta actividad Consisten en el Suminsitro e Intalacion de Hito Delineador o Señalizador Tubular Flexible 74cm sobre el area a intervenir (Incluye materiales, mano de obra y equipos). | D29: Suminsitro e Intalacion de Hito Delineador o Señalizador Tubular Flexible 74cm | E29: UND. | F29: 151 | G29: 56228 | H29: =+G29*F29 -> 8490428
A30: APU 4,9 | B30: 4.9 | C30: Esta actividad Consisten en el Suministro e Instalacion de resalto plastico de alta resistencia (0,5x0,30m) sobre el area a intervenir (Incluye materiales, mano de obra y equipos). | D30: Suministro e Instalacion de resalto plastico de alta resistencia (0,5x0,30m) | E30: UND. | F30: 146 | G30: 79786 | H30: =+G30*F30 -> 11648756
A31: APU 4,10 | B31: 4.1 | C31: Esta actividad Consisten en el Señal Vertical de transito Tipo 1 con lamina retroreflectiva Tipo III (75x75) cm sobre el area a intervenir (Incluye materiales, mano de obra y equipos). | D31: Señal Vertical de transito Tipo 1 con lamina retroreflectiva Tipo III (75x75) cm | E31: UND. | F31: 50 | G31: 486675 | H31: =+G31*F31 -> 24333750
A32: APU 4,11 | B32: 4.11 | C32: Esta actividad Consisten en el Suminsitro e instalacion estaperoles platicos para reducir la velocidad de los vehiculos sobre el area a intervenir (Incluye materiales, mano de obra y equipos). | D32: Suminsitro e instalacion Estoperoles plasticos | E32: UND. | F32: 3000 | G32: 8924 | H32: =+G32*F32 -> 26772000
A33: APU 4,12 | B33: 4.12 | C33: Esta actividad Consisten en el Suminsitro e instalacion estaperoles platicos para reducir la velocidad de los vehiculos sobre el area a intervenir (Incluye materiales, mano de obra y equipos). | D33: Pintura de textos sobre la via con pintura Trafico | E33: M2 | F33: 99 | G33: 46345 | H33: =+G33*F33 -> 4588155
A34: Subtotal | H34: =SUM(H22:H33) -> 230203112
A35: 5 | B35: OBRAS COMPLEMENTARIAS
A36: APU 5,1 | B36: 5.1 | C36: Esta actividad consiste en la realizacion del retiro de material producto de demoliciones y excavaciones (Incluye materiales y mano de obra). | D36: Retiro de Material Sobrante de Construccion | E36: M3 | F36: 66 | G36: 42172 | H36: =+G36*F36 -> 2783352
A37: Subtotal | H37: =+H36 -> 2783352 | L37: =+J37-K37 -> 0
A38: PROYECTO DE MOVILIDAD URBANA AVENIDA LIBERTADORES CALLE 15 - SAN JOSE DE CUCUTA, DEPARTAMENTO DE NORTE DE SANTANDER.
A39: 1 | B39: PRELIMINARES DE OBRA
A40: APU 1.1 | B40: 1.1 | C40: Esta actividad Consiste en la ubicación del area o las areas a intervenir (Incluye materiales, mano de obra y equipos). | D40: Localizacion y replanteo | E40: M2 | F40: 7032 | G40: 1438 | H40: =+G40*F40 -> 10112016
A41: APU 1,2 | B41: 1.2 | C41: Esta actividad Consiste en la demolicion manual de las areas afecatadas de la calzada para la realizacion de un bacheo (Incluye materiales, mano de obra y equipos). | D41: Demolicion manual en Asfalto | E41: M2 | F41: 386 | G41: 14935 | H41: =+G41*F41 -> 5764910
A42: APU 1.3 | B42: 1.3 | C42: Esta actividad Consiste en el corte de las areas afecatadas de la calzada para la realizacion de un bacheo y zonas peatonales (Incluye materiales, mano de obra y equipos). | D42: Corte de Pavimento en Asfalto | E42: ML | F42: 370 | G42: 7660 | H42: =+G42*F42 -> 2834200
A43: Subtotal | H43: =SUM(H40:H42) -> 18711126
A44: 2 | B44: EXCAVACIONES
A45: APU 2,1 | B45: 2.1 | C45: Esta actividad consiste en la excavaciond e la estructura del pavimento necesaria para el bacheo y zonas peatonales sobre el area a intervenir (Incluye materiales, mano de obra y equipos). | D45: Excavacion Manual sin clasificar | E45: M3 | F45: 46 | G45: 49327 | H45: =+G45*F45 -> 2269042
A46: APU 2,2 | B46: 2.2 | C46: Esta actividad consiste en la adecuacion del area demolida para la intalacion del elemento correspondiente (Incluye Materiales, equipos y Mano de Obra) | D46: Conformacion de la superficie existente | E46: M3 | F46: 386 | G46: 2033 | H46: =+G46*F46 -> 784738
A47: Subtotal | H47: =SUM(H45:H46) -> 3053780
A48: 3 | B48: ESTRUCTURAS
A49: APU 3,1 | B49: 3.1 | C49: Esta actividad consiste en la instalacion de ante piso para la instalacion de losas tactiles en el inicio de las zonas peatonales en adoquin (Incluye Materiales, equipos y Mano de Obra) | D49: Antepiso e= 0,05 para instalacion losa Tactil | E49: M2 | F49: 20 | G49: 44308 | H49: =+G49*F49 -> 886160
A50: APU 3,2 | B50: 3.2 | C50: Esta actividad consiste en la instalacion de losas losas tactiles en el inicio de las zonas peatonales en adoquin (Incluye Materiales, equipos y Mano de Obra) | D50: Suminsitro e Instalacion de Losa Tactil | E50: M2 | F50: 20 | G50: 108817 | H50: =+G50*F50 -> 2176340
A51: APU 3,3 | B51: 3.3 | C51: Esta actividad consiste en la instalacion del adoquin de acuerdo a lo establecido en la actividad y APU (Incluye Materiales, equipos y Mano de Obra) | D51: Adoquín en arcilla 6 cm incluye arena de soporte y sellado | E51: M2 | F51: 198 | G51: 137730 | H51: =+G51*F51 -> 27270540
A52: APU 3,4 | B52: 3.4 | C52: Esta actividad consiste en la instalacion del adoquin de acuerdo a lo establecido en la actividad y APU (Incluye Materiales, equipos y Mano de Obra) | D52: Bordillo Confinamiento en concreto (incluye refuerzo) | E52: ML | F52: 396 | G52: 30710 | H52: =+G52*F52 -> 12161160
A53: Subtotal | H53: =SUM(H49:H52) -> 42494200
A54: 4 | B54: DEMARCACION Y SEÑALIZACION VIAL
A55: APU 4,1 | B55: 4.1 | C55: Esta actividad Consisten en la demarcacion vial que se encuentra desgastaba sobre el area a intervenir (Incluye materiales, mano de obra y equipos). | D55: Linea de Demarcacion vial con Pintura Trafico (Ancho 12 Cm) | E55: ML | F55: 3069 | G55: 5599 | H55: =+G55*F55 -> 17183331
A56: APU 4,13 | B56: 4.2 | C56: Esta actividad Consisten en la demarcacion vial que se encuentra desgastaba sobre el area a intervenir (Incluye materiales, mano de obra y equipos). | D56: Linea de Demarcacion vial con Pintura Trafico (Ancho 30 Cm) | E56: ML | F56: 330 | G56: 5104 | H56: =+G56*F56 -> 1684320
A57: APU 4,14 | B57: 4.3 | C57: Esta actividad Consisten en la demarcacion vial que se encuentra desgastaba sobre el area a intervenir (Incluye materiales, mano de obra y equipos). | D57: Linea de Demarcacion vial con Pintura Trafico (Ancho 40 Cm) | E57: ML | F57: 246 | G57: 6958 | H57: =+G57*F57 -> 1711668
A58: APU 415 | B58: 4.4 | C58: Esta actividad Consisten en la demarcacion vial que se encuentra desgastaba sobre el area a intervenir (Incluye materiales, mano de obra y equipos). | D58: Linea de Demarcacion vial con Pintura Trafico (Ancho 60 Cm) | E58: ML | F58: 198 | G58: 10610 | H58: =+G58*F58 -> 2100780
A59: APU 4,3 | B59: 4.5 | C59: Esta actividad Consisten en la demarcacion de piso de la delimitacion de la velocidad sobre el area a intervenir (Incluye materiales, mano de obra y equipos). | D59: Marca Vial con Pintura Trafico para demarcacion delimitacion de Velocidad. | E59: M2 | F59: 33 | G59: 46345 | H59: =+G59*F59 -> 1529385
A60: APU 4,4 | B60: 4.6 | C60: Esta actividad Consisten en la demarcacion de piso en la orientaciion vehicular sobre el area a intervenir (Incluye materiales, mano de obra y equipos). | D60: Marca Vial con Pintura Trafico para demarcacion felchas de orientacion Vehicular. | E60: M2 | F60: 81 | G60: 46345 | H60: =+G60*F60 -> 3753945
A61: APU 4,16 | B61: 4.7 | C61: Esta actividad Consisten en la demarcacion de vial exgonal de zona escolar sobre el area a intervenir (Incluye materiales, mano de obra y equipos). | D61: Marca Vial con Pintura Trafico personas en trafico peatonal | E61: M2 | F61: 88 | G61: 46345 | H61: =+G61*F61 -> 4078360
A62: APU 4,5 | B62: 4.8 | C62: Esta actividad Consisten en la demarcacion vial con Pintura Trafico para demarcacion zona Bicicletas sobre el area a intervenir (Incluye materiales, mano de obra y equipos). | D62: Marca Vial con Pintura Trafico para demarcacion zona Bicicletas | E62: M2 | F62: 40 | G62: 46345 | H62: =+G62*F62 -> 1853800
A63: APU 4,17 | B63: 4.9 | C63: Esta actividad Consisten en la demarcacion Vial con Pintura Trafico para demarcacion zonas peatonal sobre el area a intervenir (Incluye materiales, mano de obra y equipos). | D63: Marca Vial con Pintura Trafico para textos | E63: M2 | F63: 90 | G63: 46345 | H63: =+G63*F63 -> 4171050
A64: APU 4,21 | B64: 4.1 | C64: Esta actividad Consisten en la Pintura acabado artistico zona peatonal sobre el area a intervenir (Incluye materiales, mano de obra y equipos). | D64: Pintura acabado artistico zona peatonal | E64: M2 | F64: 311 | G64: 43670 | H64: =+G64*F64 -> 13581370
A65: APU 4,7 | B65: 4.11 | C65: Esta actividad Consisten en el Suminsitro e instalacion tacha Reflectiva sobre el area a intervenir (Incluye materiales, mano de obra y equipos). | D65: Suminsitro e instalacion tacha Reflectiva | E65: UND. | F65: 2148 | G65: 8924 | H65: =+G65*F65 -> 19168752
A66: APU 4,8 | B66: 4.12 | C66: Esta actividad Consisten en el Suminsitro e Intalacion de Hito Delineador o Señalizador Tubular Flexible 74cm sobre el area a intervenir (Incluye materiales, mano de obra y equipos). | D66: Suminsitro e Intalacion de Hito Delineador o Señalizador Tubular Flexible 74cm | E66: UND. | F66: 20 | G66: 56228 | H66: =+G66*F66 -> 1124560
... A68: APU 4,10 | B68: 4.14 | C68: Esta actividad Consisten en el Señal Vertical de transito Tipo 1 con lamina retroreflectiva Tipo III (75x75) cm sobre el area a intervenir (Incluye materiales, mano de obra y equipos). | D68: Señal Vertical de transito Tipo 1 con lamina retroreflectiva Tipo III (75x75) cm | E68: UND. | F68: 20 | G68: 486675 | H68: =+G68*F68 -> 9733500
A69: Subtotal | H69: =SUM(H55:H68) -> 88057701
A70: 3 | B70: OBRAS VIALES
A71: APU 3,6 | B71: 3.2 | C71: Esta actividad consiste en el suminsitro e instalacion de la Sub base Granular para Bacheo sobre el area a intervenir (Incluye materiales, mano de obra y equipos). | D71: Sub base Granular para Bacheo | E71: M3 | F71: 16 | G71: 71734 | H71: =+G71*F71 -> 1147744
A72: APU 3,7 | B72: 3.3 | C72: Esta actividad consiste en el suminsitro e instalacion del Riego de Imprimacion con emeulsion Asfaltica para Bacheo sobre el area a intervenir (Incluye materiales, mano de obra y equipos). | D72: Riego de Imprimacion con emeulsion Asfaltica | E72: M2 | F72: 104 | G72: 6105 | H72: =+G72*F72 -> 634920
A73: APU 3,8 | B73: 3.4 | C73: Esta actividad consiste en el Suministro e Intalacion Mezcla densa en Caliente MDC 19 - para bacheo sobre el area a intervenir (Incluye materiales, mano de obra y equipos). | D73: Suministro e Intalacion Mezcla densa en Caliente MDC 19 - para bacheo | E73: M3 | F73: 12 | G73: 592025 | H73: =+G73*F73 -> 7104300 | J73: =G73/1.3 -> 455403.85
A74: Subtotal | H74: =SUM(H71:H73) -> 8886964
A75: 4 | B75: OBRAS COMPLEMENTARIAS
A76: APU 5,1 | B76: 4.1 | C76: Esta actividad consiste en la realizacion del retiro de material producto de demoliciones y excavaciones (Incluye materiales y mano de obra). | D76: Retiro de Material Sobrante de Construccion | E76: M3 | F76: 81 | G76: 42172 | H76: =+G76*F76 -> 3415932
A77: Subtotal | H77: =+H76 -> 3415932 | L77: =+J77-K77 -> 0
A78: PROYECTO DE MOVILIDAD URBANA INTERSECCIÓN ANILLO VIAL, ENTRADA A LA FORTALEZA, SAN JOSE DE CUCUTA - NORTE DE SANTANDER
A79: 1 | B79: PRELIMINARES DE OBRA
A80: APU 1.1 | B80: 1.1 | C80: Esta actividad Consiste en la ubicación del area o las areas a intervenir las cuales son objeto de la intervencion (Incluye materiales, mano de obra y equipos). | D80: Localizacion y replanteo | E80: M2 | F80: 5796 | G80: 1438 | H80: =ROUND((G80*F80),0) -> 8334648
A81: Subtotal | H81: =SUM(H80:H80) -> 8334648
A82: 2 | B82: DEMARCACION Y SEÑALIZACION VIAL
A83: APU 4,1 | B83: 2.1 | C83: Esta actividad Consisten en la demarcacion vial que se encuentra desgastaba sobre el area a intervenir (Incluye materiales, mano de obra y equipos). | D83: Linea de Demarcacion vial con Pintura Trafico - Plastico en frio (Ancho 12 Cm) | E83: ML | F83: 3234 | G83: 5599 | H83: =ROUND((G83*F83),0) -> 18107166
A84: APU 4,18 | B84: 2.2 | C84: Esta actividad Consisten en la demarcacion vial que se encuentra desgastaba sobre el area a intervenir (Incluye materiales, mano de obra y equipos). | D84: Linea de Demarcacion vial con Pintura Trafico (Ancho 12 Cm - Amarillo) | E84: ML | F84: 1511 | G84: 2338 | H84: =ROUND((G84*F84),0) -> 3532718
A85: APU 4,3 | B85: 2.3 | C85: Esta actividad Consisten en la demarcacion de piso de la delimitacion de la velocidad desgastaba sobre el area a intervenir (Incluye materiales, mano de obra y equipos). | D85: Marca Vial con Pintura Trafico para demarcacion delimitacion de Velocidad. | E85: M2 | F85: 35 | G85: 46345 | H85: =ROUND((G85*F85),0) -> 1622075
A86: APU 4,4 | B86: 2.4 | C86: Esta actividad Consisten en la demarcacion de piso en la orientaciion vehicular desgastaba sobre el area a intervenir (Incluye materiales, mano de obra y equipos). | D86: Marca Vial con Pintura Trafico para demarcacion felchas de orientacion Vehicular. | E86: M2 | F86: 16 | G86: 46345 | H86: =ROUND((G86*F86),0) -> 741520
A87: APU 4,19 | B87: 2.5 | C87: Esta actividad Consisten en la demarcacion de piso zona peatonal en 3D desgastaba sobre el area a intervenir (Incluye materiales, mano de obra y equipos). | D87: Marca Vial con Pintura Trafico para demarcacion zonas peatonal en 3D | E87: M2 | F87: 35 | G87: 67130 | H87: =ROUND((G87*F87),0) -> 2349550
A88: APU 4,20 | B88: 2.6 | C88: Esta actividad Consisten en el construccion de un resalto en gravilla para la reduccion de velocidad en el area a intervenir para mejorar los pasos peatonales (Incluye materiales, mano de obra y equipos). | D88: Contruccion Resalto en Gravilla | E88: ML | F88: 211 | G88: 39731 | H88: =ROUND((G88*F88),0) -> 8383241
A89: APU 4,10 | B89: 2.7 | C89: Esta actividad Consisten en el Suminsitro e Intalacion de las señales de transito acorde a los planos (Incluye materiales, mano de obra y equipos). | D89: Señal Vertical de transito Tipo 1 con lamina retroreflectiva Tipo III (75x75) cm | E89: UND. | F89: 20 | G89: 486675 | H89: =+G89*F89 -> 9733500
A90: Subtotal | H90: =SUM(H83:H89) -> 44469770
A91: 3 | B91: OBRAS COMPLEMENTARIAS
A92: APU 5,1 | B92: 3.1 | C92: Esta actividad consiste en la realizacion del aseo general en las areas afectadas por las intervenciones arquitectonicas (Incluye materiales y mano de obra). | D92: Retiro de Material Sobrante de Construccion | E92: M3 | F92: 8.42 | G92: 42172 | H92: =ROUND((G92*F92),0) -> 355088
A93: Subtotal | H93: =SUM(H92) -> 355088 | L93: =+J93-K93 -> 0
A94: PROYECTO DE MOVILIDAD URBANA INTERSECCIÓN RETORNO IGLESIA LA CANDELARIA, AV 7 SEVILLA, MUNICIPIO DE SAN JOSE DE CUCUTA – NORTE DE SANTANDER
A95: 1 | B95: PRELIMINARES DE OBRA
A96: APU 1.1 | B96: 1.1 | C96: Esta actividad Consiste en la ubicación del area o las areas a intervenir las cuales son objeto de la intervencion (Incluye materiales, mano de obra y equipos). | D96: Localizacion y replanteo | E96: M2 | F96: 3177 | G96: 1438 | H96: =ROUND((G96*F96),0) -> 4568526
A97: APU 1,2 | B97: 1.2 | C97: Esta actividad Consiste en la demolicion manual de la interseccion a cancelar para la construccion de el anden de separacion (Incluye materiales, mano de obra y equipos). | D97: Demolicion manual en Asfalto | E97: M2 | F97: 99 | G97: 14935 | H97: =ROUND((G97*F97),0) -> 1478565
A98: APU 1,3 | B98: 1.3 | C98: Esta actividad Consiste en el corte de las areas a demoler de pavimento para la construccion del anden para la cancelacion de la interseccion (Incluye materiales, mano de obra y equipos). | D98: Corte de Pavimento | E98: ML | F98: 79 | G98: 7660 | H98: =ROUND((G98*F98),0) -> 605140
A99: APU 1,4 | B99: 1.4 | C99: Esta actividad Coniste en la demolicion de unos tramos del bordillo exetente con e objetivo de amarrar y traslapar para la contruccion del nuevo bordillo | D99: Demolicion de Bordillo en Concreto | E99: ML | F99: 9 | G99: 4792 | H99: =ROUND((G99*F99),0) -> 43128
A100: Subtotal | H100: =SUM(H96:H99) -> 6695359
A101: 2 | B101: EXCAVACIONES Y RELLENOS
...
